Workbook
Name _________AFC1: #REF!
Name _________AFC3: #REF!
Name _________AFC5: #REF!
Name _________BGC1: #REF!
Name _________BGC3: #REF!
Name _________BGC5: #REF!
Name _________CAC1: #REF!
Name _________CAC3: #REF!
Name _________CAC5: #REF!
Name _________PJ50: #REF!
Name _________PJ50: #REF!
Name _________PJ50: #REF!
Name _________PJ50: #REF!
Name _________PJ50: #REF!
Name _________PJ50: #REF!
Name _________PJ50: #REF!
Name _________PJ50: #REF!
Name _________PJ50: #REF!
Name _________PJ50: #REF!
Name _________PJ50: #REF!
Name _________PJ50: #REF!
Name _________PJ50: #REF!
Name _________PJ50: #REF!
Name _________PJ50: #REF!
Name _________PJ50: #REF!
Name _________PJ50: #REF!
Name _________PJ50: #REF!
Name _________PJ50: #REF!
Name _________PJ50: #REF!
Name _________PJ50: #REF!
Name _________PJ50: #REF!
Name _________PJ50: #REF!
Name _________PJ50: #REF!
Name _________PJ50: #REF!
Name _________PJ50: #REF!
Name _________PJ50: #REF!
Name _________PJ50: #REF!
Name _________PJ50: #REF!
Name _________PJ50: #REF!
Name _________PJ50: #REF!
Name _________PJ50: #REF!
Name _________PJ50: #REF!
Name _________PJ50: #REF!
Name _________PJ50: #REF!
Name _________PJ50: #REF!
Name _________PJ50: #REF!
Name _________PJ50: #REF!
Name _________PJ50: #REF!
Name _________PJ50: #REF!
Name _________PJ50: #REF!
Name _________PJ50: #REF!
Name _________PJ50: #REF!
Name _________PJ50: #REF!
Name _________PJ50: #REF!
Name _________PJ50: #REF!
Name _________PJ50: #REF!
Name _________PJ50: #REF!
Name _________PJ50: #REF!
Name _________PJ50: #REF!
Name _________PJ50: #REF!

Sheet PRESUPUESTO OFICIAL (Entidad)
B1: Formulario 1 - Propuesta económica - Documento tipo de selección abreviada de menor cuantía - versión 1
B2: Versión: 1 del 21 de agosto de 2025
C5: FORMULARIO 1
C6: PRESUPUESTO OFICIAL
C7: [La entidad puede utilizar este formulario de detalle del presupuesto oficial para determinar las condiciones bajo las cuales los proponentes analizarán y presentarán su propuesta económica de forma detallada, sin perjuicio que la entidad pueda modificarlo o establecer la presentación de la oferta económica con un formulario distinto al indicado.]
C9: Adicionalmente, cuando el proceso de contratación es estructurado por precios unitarios, la Entidad debe aplicar las notas 1, 2 y 3 del presente formulario y las casillas de "Descripción", "Porcentaje" de la Administración, Imprevisto, Utilidad y total A.I.U. resaltadas en colo amarillo. Tratándose de otras modalidades de precio, la Entidad puede o no configurar los mismos aspectos.
C11: Nº | D11: ITEM DE PAGO | E11: ESPECIFICACIONES | G11: DESCRIPCION | H11: UND. | I11: CANTIDAD | J11: VALOR UNITARIO | K11: VALOR TOTAL
E12: GENERAL | F12: PARTICULAR
C13: PROYECTO SALÓN COMUNAL GRAN COLOMBIA
C14: 1. | G14: ACTIVIDADES PRELIMINARES
C15: 1.01 | G15: CERRAMIENTO PROVISIONAL CON LISTONES DE MADERA Y TELA VERDE DE PROPILENO | H15: ML | I15: 62.399471 | J15: =+'ITEM DE PAGO 1,01'!O69 -> 47218 | K15: =ROUND(I15*J15,0) -> 2946378
C16: 1.02 | G16: LOCALIZACIÓN Y REPLANTEO | H16: M2 | I16: 211.536 | J16: =+'ITEM DE PAGO 1,02'!O69 -> 8483 | K16: =ROUND(I16*J16,0) -> 1794460
C17: 1.03 | G17: DESCAPOTE MANUAL | H17: M2 | I17: 211.536 | J17: =+'ITEM DE PAGO 1,03'!O69 -> 48385 | K17: =ROUND(I17*J17,0) -> 10235169
C18: 1.04 | G18: EXCAVACIÓN MANUAL SIN CLASIFICAR | H18: M3 | I18: 52.184137 | J18: =+'ITEM DE PAGO 1,04'!O69 -> 127947 | K18: =ROUND(I18*J18,0) -> 6676804
C19: 1.05 | G19: RELLENO CON MATERIAL GRANULAR BG-1 1/2" VIBROCOMPACTADO MANUAL | H19: M3 | I19: 26.173262 | J19: =+'ITEM DE PAGO 1,05'!O70 -> 197907 | K19: =ROUND(I19*J19,0) -> 5179872
C20: Subtotal | K20: =SUM(K15:K19) -> 26832683
C21: 2. | G21: CIMIENTOS, PISOS Y ESTRUCTURAS EN CONCRETO
C22: 2.01 | G22: SOLADO EN CONCRETO 14.0 MPa TM 1" | H22: M2 | I22: 43.353 | J22: =+'ITEM DE PAGO 2,01'!O69 -> 88206 | K22: =ROUND(I22*J22,0) -> 3823995
C23: 2.02 | G23: CONCRETO DE ZAPATA 21 MPA | H23: M3 | I23: 3.456 | J23: =+'ITEM DE PAGO 2,02'!O69 -> 1414716 | K23: =ROUND(I23*J23,0) -> 4889258
C24: 2.03 | G24: CONCRETO CICLÓPEO | H24: M3 | I24: 2.7414 | J24: =+'ITEM DE PAGO 2,03'!O69 -> 1064421 | K24: =ROUND(I24*J24,0) -> 2918004
C25: 2.04 | G25: CONCRETO DE VIGAS DE AMARRE 21 MPA | H25: M3 | I25: 9.207275 | J25: =+'ITEM DE PAGO 2,04'!O69 -> 1799577 | K25: =ROUND(I25*J25,0) -> 16569200
C26: 2.05 | G26: CONCRETO DE COLUMNAS (0,3 X 0,3)M 21MPA | H26: M3 | I26: 3.8646 | J26: =+'ITEM DE PAGO 2,05'!O69 -> 1720132 | K26: =ROUND(I26*J26,0) -> 6647622
C27: 2.06 | G27: CONCRETO DE VIGAS AEREAS 21 MPA | H27: M3 | I27: 5.05295 | J27: =+'ITEM DE PAGO 2,06'!O71 -> 1819866 | K27: =ROUND(I27*J27,0) -> 9195692
C28: 2.07 | G28: VIGA SOBRE MURO EN CONCRETO 12X20 CMS 21 MPA (INCLUYE REFUERZO) | H28: ML | I28: 82.87 | J28: =+'ITEM DE PAGO 2,07'!O69 -> 189443 | K28: =ROUND(I28*J28,0) -> 15699141
C29: 2.08 | G29: CONCRETO TARIMA D21 MPA | H29: M2 | I29: 18.827146 | J29: =+'ITEM DE PAGO 2,08'!O69 -> 251822 | K29: =ROUND(I29*J29,0) -> 4741089
C30: 2.09 | G30: ESCALERAS EN CONCRETO | H30: UND | I30: 1.0017 | J30: =+'ITEM DE PAGO 2,09'!O69 -> 446835 | K30: =ROUND(I30*J30,0) -> 447595
C31: 2.1 | G31: ACERO DE REFUERZO fy:4200 kg/cm FIGURADO (INCLUYE ALAMBRE NEGRO FIGURADO) | H31: KG | I31: 3237.7743 | J31: =+'ITEM DE PAGO 2,10'!O69 -> 16083 | K31: =ROUND(I31*J31,0) -> 52073123
C32: 2.11 | G32: PLACA DE PISO EN CONCRETO 21 MPA e=0,12m | H32: M2 | I32: 189.03385 | J32: =+'ITEM DE PAGO 2,11'!O69 -> 211121 | K32: =ROUND(I32*J32,0) -> 39909016
C33: 2.12 | G33: MALLA ELECTROSOLDADA 6MM DE 15*15 CM | H33: M2 | I33: 207.861 | J33: =+'ITEM DE PAGO 2,12'!O69 -> 32027 | K33: =ROUND(I33*J33,0) -> 6657164
C34: 2.13 | G34: ANTEPISO E=0.05M | H34: M2 | I34: 189.03385 | J34: =+'ITEM DE PAGO 2,13'!O69 -> 79335 | K34: =ROUND(I34*J34,0) -> 14997001
C35: 2.14 | G35: PLACA MACIZA H=0.10M 21MPA | H35: M2 | I35: 17.4816 | J35: =+'ITEM DE PAGO 2,14'!O72 -> 268774 | K35: =ROUND(I35*J35,0) -> 4698600
C36: 2.15 | G36: MESON EN CONCRETO | H36: M2 | I36: 2.34 | J36: =+'ITEM DE PAGO 2,15'!O69 -> 321327 | K36: =ROUND(I36*J36,0) -> 751905
C37: 2.16 | G37: JARDINERA | H37: ML | I37: 4.27 | J37: =+'ITEM DE PAGO 2,16'!O69 -> 69732 | K37: =ROUND(I37*J37,0) -> 297756
C38: 2.17 | G38: RAMPA PARA DISCAPACITADOS | H38: M2 | I38: 1.017 | J38: =+'ITEM DE PAGO 2,17'!O69 -> 233885 | K38: =ROUND(I38*J38,0) -> 237861
C39: Subtotal | K39: =SUM(K22:K38) -> 184554022
C40: 3. | G40: MAMPOSTERIA Y PAÑETE
C41: 3.01 | G41: MURO EN LADRILLO DE OBRA A LA VISTA E =0,12 | H41: M2 | I41: 186.04055 | J41: =+'ITEM DE PAGO 3,01'!O69 -> 185814 | K41: =ROUND(I41*J41,0) -> 34568939
C42: 3.02 | G42: PAÑETES SOBRE MURO 1:4 | H42: M2 | I42: 302.1354 | J42: =+'ITEM DE PAGO 3,02'!O69 -> 63258 | K42: =ROUND(I42*J42,0) -> 19112481
C43: 3.03 | G43: MURO EN BLOQUE N°5 ROSADO B=0.10M | H43: M2 | I43: 24.848 | J43: =+'ITEM DE PAGO 3,03'!O69 -> 95778 | K43: =ROUND(I43*J43,0) -> 2379892
C44: Subtotal | K44: =SUM(K41:K43) -> 56061312
C45: 4. | G45: CARPINTERÍA METALICA, PUERTA Y CERRADURA
C46: 4.01 | G46: PUERTA METALICA INCLUYE CERRADURA Y MARCO 0,80M | H46: M2 | I46: 5 | J46: =+'ITEM DE PAGO 4,01'!O69 -> 1049703 | K46: =ROUND(I46*J46,0) -> 5248515
C47: Subtotal | K47: =SUM(K46) -> 5248515
C48: 5. | G48: REDES HIDROSANITARIAS, AGUAS LLUVIAS Y ACCESORIOS
C49: 5.01 | G49: SUMINISTRO E INSTLACION DE PUNTO HIDRAULICO | H49: UND | I49: 7 | J49: =+'ITEM DE PAGO 5,01'!O77 -> 107906 | K49: =ROUND(I49*J49,0) -> 755342
C50: 5.02 | G50: TUBERIA AGUA PRESION PVC 1/2" | H50: ML | I50: 40.3 | J50: =+'ITEM DE PAGO 5,02'!O69 -> 39974 | K50: =ROUND(I50*J50,0) -> 1610952
C51: 5.03 | G51: REGISTRO DE 1/2" | H51: UND | I51: 1 | J51: =+'ITEM DE PAGO 5,03'!O69 -> 120289 | K51: =ROUND(I51*J51,0) -> 120289
C52: 5.04 | G52: REGISTRO DE 3/4" | H52: UND | I52: 1 | J52: =+'ITEM DE PAGO 5,04'!O69 -> 125217 | K52: =ROUND(I52*J52,0) -> 125217
C53: 5.05 | G53: SUMINISTRO E INSTALACION DE TANQUE ELEVADO plastico de 2000 litros (incluye accesorios como: cheques, uniones y todos los accesorios que sean necesarios para su buen funcionamiento) | H53: UND | I53: 2 | J53: =+'ITEM DE PAGO 5,05'!O69 -> 1974212 | K53: =ROUND(I53*J53,0) -> 3948424
C54: 5.06 | G54: SALIDAS SANITARIAS PVC-S Ø3" - Ø4" | H54: UND | I54: 10 | J54: =+'ITEM DE PAGO 5,06'!O69 -> 153518 | K54: =ROUND(I54*J54,0) -> 1535180
C55: 5.07 | G55: TUBERIA AGUAS SERVIDAS PVC D = 2" | H55: ML | I55: 12 | J55: =+'ITEM DE PAGO 5,07'!O69 -> 61310 | K55: =ROUND(I55*J55,0) -> 735720
C56: 5.08 | G56: TUBERIA AGUAS SERVIDAS PVC D = 4" | H56: ML | I56: 40 | J56: =+'ITEM DE PAGO 5,08'!O69 -> 100501 | K56: =ROUND(I56*J56,0) -> 4020040
C57: 5.09 | G57: VIGA CANAL B=25 CM | H57: ML | I57: 41.6 | J57: =+'ITEM DE PAGO 5,09'!O69 -> 178567 | K57: =ROUND(I57*J57,0) -> 7428387
C58: 5.1 | G58: PUNTO AGUAS LLUVIAS DIAMETRO DE 3" EN PVC | H58: UND | I58: 2 | J58: =+'ITEM DE PAGO 5,10'!O71 -> 135616 | K58: =ROUND(I58*J58,0) -> 271232
C59: 5.11 | G59: BAJANTE AGUAS LLUVIAS DIAMETRO DE 3" EN PVC | H59: ML | I59: 6 | J59: =+'ITEM DE PAGO 5,11'!O69 -> 62670 | K59: =ROUND(I59*J59,0) -> 376020
C60: 5.12 | G60: CAJA INSPECCIÓN EN CONCRETO DE 70X70X90 E=0,05 M TAPA EN CONCRETO REFORZADO (3/8"@0,10M EN AMBOS SENTIDOS, DIMENSIONES TAPA 70X70) | H60: UND | I60: 1 | J60: =+'ITEM DE PAGO 5,12'!O69 -> 884813 | K60: =ROUND(I60*J60,0) -> 884813
C61: 5.13 | G61: REJILLA CORRIENTE | H61: UND | I61: 2 | J61: =+'ITEM DE PAGO 5,13'!O69 -> 50594 | K61: =ROUND(I61*J61,0) -> 101188
C62: 5.14 | G62: PRUEBAS HIDRAULICAS | H62: UND | I62: 7 | J62: =+'ITEM DE PAGO 5,14'!O69 -> 740004 | K62: =ROUND(I62*J62,0) -> 5180028
C63: 5.15 | G63: SUMINISTRO E INSTALACIÓN DE SIFON PVC SANITARIA 2" | H63: UND | I63: 2 | J63: =+'ITEM DE PAGO 5,15'!O69 -> 47338 | K63: =ROUND(I63*J63,0) -> 94676
C64: 5.16 | G64: EXTINTOR MANUAL | H64: UND | I64: 2 | J64: =+'ITEM DE PAGO 5,16'!O69 -> 588101 | K64: =ROUND(I64*J64,0) -> 1176202
C65: 5.17 | G65: SUMINISTRO DE MATERIALES E INSTALACION DE CAJA CON TAPA REGISTROS PLASTICA DE 20X20. | H65: UND | I65: 2 | J65: =+'ITEM DE PAGO 5,17'!O69 -> 84036 | K65: =ROUND(I65*J65,0) -> 168072
C66: 5.18 | G66: SUMINISTRO E INSTALACION DE APARATO SANITARIO DE UNA PIEZA TIPO SAN GIORGO O SIMILAR EN PORCELANA SANITARIA ALONGADO, BAJO CONSUMO DE AGUA CONTROL AZUL, INCLUYE ASIENTO DE CIERRE SUAVE Y GRIFERIA ESTANDAR CON ACOPLES DE DESCARGA A PRESION , VALVULA ANTISIFON HIDROSTATICA COLOR A ESCOGER CALIDAD 1a. | H66: UND | I66: 2 | J66: =+'ITEM DE PAGO 5,18'!O69 -> 917810 | K66: =ROUND(I66*J66,0) -> 1835620
C67: 5.19 | G67: SUMINISTRO E INSTALACION DE LAVAMANOS | H67: UND | I67: 2 | J67: =+'ITEM DE PAGO 5,19'!O69 -> 370575 | K67: =ROUND(I67*J67,0) -> 741150
C68: Subtotal | K68: =SUM(K49:K67) -> 31108552
C69: 6. | G69: RED ELECTRICA , ILUMINACION Y AIRES ACONDICIONADOS
C70: 6.01 | G70: SALIDA PARA TOMA REGULADO 110v | H70: UND | I70: 13 | J70: =+'ITEM DE PAGO 6,01'!O72 -> 290735 | K70: =ROUND(I70*J70,0) -> 3779555
C71: 6.02 | G71: SALIDA PARA TOMA CORRIENTE AIRE ACONDICIONADO | H71: UND | I71: 4 | J71: =+'ITEM DE PAGO 6,02'!O70 -> 353754 | K71: =ROUND(I71*J71,0) -> 1415016
C72: 6.03 | G72: SUMINISTRO E INSTALACION TOMA CORRIENTE GFCI | H72: UND | I72: 3 | J72: =+'ITEM DE PAGO 6,03'!O75 -> 343294 | K72: =ROUND(I72*J72,0) -> 1029882
C73: 6.04 | G73: SALIDA LUMINARIAS | H73: UND | I73: 22 | J73: =+'ITEM DE PAGO 6,04'!O73 -> 283123 | K73: =ROUND(I73*J73,0) -> 6228706
C74: 6.05 | G74: SUMINISTRO E INSTALACION PANEL LED 30CM x 120CM 40W 3200 LM | H74: UND | I74: 12 | J74: =+'ITEM DE PAGO 6,05'!O69 -> 343111 | K74: =ROUND(I74*J74,0) -> 4117332
C75: 6.06 | G75: SUMINISTRO E INSTALACION PANEL LED 30CM x 30CM 24W | H75: UND | I75: 8 | J75: =+'ITEM DE PAGO 6,06'!O69 -> 221611 | K75: =ROUND(I75*J75,0) -> 1772888
C76: 6.07 | G76: SUMINISTRO E INSTALACION FAROL EXTERIOR 100W | H76: UND | I76: 1 | J76: =+'ITEM DE PAGO 6,07'!O69 -> 248611 | K76: =ROUND(I76*J76,0) -> 248611
C77: 6.08 | G77: SUMINISTRO E INSTALACION LUZ BALA DE PISO PARA JARDINERA | H77: UND | I77: 2 | J77: =+'ITEM DE PAGO 6,08'!O69 -> 324548 | K77: =ROUND(I77*J77,0) -> 649096
C78: 6.09 | G78: TUBERÍA CONDUIT EMT GALVANIZADA 1/2" | H78: ML | I78: 60 | J78: =+'ITEM DE PAGO 6,09'!O69 -> 22328 | K78: =ROUND(I78*J78,0) -> 1339680
C79: 6.1 | G79: TUBERÍA CONDUIT PVC 3/4" | H79: ML | I79: 52 | J79: =+'ITEM DE PAGO 6,10'!O69 -> 16057 | K79: =ROUND(I79*J79,0) -> 834964
C80: 6.11 | G80: TUBERÍA CONDUIT PVC 1 1/2" | H80: ML | I80: 25 | J80: =+'ITEM DE PAGO 6,11'!O69 -> 35091 | K80: =ROUND(I80*J80,0) -> 877275
C81: 6.12 | G81: SUMINISTRO E INSTALACIÓN DE TABLERO DE DISTRIBUCIÓN BIFÁSICO 240 V, 18 CIRCUITOS, CON INTERRUPTOR PRINCIPAL 2P 60 A, PROTECCIONES TERMOMAGNÉTICAS RAMALES Y DPS TIPO 2 | H81: UND | I81: 1 | J81: =+'ITEM DE PAGO 6,12'!O71 -> 1759578 | K81: =ROUND(I81*J81,0) -> 1759578
C82: 6.13 | G82: SISTEMA PUESTA A TIERRA TABLERO | H82: UND | I82: 1 | J82: =+'ITEM DE PAGO 6,13'!O72 -> 1506306 | K82: =ROUND(I82*J82,0) -> 1506306
C83: 6.14 | G83: CONTADOR BIFASICO CON CAJA | H83: UND | I83: 1 | J83: =+'ITEM DE PAGO 6,14'!O69 -> 903853 | K83: =ROUND(I83*J83,0) -> 903853
C84: Subtotal | K84: =SUM(K70:K83) -> 26462742
C85: 7. | G85: ACABADOS
C86: 7.01 | G86: SUMINISTRO DE MATERIALES Y APLICACIÓN DE ESTUCO. INCLUYE FILOS | H86: M2 | I86: 302.1354 | J86: =+'ITEM DE PAGO 7,01'!O69 -> 41395 | K86: =ROUND(I86*J86,0) -> 12506895
C87: 7.02 | G87: SUMINISTRO DE MATERIALES Y APLICACIÓN DE TRES (3) MANOS DE PINTURA VINILICA PARA MUROS TIPO 1(INCLUYE RESANES) COLOR A ESCOGER. | H87: M2 | I87: 302.1354 | J87: =+'ITEM DE PAGO 7,02'!O69 -> 28000 | K87: =ROUND(I87*J87,0) -> 8459791
C88: Subtotal | K88: =SUM(K86:K87) -> 20966686
C89: 8 | G89: CUBIERTAS Y ESTRUCTURAS EN MADERA
C90: 8.01 | G90: TEJA DE GRES ESPAÑOLA GRANDE | H90: M2 | I90: 193.67152 | J90: =+'ITEM DE PAGO 8,01'!O69 -> 196436 | K90: =ROUND(I90*J90,0) -> 38044059
C91: 8.02 | G91: CABALLETE EN GRES | H91: ML | I91: 22 | J91: =+'ITEM DE PAGO 8,02'!O69 -> 62319 | K91: =ROUND(I91*J91,0) -> 1371018
C92: 8.03 | G92: Suministro e instalacion de correa metalica ( correa phrptr 3x1 1/2"x2.5mm ) | H92: ML | I92: 300.45 | J92: =+'ITEM DE PAGO 8,03'!O69 -> 119792 | K92: =ROUND(I92*J92,0) -> 35991506
C93: 8.04 | G93: Suministro e instalacion de correa metalica ( correa pte 120x120x4.00) | H93: ML | I93: 39.4 | J93: =+'ITEM DE PAGO 8,04'!O69 -> 229123 | K93: =ROUND(I93*J93,0) -> 9027446
C94: 8.05 | G94: Suministro e instalacion platina de sujeción porta-correa pl 76×100×3/16 | H94: UND | I94: 65 | J94: =+'ITEM DE PAGO 8,05'!O69 -> 45122 | K94: =ROUND(I94*J94,0) -> 2932930
C95: 8.06 | G95: CERCHA METALICA Perfil PTR 200x70x3mm | H95: UND | I95: 2 | J95: =+'ITEM DE PAGO 8,06'!O69 -> 5478852 | K95: =ROUND(I95*J95,0) -> 10957704
C96: 8.07 | G96: MACHIMBRE EN MADERA | H96: UND | I96: 193.6764 | J96: =+'ITEM DE PAGO 8,07'!O69 -> 90411 | K96: =ROUND(I96*J96,0) -> 17510477
C97: 8.08 | G97: MORTERO IMPERMEABLE E:0,04M | H97: M2 | I97: 7.747056 | J97: =+'ITEM DE PAGO 8,08'!O69 -> 57480 | K97: =ROUND(I97*J97,0) -> 445301
C98: 8.09 | G98: IMPERMEABILIZACION CON MANTO | H98: M2 | I98: 193.6764 | J98: =+'ITEM DE PAGO 8,09'!O69 -> 144593 | K98: =ROUND(I98*J98,0) -> 28004252
C99: Subtotal | K99: =SUM(K90:K98) -> 144284693
C100: 9 | G100: PISOS Y ENCHAPES
C101: 9.01 | G101: PISO EN TABLON DE GRES VITRIFICADO ROJA Y MORO 30X30 CMS | H101: M2 | I101: 34.498324 | J101: =+'ITEM DE PAGO 9,01'!O69 -> 141394 | K101: =ROUND(I101*J101,0) -> 4877856
C102: Subtotal | K102: =SUM(K101) -> 4877856
C103: 10 | G103: VARIOS
C104: 10.01 | G104: RETIRO DE ESCOMBROS Y SOBRANTES DE LA OBRA (LOS MUEBLES Y DEMAS ELEMENTOS QUE SEAN RECUPERABLES, EL CONTRATISTA LOS DEBERA ENVIAR AL SITIO QUE INDIQUE EL SUPERVISOR). | H104: M3 | I104: 36.779463 | J104: =+'ITEM DE PAGO 10,01'!O69 -> 49487 | K104: =ROUND(I104*J104,0) -> 1820105
...

Sheet PROPUESTA ECONOMICA(Proponente)
B1: Formulario 1 - Propuesta económica - Documento tipo de selección abreviada de menor cuantía - versión 1
B2: Versión: 1 del 21 de agosto de 2025
C5: FORMULARIO 1
C6: PROPUESTA ECONOMICA
C7: [La entidad puede utilizar este formulario de presentación de propuesta económica de forma detallada, sin perjuicio que la entidad pueda modificarlo o establecer la presentación de la oferta económica con un formulario distinto al indicado.] [Los proponentes emplearán el formulario establecido por la entidad para determinar su propuesta económica conforme al Formulario 1 - Presupuesto Oficial publicado por la Entidad] [En caso de modificar el formulario, es importante tener en cuenta que no se deben incluir causales de rechazo, reglas o parámetros contrarios a los definidos en el documento base. Los términos del proceso solo se encuentran en el Documento Base, por lo que la Entidad no deberá incluir ningún tipo de notas que se configuren en reglas contrarias a las definidas en dicho documento, las notas únicamente pueden ser aclaratorias para efectos del diligenciamiento del formato]
C9: Cuando el proceso de contratación es estructurado por precios unitarios, la Entidad debe aplicar las notas 1, 2 y 3 del presente formato y las casillas de "Descripción", "Porcentaje" de la Administración, Imprevisto, Utilidad y total A.I.U. resaltadas en color amarillo.
C11: Nº | D11: ITEM DE PAGO | E11: ESPECIFICACIONES | G11: DESCRIPCION | H11: UND. | I11: CANTIDAD | J11: VALOR UNITARIO | K11: VALOR TOTAL
E12: GENERAL | F12: PARTICULAR
C15: Subtotal
C21: Subtotal
C31: Subtotal
C36: Subtotal
C39: Subtotal
C40: SUBTOTAL OBRAS
G45: SUBTOTAL OBRAS (INCLUYE IVA)
G49: VALOR TOTAL
C52: NOTA 1: Se debe tener en cuenta que el PRECIO UNITARIO incluye el valor de A.I.U. | H52: DESCRIPCION | K52: PORCENTAJE
C53: NOTA 2: Cuando la fracción decimal del peso sea igual o superior a 5 se aproximara por exceso al número entero siguiente del peso y cuando la fracción decimal del peso sea inferior a 5 se aproximará por defecto al número entero del peso. | H53: ADMINISTRACION | J53: A= | K53: [Ofrecimiento del Proponente]
C54: NOTA 3: El A.I.U y su discriminación deben estar en porcentaje (%). | H54: IMPREVISTO | J54: I= | K54: [Ofrecimiento del Proponente]
H55: UTILIDAD | J55: U= | K55: [Ofrecimiento del Proponente]
H56: TOTAL A.I.U | J56: A.I.U.= | K56: [Ofrecimiento del Proponente]
G59: Firma del Proponente o de su Representante Legal

Sheet ITEM DE PAGO 1,01
B1: Formulario 1 - Propuesta económica - Documento tipo de selección abreviada de menor cuantía
B2: Versión: 1 del 21 de agosto de 2025
C5: [La entidad podrá utilizar este formato para la presentación de los análisis de precios unitarios el contratista en la oportunidad prevista en el numeral 8.2. del Documento Base]
D8: ALCALDIA DE VILLA DEL ROSARIO
L9: VERSIÓN
D10: PROYECTO SALÓN COMUNAL GRAN COLOMBIA
L11: PÁGINA | M11: 1 | N11: DE | O11: 1
D13: ANALISIS DE PRECIOS UNITARIOS
L15: FECHA | M15: DD | N15: MM | O15: AA
C21: DATOS ESPECÍFICOS
C23: ITEM | D23: DESCRIPCIÓN | M23: UNIDAD | O23: CANTIDAD
C24: 1.01 | D24: =VLOOKUP(C24,'PRESUPUESTO OFICIAL (Entidad)'!$C$15:$I$106,5,FALSE()) -> CERRAMIENTO PROVISIONAL CON LISTONES DE MADERA Y TELA VERDE DE PROPILENO | M24: =VLOOKUP(C24,'PRESUPUESTO OFICIAL (Entidad)'!$C$15:$I$106,6,FALSE()) -> ML | O24: =VLOOKUP(C24,'PRESUPUESTO OFICIAL (Entidad)'!$C$15:$I$106,7,FALSE()) -> 62.399471
C25: I. EQUIPO
C28: DESCRIPCIÓN | H28: MARCA | J28: TIPO | L28: TARIFA/HORA | M28: RENDIMIENTO | O28: Vr. UNITARIO
C31: HERRAMIENTA MENOR 5% | M31: 0.05 | O31: =O58*M31 -> 559.85
C32: SUBTOTAL $ | O32: =SUM(O29:O31) -> 559.85
C33: II. MATERIALES
C36: DESCRIPCIÓN | K36: UNIDAD | L36: CANTIDAD | M36: PRECIO UNIT. | O36: Vr. UNITARIO
C37: VARA COMUN | K37: UND | L37: 0.5 | M37: 24000 | O37: =L37*M37 -> 12000
C38: TELA VERDE DE CERRAMIENTO | K38: ML | L38: 1.05 | M38: 6500 | O38: =L38*M38 -> 6825
C39: GRPA DE 1” | K39: KG | L39: 0.4 | M39: 10985 | O39: =L39*M39 -> 4394
O40: =L40*M40 -> 0
C42: SUBTOTAL $ | O42: =SUM(O37:O41) -> 23219
C43: III. TRANSPORTES
C46: MATERIAL | J46: VOL. o PESO | K46: DISTANCIA | L46: M3 o Ton/Km | M46: TARIFA | O46: Vr. UNITARIO
C49: SUBTOTAL $ | O49: =SUM(O47:O48) -> 0
C50: IV. MANO DE OBRA
C53: TRABAJADOR | J53: JORNAL | K53: PRESTACIONES | L53: JORNAL TOTAL | M53: RENDIMIENTO | O53: Vr. UNITARIO
C54: 1 OFICIAL + AYUDANTE | J54: 300293 | K54: 1.13 | L54: 339331.09 | M54: 30.31 | O54: 11197
C58: SUBTOTAL $ | O58: =SUM(O54:O57) -> 11197
C60: TOTAL COSTO DIRECTO $ | O60: =ROUND(O32+O42+O49+O58,0) -> 34976
C61: V. COSTOS INDIRECTOS
C64: Descripción | L64: Porcentaje | M64: Valor Total
C65: ADMINISTRACION | L65: 0.3 | M65: =O60 -> 34976 | O65: =ROUND(L65*M65,0) -> 10493
C66: UTILIDAD | L66: 0.05 | M66: =O60 -> 34976 | O66: =ROUND(L66*M66,0) -> 1749
C67: SUBTOTAL $ | O67: =SUM(O65:O66) -> 12242
C69: Precio Unitario Total Aproximado al peso $ | O69: =ROUND(O60+O67,2) -> 47218
H72: Firma
H73: Nombre:
H74: Representante Legal del Contratista o su Apoderado
H75: Matricula No. :
C77: OBSERVACIONES INTERVENTORÍA
C79: APROBACIÓN POR INTERVENTORÍA
C80: Nota 1: Cuando se trate de Análisis de precios unitarios correspondientes a ítems de la propuesta económica aprobada, el Interventor aprueba el desglose de los componentes manteniendo el mismo precio unitario de cada ítem, cumpliendo con las especificaciones de construcción vigentes para el proyecto.
C82: Nota 2: Cuando se trate de Análisis de precios unitarios de ítems no previstos, el Interventor aprueba el desglose y precio unitario de cada ítem no previsto, exigiendo la aplicación de los costos correspondientes a insumos y tarifas de la propuesta económica inicial cuando estén contemplados, cumpliendo con las especificaciones de construcción vigente para el proyecto.
H85: Firma
H86: Nombre:
H87: Representante Legal del Interventor o su Apoderado
H88: Matricula No. :

Sheet ITEM DE PAGO 1,02
B1: Formulario 1 - Propuesta económica - Documento tipo de selección abreviada de menor cuantía
B2: Versión: 1 del 21 de agosto de 2025
C5: [La entidad podrá utilizar este formato para la presentación de los análisis de precios unitarios el contratista en la oportunidad prevista en el numeral 8.2. del Documento Base]
D8: ALCALDIA DE VILLA DEL ROSARIO
L9: VERSIÓN
D10: PROYECTO SALÓN COMUNAL GRAN COLOMBIA
L11: PÁGINA | M11: 1 | N11: DE | O11: 1
D13: ANALISIS DE PRECIOS UNITARIOS
L15: FECHA | M15: DD | N15: MM | O15: AA
C21: DATOS ESPECÍFICOS
C23: ITEM | D23: DESCRIPCIÓN | M23: UNIDAD | O23: CANTIDAD
C24: 1.02 | D24: =VLOOKUP(C24,'PRESUPUESTO OFICIAL (Entidad)'!$C$15:$I$106,5,FALSE()) -> LOCALIZACIÓN Y REPLANTEO | M24: =VLOOKUP(C24,'PRESUPUESTO OFICIAL (Entidad)'!$C$15:$I$106,6,FALSE()) -> M2 | O24: =VLOOKUP(C24,'PRESUPUESTO OFICIAL (Entidad)'!$C$15:$I$106,7,FALSE()) -> 211.536
C25: I. EQUIPO
C28: DESCRIPCIÓN | H28: MARCA | J28: TIPO | L28: TARIFA/HORA | M28: RENDIMIENTO | O28: Vr. UNITARIO
C29: EQUIPO DE TOPOGRAFIA | J29: DU | L29: 103500 | M29: 250 | O29: 414
C31: HERRAMIENTA MENOR 5% | M31: 0.05 | O31: =O58*M31 -> 203.6
C32: SUBTOTAL $ | O32: =SUM(O29:O31) -> 617.6
C33: II. MATERIALES
C36: DESCRIPCIÓN | K36: UNIDAD | L36: CANTIDAD | M36: PRECIO UNIT. | O36: Vr. UNITARIO
C37: VARA COMUN 4M | K37: UND | L37: 0.04 | M37: 24000 | O37: =L37*M37 -> 960
C38: TABLA CHAPA ORDINARIO 0,02X0,3X3M | K38: ML | L38: 0.0233 | M38: 22231 | O38: =ROUND(L38*M38,0) -> 518
C39: PUNTILLA 1” | K39: KG | L39: 0.02 | M39: 5800 | O39: =L39*M39 -> 116
O40: =L40*M40 -> 0
C42: SUBTOTAL $ | O42: =SUM(O37:O41) -> 1594
C43: III. TRANSPORTES
C46: MATERIAL | J46: VOL. o PESO | K46: DISTANCIA | L46: M3 o Ton/Km | M46: TARIFA | O46: Vr. UNITARIO
C49: SUBTOTAL $ | O49: =SUM(O47:O48) -> 0
C50: IV. MANO DE OBRA
C53: TRABAJADOR | J53: JORNAL | K53: PRESTACIONES | L53: JORNAL TOTAL | M53: RENDIMIENTO | O53: Vr. UNITARIO
C54: TOPOGRAFO | J54: 216211 | K54: 1.13 | L54: 244318.43 | M54: 100 | O54: 2443
C55: CADENERO | J55: 144141 | K55: 113 | L55: 162879.33 | M55: 100 | O55: 1629
C58: SUBTOTAL $ | O58: =SUM(O54:O57) -> 4072
C60: TOTAL COSTO DIRECTO $ | O60: =ROUND(O32+O42+O49+O58,0) -> 6284
C61: V. COSTOS INDIRECTOS
C64: Descripción | L64: Porcentaje | M64: Valor Total
C65: ADMINISTRACION | L65: 0.3 | M65: =O60 -> 6284 | O65: =ROUND(L65*M65,0) -> 1885
C66: UTILIDAD | L66: 0.05 | M66: =O60 -> 6284 | O66: =ROUND(L66*M66,0) -> 314
C67: SUBTOTAL $ | O67: =SUM(O65:O66) -> 2199
C69: Precio Unitario Total Aproximado al peso $ | O69: =ROUND(O60+O67,2) -> 8483
H72: Firma
H73: Nombre:
H74: Representante Legal del Contratista o su Apoderado
H75: Matricula No. :
C77: OBSERVACIONES INTERVENTORÍA
C79: APROBACIÓN POR INTERVENTORÍA
C80: Nota 1: Cuando se trate de Análisis de precios unitarios correspondientes a ítems de la propuesta económica aprobada, el Interventor aprueba el desglose de los componentes manteniendo el mismo precio unitario de cada ítem, cumpliendo con las especificaciones de construcción vigentes para el proyecto.
C82: Nota 2: Cuando se trate de Análisis de precios unitarios de ítems no previstos, el Interventor aprueba el desglose y precio unitario de cada ítem no previsto, exigiendo la aplicación de los costos correspondientes a insumos y tarifas de la propuesta económica inicial cuando estén contemplados, cumpliendo con las especificaciones de construcción vigente para el proyecto.
H85: Firma
H86: Nombre:
H87: Representante Legal del Interventor o su Apoderado
H88: Matricula No. :

Sheet ITEM DE PAGO 1,03
B1: Formulario 1 - Propuesta económica - Documento tipo de selección abreviada de menor cuantía
B2: Versión: 1 del 21 de agosto de 2025
C5: [La entidad podrá utilizar este formato para la presentación de los análisis de precios unitarios el contratista en la oportunidad prevista en el numeral 8.2. del Documento Base]
D8: ALCALDIA DE VILLA DEL ROSARIO
L9: VERSIÓN
D10: PROYECTO SALÓN COMUNAL GRAN COLOMBIA
L11: PÁGINA | M11: 1 | N11: DE | O11: 1
D13: ANALISIS DE PRECIOS UNITARIOS
L15: FECHA | M15: DD | N15: MM | O15: AA
C21: DATOS ESPECÍFICOS
C23: ITEM | D23: DESCRIPCIÓN | M23: UNIDAD | O23: CANTIDAD
C24: 1.03 | D24: =VLOOKUP(C24,'PRESUPUESTO OFICIAL (Entidad)'!$C$15:$I$106,5,FALSE()) -> DESCAPOTE MANUAL | M24: =VLOOKUP(C24,'PRESUPUESTO OFICIAL (Entidad)'!$C$15:$I$106,6,FALSE()) -> M2 | O24: =VLOOKUP(C24,'PRESUPUESTO OFICIAL (Entidad)'!$C$15:$I$106,7,FALSE()) -> 211.536
C25: I. EQUIPO
C28: DESCRIPCIÓN | H28: MARCA | J28: TIPO | L28: TARIFA/HORA | M28: RENDIMIENTO | O28: Vr. UNITARIO
C29: RETROEXCAVADORA | J29: DU | L29: 200000 | M29: 50 | O29: 4000
C31: HERRAMIENTA MENOR 5% | M31: 0.05 | O31: =O58*M31 -> 1278.15
C32: SUBTOTAL $ | O32: =SUM(O29:O31) -> 5278.15
C33: II. MATERIALES
C36: DESCRIPCIÓN | K36: UNIDAD | L36: CANTIDAD | M36: PRECIO UNIT. | O36: Vr. UNITARIO
C42: SUBTOTAL $ | O42: =SUM(O37:O41) -> 0
C43: III. TRANSPORTES
C46: MATERIAL | J46: VOL. o PESO | K46: DISTANCIA | L46: M3 o Ton/Km | M46: TARIFA | O46: Vr. UNITARIO
C47: volqueta | L47: 0.02 | M47: 250000 | O47: =+L47*M47 -> 5000
C49: SUBTOTAL $ | O49: =SUM(O47:O48) -> 5000
C50: IV. MANO DE OBRA
C53: TRABAJADOR | J53: JORNAL | K53: PRESTACIONES | L53: JORNAL TOTAL | M53: RENDIMIENTO | O53: Vr. UNITARIO
C54: AYUDANTE | J54: 120117 | K54: 1.13 | L54: =+J54*K54 -> 135732.21 | M54: 5.3097136 | O54: =+L54/M54 -> 25563
C58: SUBTOTAL $ | O58: =SUM(O54:O57) -> 25563
C60: TOTAL COSTO DIRECTO $ | O60: =ROUND(O32+O42+O49+O58,0) -> 35841
C61: V. COSTOS INDIRECTOS
C64: Descripción | L64: Porcentaje | M64: Valor Total
C65: ADMINISTRACION | L65: 0.3 | M65: =O60 -> 35841 | O65: =ROUND(L65*M65,0) -> 10752
C66: UTILIDAD | L66: 0.05 | M66: =O60 -> 35841 | O66: =ROUND(L66*M66,0) -> 1792
C67: SUBTOTAL $ | O67: =SUM(O65:O66) -> 12544
C69: Precio Unitario Total Aproximado al peso $ | O69: =ROUND(O60+O67,2) -> 48385
H72: Firma
H73: Nombre:
H74: Representante Legal del Contratista o su Apoderado
H75: Matricula No. :
C77: OBSERVACIONES INTERVENTORÍA
C79: APROBACIÓN POR INTERVENTORÍA
C80: Nota 1: Cuando se trate de Análisis de precios unitarios correspondientes a ítems de la propuesta económica aprobada, el Interventor aprueba el desglose de los componentes manteniendo el mismo precio unitario de cada ítem, cumpliendo con las especificaciones de construcción vigentes para el proyecto.
C82: Nota 2: Cuando se trate de Análisis de precios unitarios de ítems no previstos, el Interventor aprueba el desglose y precio unitario de cada ítem no previsto, exigiendo la aplicación de los costos correspondientes a insumos y tarifas de la propuesta económica inicial cuando estén contemplados, cumpliendo con las especificaciones de construcción vigente para el proyecto.
H85: Firma
H86: Nombre:
H87: Representante Legal del Interventor o su Apoderado
H88: Matricula No. :

Sheet ITEM DE PAGO 1,04
B1: Formulario 1 - Propuesta económica - Documento tipo de selección abreviada de menor cuantía
B2: Versión: 1 del 21 de agosto de 2025
C5: [La entidad podrá utilizar este formato para la presentación de los análisis de precios unitarios el contratista en la oportunidad prevista en el numeral 8.2. del Documento Base]
D8: ALCALDIA DE VILLA DEL ROSARIO
L9: VERSIÓN
D10: PROYECTO SALÓN COMUNAL GRAN COLOMBIA
L11: PÁGINA | M11: 1 | N11: DE | O11: 1
D13: ANALISIS DE PRECIOS UNITARIOS
L15: FECHA | M15: DD | N15: MM | O15: AA
C21: DATOS ESPECÍFICOS
C23: ITEM | D23: DESCRIPCIÓN | M23: UNIDAD | O23: CANTIDAD
C24: 1.04 | D24: =VLOOKUP(C24,'PRESUPUESTO OFICIAL (Entidad)'!$C$15:$I$106,5,FALSE()) -> EXCAVACIÓN MANUAL SIN CLASIFICAR | M24: =VLOOKUP(C24,'PRESUPUESTO OFICIAL (Entidad)'!$C$15:$I$106,6,FALSE()) -> M3 | O24: =VLOOKUP(C24,'PRESUPUESTO OFICIAL (Entidad)'!$C$15:$I$106,7,FALSE()) -> 52.184137
C25: I. EQUIPO
C28: DESCRIPCIÓN | H28: MARCA | J28: TIPO | L28: TARIFA/HORA | M28: RENDIMIENTO | O28: Vr. UNITARIO
C31: HERRAMIENTA MENOR 5% | M31: 0.05 | O31: 4513
C32: SUBTOTAL $ | O32: =SUM(O29:O31) -> 4513
C33: II. MATERIALES
C36: DESCRIPCIÓN | K36: UNIDAD | L36: CANTIDAD | M36: PRECIO UNIT. | O36: Vr. UNITARIO
C42: SUBTOTAL $ | O42: =SUM(O37:O41) -> 0
C43: III. TRANSPORTES
C46: MATERIAL | J46: VOL. o PESO | K46: DISTANCIA | L46: M3 o Ton/Km | M46: TARIFA | O46: Vr. UNITARIO
C49: SUBTOTAL $ | O49: =SUM(O47:O48) -> 0
C50: IV. MANO DE OBRA
C53: TRABAJADOR | J53: JORNAL | K53: PRESTACIONES | L53: JORNAL TOTAL | M53: RENDIMIENTO | O53: Vr. UNITARIO
C54: AYUDANTE | J54: 120117 | K54: 1.13 | L54: =J54*K54 -> 135732.21 | M54: 0.665 | O54: 90262
C58: SUBTOTAL $ | O58: =SUM(O54:O57) -> 90262
C60: TOTAL COSTO DIRECTO $ | O60: =ROUND(O32+O42+O49+O58,0) -> 94775
C61: V. COSTOS INDIRECTOS
C64: Descripción | L64: Porcentaje | M64: Valor Total
C65: ADMINISTRACION | L65: 0.3 | M65: =O60 -> 94775 | O65: =ROUND(L65*M65,0) -> 28433
C66: UTILIDAD | L66: 0.05 | M66: =O60 -> 94775 | O66: =ROUND(L66*M66,0) -> 4739
C67: SUBTOTAL $ | O67: =SUM(O65:O66) -> 33172
C69: Precio Unitario Total Aproximado al peso $ | O69: =ROUND(O60+O67,2) -> 127947
H72: Firma
H73: Nombre:
H74: Representante Legal del Contratista o su Apoderado
H75: Matricula No. :
C77: OBSERVACIONES INTERVENTORÍA
C79: APROBACIÓN POR INTERVENTORÍA
C80: Nota 1: Cuando se trate de Análisis de precios unitarios correspondientes a ítems de la propuesta económica aprobada, el Interventor aprueba el desglose de los componentes manteniendo el mismo precio unitario de cada ítem, cumpliendo con las especificaciones de construcción vigentes para el proyecto.
C82: Nota 2: Cuando se trate de Análisis de precios unitarios de ítems no previstos, el Interventor aprueba el desglose y precio unitario de cada ítem no previsto, exigiendo la aplicación de los costos correspondientes a insumos y tarifas de la propuesta económica inicial cuando estén contemplados, cumpliendo con las especificaciones de construcción vigente para el proyecto.
H85: Firma
H86: Nombre:
H87: Representante Legal del Interventor o su Apoderado
H88: Matricula No. :

Sheet ITEM DE PAGO 1,05
B1: Formulario 1 - Propuesta económica - Documento tipo de selección abreviada de menor cuantía
B2: Versión: 1 del 21 de agosto de 2025
C5: [La entidad podrá utilizar este formato para la presentación de los análisis de precios unitarios el contratista en la oportunidad prevista en el numeral 8.2. del Documento Base]
D8: ALCALDIA DE VILLA DEL ROSARIO
L9: VERSIÓN
D10: PROYECTO SALÓN COMUNAL GRAN COLOMBIA
L11: PÁGINA | M11: 1 | N11: DE | O11: 1
D13: ANALISIS DE PRECIOS UNITARIOS
L15: FECHA | M15: DD | N15: MM | O15: AA
C21: DATOS ESPECÍFICOS
C23: ITEM | D23: DESCRIPCIÓN | M23: UNIDAD | O23: CANTIDAD
C24: 1.05 | D24: =VLOOKUP(C24,'PRESUPUESTO OFICIAL (Entidad)'!$C$15:$I$106,5,FALSE()) -> RELLENO CON MATERIAL GRANULAR BG-1 1/2" VIBROCOMPACTADO MANUAL | M24: =VLOOKUP(C24,'PRESUPUESTO OFICIAL (Entidad)'!$C$15:$I$106,6,FALSE()) -> M3 | O24: =VLOOKUP(C24,'PRESUPUESTO OFICIAL (Entidad)'!$C$15:$I$106,7,FALSE()) -> 26.173262
C25: I. EQUIPO
C28: DESCRIPCIÓN | H28: MARCA | J28: TIPO | L28: TARIFA/HORA | M28: RENDIMIENTO | O28: Vr. UNITARIO
C29: CARROTANQUE DE AGUA | J29: DM | L29: 403257 | M29: 0.05 | O29: 20163
C30: COMPACTADOR DE LLANTAS | J30: HM | L30: 125235 | M30: 0.05 | O30: 6262
C31: MOTONIVELADORA | J31: HM | L31: 172500 | M31: 0.05 | O31: 8625
C32: HERRAMIENTA MENOR 5% | M32: 0.05 | O32: 5311
C33: SUBTOTAL $ | O33: =SUM(O29:O32) -> 40361
C34: II. MATERIALES
C37: DESCRIPCIÓN | K37: UNIDAD | L37: CANTIDAD | M37: PRECIO UNIT. | O37: Vr. UNITARIO
C38: BASE GRANULAR TAMAÑO MAXIMO 1 ½ | K38: M3 | L38: 1.3 | M38: 76500 | O38: =L38*M38 -> 99450
C43: SUBTOTAL $ | O43: =SUM(O38:O42) -> 99450
C44: III. TRANSPORTES
C47: MATERIAL | J47: VOL. o PESO | K47: DISTANCIA | L47: M3 o Ton/Km | M47: TARIFA | O47: Vr. UNITARIO
C50: SUBTOTAL $ | O50: =SUM(O48:O49) -> 0
C51: IV. MANO DE OBRA
C54: TRABAJADOR | J54: JORNAL | K54: PRESTACIONES | L54: JORNAL TOTAL | M54: RENDIMIENTO | O54: Vr. UNITARIO
C55: AYUDANTE | J55: 120117 | K55: 1.13 | L55: =J55*K55 -> 135732.21 | M55: 20 | O55: =IF(M55>0,L55/M55,0) -> 6786.6105
C59: SUBTOTAL $ | O59: =SUM(O55:O58) -> 6786.6105
C61: TOTAL COSTO DIRECTO $ | O61: =ROUND(O33+O43+O50+O59,0) -> 146598
C62: V. COSTOS INDIRECTOS
C65: Descripción | L65: Porcentaje | M65: Valor Total
C66: ADMINISTRACION | L66: 0.3 | M66: =O61 -> 146598 | O66: =ROUND(L66*M66,0) -> 43979
C67: UTILIDAD | L67: 0.05 | M67: =O61 -> 146598 | O67: =ROUND(L67*M67,0) -> 7330
C68: SUBTOTAL $ | O68: =SUM(O66:O67) -> 51309
C70: Precio Unitario Total Aproximado al peso $ | O70: =ROUND(O61+O68,2) -> 197907
H73: Firma
H74: Nombre:
H75: Representante Legal del Contratista o su Apoderado
H76: Matricula No. :
C78: OBSERVACIONES INTERVENTORÍA
C80: APROBACIÓN POR INTERVENTORÍA
C81: Nota 1: Cuando se trate de Análisis de precios unitarios correspondientes a ítems de la propuesta económica aprobada, el Interventor aprueba el desglose de los componentes manteniendo el mismo precio unitario de cada ítem, cumpliendo con las especificaciones de construcción vigentes para el proyecto.
C83: Nota 2: Cuando se trate de Análisis de precios unitarios de ítems no previstos, el Interventor aprueba el desglose y precio unitario de cada ítem no previsto, exigiendo la aplicación de los costos correspondientes a insumos y tarifas de la propuesta económica inicial cuando estén contemplados, cumpliendo con las especificaciones de construcción vigente para el proyecto.
H86: Firma
H87: Nombre:
H88: Representante Legal del Interventor o su Apoderado
H89: Matricula No. :

Sheet ITEM DE PAGO 2,01
B1: Formulario 1 - Propuesta económica - Documento tipo de selección abreviada de menor cuantía
B2: Versión: 1 del 21 de agosto de 2025
C5: [La entidad podrá utilizar este formato para la presentación de los análisis de precios unitarios el contratista en la oportunidad prevista en el numeral 8.2. del Documento Base]
D8: ALCALDIA DE VILLA DEL ROSARIO
L9: VERSIÓN
D10: PROYECTO SALÓN COMUNAL GRAN COLOMBIA
L11: PÁGINA | M11: 1 | N11: DE | O11: 1
D13: ANALISIS DE PRECIOS UNITARIOS
L15: FECHA | M15: DD | N15: MM | O15: AA
C21: DATOS ESPECÍFICOS
C23: ITEM | D23: DESCRIPCIÓN | M23: UNIDAD | O23: CANTIDAD
C24: 2.01 | D24: =VLOOKUP(C24,'PRESUPUESTO OFICIAL (Entidad)'!$C$15:$I$106,5,FALSE()) -> SOLADO EN CONCRETO 14.0 MPa TM 1" | M24: =VLOOKUP(C24,'PRESUPUESTO OFICIAL (Entidad)'!$C$15:$I$106,6,FALSE()) -> M2 | O24: =VLOOKUP(C24,'PRESUPUESTO OFICIAL (Entidad)'!$C$15:$I$106,7,FALSE()) -> 43.353
C25: I. EQUIPO
C28: DESCRIPCIÓN | H28: MARCA | J28: TIPO | L28: TARIFA/HORA | M28: RENDIMIENTO | O28: Vr. UNITARIO
C31: HERRAMIENTA MENOR 5% | M31: 0.05 | O31: =ROUNDDOWN(O58*M31,0) -> 1908
C32: SUBTOTAL $ | O32: =SUM(O29:O31) -> 1908
C33: II. MATERIALES
C36: DESCRIPCIÓN | K36: UNIDAD | L36: CANTIDAD | M36: PRECIO UNIT. | O36: Vr. UNITARIO
C37: CONCRETO 14MPA | K37: M3 | L37: 400866 | M37: =0.06*1.05 -> 0.063 | O37: =+ROUND(L37*M37,0) -> 25255
C42: SUBTOTAL $ | O42: =SUM(O37:O41) -> 25255
C43: III. TRANSPORTES
C46: MATERIAL | J46: VOL. o PESO | K46: DISTANCIA | L46: M3 o Ton/Km | M46: TARIFA | O46: Vr. UNITARIO
C49: SUBTOTAL $ | O49: =SUM(O47:O48) -> 0
C50: IV. MANO DE OBRA
C53: TRABAJADOR | J53: JORNAL | K53: PRESTACIONES | L53: JORNAL TOTAL | M53: RENDIMIENTO | O53: Vr. UNITARIO
C54: 1 OFICIAL + 3 AYUDANTES | J54: 540527 | K54: 1.13 | L54: =+J54*K54 -> 610795.51 | M54: 16 | O54: =ROUND(IF(M54>0,L54/M54,0),0) -> 38175
C58: SUBTOTAL $ | O58: =SUM(O54:O57) -> 38175
C60: TOTAL COSTO DIRECTO $ | O60: =ROUND(O32+O42+O49+O58,0) -> 65338
C61: V. COSTOS INDIRECTOS
C64: Descripción | L64: Porcentaje | M64: Valor Total
C65: ADMINISTRACION | L65: 0.3 | M65: =O60 -> 65338 | O65: =ROUND(L65*M65,0) -> 19601
C66: UTILIDAD | L66: 0.05 | M66: =O60 -> 65338 | O66: =ROUND(L66*M66,0) -> 3267
C67: SUBTOTAL $ | O67: =SUM(O65:O66) -> 22868
C69: Precio Unitario Total Aproximado al peso $ | O69: =ROUND(O60+O67,2) -> 88206
H72: Firma
H73: Nombre:
H74: Representante Legal del Contratista o su Apoderado
H75: Matricula No. :
C77: OBSERVACIONES INTERVENTORÍA
C79: APROBACIÓN POR INTERVENTORÍA
C80: Nota 1: Cuando se trate de Análisis de precios unitarios correspondientes a ítems de la propuesta económica aprobada, el Interventor aprueba el desglose de los componentes manteniendo el mismo precio unitario de cada ítem, cumpliendo con las especificaciones de construcción vigentes para el proyecto.
C82: Nota 2: Cuando se trate de Análisis de precios unitarios de ítems no previstos, el Interventor aprueba el desglose y precio unitario de cada ítem no previsto, exigiendo la aplicación de los costos correspondientes a insumos y tarifas de la propuesta económica inicial cuando estén contemplados, cumpliendo con las especificaciones de construcción vigente para el proyecto.
H85: Firma
H86: Nombre:
H87: Representante Legal del Interventor o su Apoderado
H88: Matricula No. :

Sheet ITEM DE PAGO 2,02
B1: Formulario 1 - Propuesta económica - Documento tipo de selección abreviada de menor cuantía
B2: Versión: 1 del 21 de agosto de 2025
C5: [La entidad podrá utilizar este formato para la presentación de los análisis de precios unitarios el contratista en la oportunidad prevista en el numeral 8.2. del Documento Base]
D8: ALCALDIA DE VILLA DEL ROSARIO
L9: VERSIÓN
D10: PROYECTO SALÓN COMUNAL GRAN COLOMBIA
L11: PÁGINA | M11: 1 | N11: DE | O11: 1
D13: ANALISIS DE PRECIOS UNITARIOS
L15: FECHA | M15: DD | N15: MM | O15: AA
C21: DATOS ESPECÍFICOS
C23: ITEM | D23: DESCRIPCIÓN | M23: UNIDAD | O23: CANTIDAD
C24: 2.02 | D24: =VLOOKUP(C24,'PRESUPUESTO OFICIAL (Entidad)'!$C$15:$I$106,5,FALSE()) -> CONCRETO DE ZAPATA 21 MPA | M24: =VLOOKUP(C24,'PRESUPUESTO OFICIAL (Entidad)'!$C$15:$I$106,6,FALSE()) -> M3 | O24: =VLOOKUP(C24,'PRESUPUESTO OFICIAL (Entidad)'!$C$15:$I$106,7,FALSE()) -> 3.456
C25: I. EQUIPO
C28: DESCRIPCIÓN | H28: MARCA | J28: TIPO | L28: TARIFA/HORA | M28: RENDIMIENTO | O28: Vr. UNITARIO
C29: VIBRADOR ELECTRICO AGUJA | J29: HM | L29: 105000 | M29: 7.29 | O29: =+L29/M29 -> 14403.292
C31: HERRAMIENTA MENOR 5% | M31: 0.05 | O31: =O58*M31 -> 22455.717
C32: SUBTOTAL $ | O32: =SUM(O29:O31) -> 36859.009
C33: II. MATERIALES
C36: DESCRIPCIÓN | K36: UNIDAD | L36: CANTIDAD | M36: PRECIO UNIT. | O36: Vr. UNITARIO
C37: CONCRETO 21 MPA | K37: M3 | L37: 1.05 | M37: 496000 | O37: =L37*M37 -> 520800
C38: ALAMBRE RECOCIDO N18 | K38: KG | L38: 0.53 | M38: 11687 | O38: =L38*M38 -> 6194.11
C39: PUNTILL 3*1/2" | K39: KG | L39: 1 | M39: 12740 | O39: =L39*M39 -> 12740
C40: TABLA CHAPA ORDINARIO | K40: UND | L40: 1 | M40: 22231 | O40: =L40*M40 -> 22231
C42: SUBTOTAL $ | O42: =SUM(O37:O41) -> 561965.11
C43: III. TRANSPORTES
C46: MATERIAL | J46: VOL. o PESO | K46: DISTANCIA | L46: M3 o Ton/Km | M46: TARIFA | O46: Vr. UNITARIO
C49: SUBTOTAL $ | O49: =SUM(O47:O48) -> 0
C50: IV. MANO DE OBRA
C53: TRABAJADOR | J53: JORNAL | K53: PRESTACIONES | L53: JORNAL TOTAL | M53: RENDIMIENTO | O53: Vr. UNITARIO
C54: 1 OFICIAL + 3 AYUDANTES | J54: 540527 | K54: 1.13 | L54: =J54*K54 -> 610795.51 | M54: 1.36 | O54: =IF(M54>0,L54/M54,0) -> 449114.35
C58: SUBTOTAL $ | O58: =SUM(O54:O57) -> 449114.35
C60: TOTAL COSTO DIRECTO $ | O60: =ROUND(O32+O42+O49+O58,0) -> 1047938
C61: V. COSTOS INDIRECTOS
C64: Descripción | L64: Porcentaje | M64: Valor Total
C65: ADMINISTRACION | L65: 0.3 | M65: =O60 -> 1047938 | O65: =ROUND(L65*M65,0) -> 314381
C66: UTILIDAD | L66: 0.05 | M66: =O60 -> 1047938 | O66: =ROUND(L66*M66,0) -> 52397
C67: SUBTOTAL $ | O67: =SUM(O65:O66) -> 366778
C69: Precio Unitario Total Aproximado al peso $ | O69: =ROUND(O60+O67,2) -> 1414716
H72: Firma
H73: Nombre:
H74: Representante Legal del Contratista o su Apoderado
H75: Matricula No. :
C77: OBSERVACIONES INTERVENTORÍA
C79: APROBACIÓN POR INTERVENTORÍA
C80: Nota 1: Cuando se trate de Análisis de precios unitarios correspondientes a ítems de la propuesta económica aprobada, el Interventor aprueba el desglose de los componentes manteniendo el mismo precio unitario de cada ítem, cumpliendo con las especificaciones de construcción vigentes para el proyecto.
C82: Nota 2: Cuando se trate de Análisis de precios unitarios de ítems no previstos, el Interventor aprueba el desglose y precio unitario de cada ítem no previsto, exigiendo la aplicación de los costos correspondientes a insumos y tarifas de la propuesta económica inicial cuando estén contemplados, cumpliendo con las especificaciones de construcción vigente para el proyecto.
H85: Firma
H86: Nombre:
H87: Representante Legal del Interventor o su Apoderado
H88: Matricula No. :

Sheet ITEM DE PAGO 2,03
B1: Formulario 1 - Propuesta económica - Documento tipo de selección abreviada de menor cuantía
B2: Versión: 1 del 21 de agosto de 2025
C5: [La entidad podrá utilizar este formato para la presentación de los análisis de precios unitarios el contratista en la oportunidad prevista en el numeral 8.2. del Documento Base]
D8: ALCALDIA DE VILLA DEL ROSARIO
L9: VERSIÓN
D10: PROYECTO SALÓN COMUNAL GRAN COLOMBIA
L11: PÁGINA | M11: 1 | N11: DE | O11: 1
D13: ANALISIS DE PRECIOS UNITARIOS
L15: FECHA | M15: DD | N15: MM | O15: AA
C21: DATOS ESPECÍFICOS
C23: ITEM | D23: DESCRIPCIÓN | M23: UNIDAD | O23: CANTIDAD
C24: 2.03 | D24: =VLOOKUP(C24,'PRESUPUESTO OFICIAL (Entidad)'!$C$15:$I$106,5,FALSE()) -> CONCRETO CICLÓPEO | M24: =VLOOKUP(C24,'PRESUPUESTO OFICIAL (Entidad)'!$C$15:$I$106,6,FALSE()) -> M3 | O24: =VLOOKUP(C24,'PRESUPUESTO OFICIAL (Entidad)'!$C$15:$I$106,7,FALSE()) -> 2.7414
C25: I. EQUIPO
C28: DESCRIPCIÓN | H28: MARCA | J28: TIPO | L28: TARIFA/HORA | M28: RENDIMIENTO | O28: Vr. UNITARIO
C29: VIBRADOR ELECTRICO AGUJA | J29: HM | L29: 105000 | M29: 7.29 | O29: =+L29/M29 -> 14403.292
C31: HERRAMIENTA MENOR 5% | M31: 0.05 | O31: =O58*M31 -> 20359.85
C32: SUBTOTAL $ | O32: =SUM(O29:O31) -> 34763.143
C33: II. MATERIALES
C36: DESCRIPCIÓN | K36: UNIDAD | L36: CANTIDAD | M36: PRECIO UNIT. | O36: Vr. UNITARIO
C37: CONCRETO DE 21MPA | K37: M3 | L37: 0.63 | M37: 496000 | O37: =L37*M37 -> 312480
C38: PIEDRA RAJONEADA | K38: KG | L38: 0.42 | M38: 81000 | O38: =L38*M38 -> 34020
C42: SUBTOTAL $ | O42: =SUM(O37:O41) -> 346500
C43: III. TRANSPORTES
C46: MATERIAL | J46: VOL. o PESO | K46: DISTANCIA | L46: M3 o Ton/Km | M46: TARIFA | O46: Vr. UNITARIO
C49: SUBTOTAL $ | O49: =SUM(O47:O48) -> 0
C50: IV. MANO DE OBRA
C53: TRABAJADOR | J53: JORNAL | K53: PRESTACIONES | L53: JORNAL TOTAL | M53: RENDIMIENTO | O53: Vr. UNITARIO
C54: 1 OFICIAL + 3 AYUDANTES | J54: 540527 | K54: 1.13 | L54: =J54*K54 -> 610795.51 | M54: 1.5 | O54: =IF(M54>0,L54/M54,0) -> 407197.01
C58: SUBTOTAL $ | O58: =SUM(O54:O57) -> 407197.01
C60: TOTAL COSTO DIRECTO $ | O60: =ROUND(O32+O42+O49+O58,0) -> 788460
C61: V. COSTOS INDIRECTOS
C64: Descripción | L64: Porcentaje | M64: Valor Total
C65: ADMINISTRACION | L65: 0.3 | M65: =O60 -> 788460 | O65: =L65*M65 -> 236538
C66: UTILIDAD | L66: 0.05 | M66: =O60 -> 788460 | O66: =L66*M66 -> 39423
C67: SUBTOTAL $ | O67: =SUM(O65:O66) -> 275961
C69: Precio Unitario Total Aproximado al peso $ | O69: =ROUND(O60+O67,2) -> 1064421
H72: Firma
H73: Nombre:
H74: Representante Legal del Contratista o su Apoderado
H75: Matricula No. :
C77: OBSERVACIONES INTERVENTORÍA
C79: APROBACIÓN POR INTERVENTORÍA
C80: Nota 1: Cuando se trate de Análisis de precios unitarios correspondientes a ítems de la propuesta económica aprobada, el Interventor aprueba el desglose de los componentes manteniendo el mismo precio unitario de cada ítem, cumpliendo con las especificaciones de construcción vigentes para el proyecto.
C82: Nota 2: Cuando se trate de Análisis de precios unitarios de ítems no previstos, el Interventor aprueba el desglose y precio unitario de cada ítem no previsto, exigiendo la aplicación de los costos correspondientes a insumos y tarifas de la propuesta económica inicial cuando estén contemplados, cumpliendo con las especificaciones de construcción vigente para el proyecto.
H85: Firma
H86: Nombre:
H87: Representante Legal del Interventor o su Apoderado
H88: Matricula No. :

Sheet ITEM DE PAGO 2,04
B1: Formulario 1 - Propuesta económica - Documento tipo de selección abreviada de menor cuantía
B2: Versión: 1 del 21 de agosto de 2025
C5: [La entidad podrá utilizar este formato para la presentación de los análisis de precios unitarios el contratista en la oportunidad prevista en el numeral 8.2. del Documento Base]
D8: ALCALDIA DE VILLA DEL ROSARIO
L9: VERSIÓN
D10: PROYECTO SALÓN COMUNAL GRAN COLOMBIA
L11: PÁGINA | M11: 1 | N11: DE | O11: 1
D13: ANALISIS DE PRECIOS UNITARIOS
L15: FECHA | M15: DD | N15: MM | O15: AA
C21: DATOS ESPECÍFICOS
C23: ITEM | D23: DESCRIPCIÓN | M23: UNIDAD | O23: CANTIDAD
C24: 2.04 | D24: =VLOOKUP(C24,'PRESUPUESTO OFICIAL (Entidad)'!$C$15:$I$106,5,FALSE()) -> CONCRETO DE VIGAS DE AMARRE 21 MPA | M24: =VLOOKUP(C24,'PRESUPUESTO OFICIAL (Entidad)'!$C$15:$I$106,6,FALSE()) -> M3 | O24: =VLOOKUP(C24,'PRESUPUESTO OFICIAL (Entidad)'!$C$15:$I$106,7,FALSE()) -> 9.207275
C25: I. EQUIPO
C28: DESCRIPCIÓN | H28: MARCA | J28: TIPO | L28: TARIFA/HORA | M28: RENDIMIENTO | O28: Vr. UNITARIO
C29: VIBRADOR ELECTRICO AGUJA | J29: HM | L29: 105000 | M29: 5 | O29: 21000
C30: FORMALETA METALICA 1X0,25 | J30: DU | L30: 599.36 | M30: 50 | O30: 29968
C31: HERRAMIENTA MENOR 5% | M31: 0.05 | O31: =O58*M31 -> 36013.886
C32: SUBTOTAL $ | O32: =SUM(O29:O31) -> 86981.886
C33: II. MATERIALES
C36: DESCRIPCIÓN | K36: UNIDAD | L36: CANTIDAD | M36: PRECIO UNIT. | O36: Vr. UNITARIO
C37: CONCRETO 21MPA | K37: M3 | L37: 1.06 | M37: 496000 | O37: =L37*M37 -> 525760
C42: SUBTOTAL $ | O42: =SUM(O37:O41) -> 525760
C43: III. TRANSPORTES
C46: MATERIAL | J46: VOL. o PESO | K46: DISTANCIA | L46: M3 o Ton/Km | M46: TARIFA | O46: Vr. UNITARIO
C49: SUBTOTAL $ | O49: =SUM(O47:O48) -> 0
C50: IV. MANO DE OBRA
C53: TRABAJADOR | J53: JORNAL | K53: PRESTACIONES | L53: JORNAL TOTAL | M53: RENDIMIENTO | O53: Vr. UNITARIO
C54: 1 OFICIAL + 3 AYUDANTES | J54: 540527 | K54: 1.13 | L54: =J54*K54 -> 610795.51 | M54: 0.848 | O54: =IF(M54>0,L54/M54,0) -> 720277.72
C58: SUBTOTAL $ | O58: =SUM(O54:O57) -> 720277.72
C60: TOTAL COSTO DIRECTO $ | O60: =ROUND(O32+O42+O49+O58,0) -> 1333020
C61: V. COSTOS INDIRECTOS
C64: Descripción | L64: Porcentaje | M64: Valor Total
C65: ADMINISTRACION | L65: 0.3 | M65: =O60 -> 1333020 | O65: =L65*M65 -> 399906
C66: UTILIDAD | L66: 0.05 | M66: =O60 -> 1333020 | O66: =L66*M66 -> 66651
C67: SUBTOTAL $ | O67: =SUM(O65:O66) -> 466557
C69: Precio Unitario Total Aproximado al peso $ | O69: =ROUND(O60+O67,2) -> 1799577
H72: Firma
H73: Nombre:
H74: Representante Legal del Contratista o su Apoderado
H75: Matricula No. :
C77: OBSERVACIONES INTERVENTORÍA
C79: APROBACIÓN POR INTERVENTORÍA
C80: Nota 1: Cuando se trate de Análisis de precios unitarios correspondientes a ítems de la propuesta económica aprobada, el Interventor aprueba el desglose de los componentes manteniendo el mismo precio unitario de cada ítem, cumpliendo con las especificaciones de construcción vigentes para el proyecto.
C82: Nota 2: Cuando se trate de Análisis de precios unitarios de ítems no previstos, el Interventor aprueba el desglose y precio unitario de cada ítem no previsto, exigiendo la aplicación de los costos correspondientes a insumos y tarifas de la propuesta económica inicial cuando estén contemplados, cumpliendo con las especificaciones de construcción vigente para el proyecto.
H85: Firma
H86: Nombre:
H87: Representante Legal del Interventor o su Apoderado
H88: Matricula No. :

Sheet ITEM DE PAGO 2,05
B1: Formulario 1 - Propuesta económica - Documento tipo de selección abreviada de menor cuantía
B2: Versión: 1 del 21 de agosto de 2025
C5: [La entidad podrá utilizar este formato para la presentación de los análisis de precios unitarios el contratista en la oportunidad prevista en el numeral 8.2. del Documento Base]
D8: ALCALDIA DE VILLA DEL ROSARIO
L9: VERSIÓN
D10: PROYECTO SALÓN COMUNAL GRAN COLOMBIA
L11: PÁGINA | M11: 1 | N11: DE | O11: 1
D13: ANALISIS DE PRECIOS UNITARIOS
L15: FECHA | M15: DD | N15: MM | O15: AA
C21: DATOS ESPECÍFICOS
C23: ITEM | D23: DESCRIPCIÓN | M23: UNIDAD | O23: CANTIDAD
C24: 2.05 | D24: =VLOOKUP(C24,'PRESUPUESTO OFICIAL (Entidad)'!$C$15:$I$106,5,FALSE()) -> CONCRETO DE COLUMNAS (0,3 X 0,3)M 21MPA | M24: =VLOOKUP(C24,'PRESUPUESTO OFICIAL (Entidad)'!$C$15:$I$106,6,FALSE()) -> M3 | O24: =VLOOKUP(C24,'PRESUPUESTO OFICIAL (Entidad)'!$C$15:$I$106,7,FALSE()) -> 3.8646
C25: I. EQUIPO
C28: DESCRIPCIÓN | H28: MARCA | J28: TIPO | L28: TARIFA/HORA | M28: RENDIMIENTO | O28: Vr. UNITARIO
C29: VIBRADOR ELECTRICO AGUJA | J29: HM | L29: 105000 | M29: 4.6 | O29: =+L29/M29 -> 22826.087
C30: TABLERO METALICO COLUMNA | J30: DU | L30: 699.36 | M30: 76 | O30: =+L30*M30 -> 53151.36
C31: HERRAMIENTA MENOR 5% | M31: 0.05 | O31: =O58*M31 -> 29478.548
C32: SUBTOTAL $ | O32: =SUM(O29:O31) -> 105455.99
C33: II. MATERIALES
C36: DESCRIPCIÓN | K36: UNIDAD | L36: CANTIDAD | M36: PRECIO UNIT. | O36: Vr. UNITARIO
C37: CONCRETO 21 MPA | K37: M3 | L37: 1.05 | M37: 496000 | O37: =L37*M37 -> 520800
C38: ALAMBRE NEGRO | K38: KG | L38: 2 | M38: 11687 | O38: =L38*M38 -> 23374
C39: TABLA CHAPA PRDINARIO 0,02-0,3*3M | K39: UND | L39: 1 | M39: 22231 | O39: =L39*M39 -> 22231
C40: PUNTILLAS 3"*1/2" | K40: KG | L40: 1 | M40: 12740 | O40: =L40*M40 -> 12740
C42: SUBTOTAL $ | O42: =SUM(O37:O41) -> 579145
C43: III. TRANSPORTES
C46: MATERIAL | J46: VOL. o PESO | K46: DISTANCIA | L46: M3 o Ton/Km | M46: TARIFA | O46: Vr. UNITARIO
C49: SUBTOTAL $ | O49: =SUM(O47:O48) -> 0
C50: IV. MANO DE OBRA
C53: TRABAJADOR | J53: JORNAL | K53: PRESTACIONES | L53: JORNAL TOTAL | M53: RENDIMIENTO | O53: Vr. UNITARIO
C54: 1 OFICIAL + 3 AYUDANTES | J54: 540527 | K54: 1.13 | L54: =J54*K54 -> 610795.51 | M54: 1.036 | O54: =IF(M54>0,L54/M54,0) -> 589570.96
C58: SUBTOTAL $ | O58: =SUM(O54:O57) -> 589570.96
C60: TOTAL COSTO DIRECTO $ | O60: =ROUND(O32+O42+O49+O58,0) -> 1274172
C61: V. COSTOS INDIRECTOS
C64: Descripción | L64: Porcentaje | M64: Valor Total
C65: ADMINISTRACION | L65: 0.3 | M65: =O60 -> 1274172 | O65: =ROUND(L65*M65,0) -> 382252
C66: UTILIDAD | L66: 0.05 | M66: =O60 -> 1274172 | O66: =ROUNDDOWN(L66*M66,0) -> 63708
C67: SUBTOTAL $ | O67: =SUM(O65:O66) -> 445960
C69: Precio Unitario Total Aproximado al peso $ | O69: =ROUND(O60+O67,2) -> 1720132
H72: Firma
H73: Nombre:
H74: Representante Legal del Contratista o su Apoderado
H75: Matricula No. :
C77: OBSERVACIONES INTERVENTORÍA
C79: APROBACIÓN POR INTERVENTORÍA
C80: Nota 1: Cuando se trate de Análisis de precios unitarios correspondientes a ítems de la propuesta económica aprobada, el Interventor aprueba el desglose de los componentes manteniendo el mismo precio unitario de cada ítem, cumpliendo con las especificaciones de construcción vigentes para el proyecto.
C82: Nota 2: Cuando se trate de Análisis de precios unitarios de ítems no previstos, el Interventor aprueba el desglose y precio unitario de cada ítem no previsto, exigiendo la aplicación de los costos correspondientes a insumos y tarifas de la propuesta económica inicial cuando estén contemplados, cumpliendo con las especificaciones de construcción vigente para el proyecto.
H85: Firma
H86: Nombre:
H87: Representante Legal del Interventor o su Apoderado
H88: Matricula No. :

Sheet ITEM DE PAGO 2,06
B1: Formulario 1 - Propuesta económica - Documento tipo de selección abreviada de menor cuantía
B2: Versión: 1 del 21 de agosto de 2025
C5: [La entidad podrá utilizar este formato para la presentación de los análisis de precios unitarios el contratista en la oportunidad prevista en el numeral 8.2. del Documento Base]
D8: ALCALDIA DE VILLA DEL ROSARIO
L9: VERSIÓN
D10: PROYECTO SALÓN COMUNAL GRAN COLOMBIA
L11: PÁGINA | M11: 1 | N11: DE | O11: 1
D13: ANALISIS DE PRECIOS UNITARIOS
L15: FECHA | M15: DD | N15: MM | O15: AA
C21: DATOS ESPECÍFICOS
C23: ITEM | D23: DESCRIPCIÓN | M23: UNIDAD | O23: CANTIDAD
C24: 2.06 | D24: =VLOOKUP(C24,'PRESUPUESTO OFICIAL (Entidad)'!$C$15:$I$106,5,FALSE()) -> CONCRETO DE VIGAS AEREAS 21 MPA | M24: =VLOOKUP(C24,'PRESUPUESTO OFICIAL (Entidad)'!$C$15:$I$106,6,FALSE()) -> M3 | O24: =VLOOKUP(C24,'PRESUPUESTO OFICIAL (Entidad)'!$C$15:$I$106,7,FALSE()) -> 5.05295
C25: I. EQUIPO
C28: DESCRIPCIÓN | H28: MARCA | J28: TIPO | L28: TARIFA/HORA | M28: RENDIMIENTO | O28: Vr. UNITARIO
C29: VIBRADOR ELECTRICO AGUJA | J29: HM | L29: 105000 | M29: 0.35 | O29: =+L29*M29 -> 36750
C30: TABLERO METALICO 0,3*1,2M | J30: DU | L30: 415 | M30: 115 | O30: =+L30*M30 -> 47725
C31: PARAL METALICO 4M | J31: DU | L31: 350 | M31: 120 | O31: =+L31*M31 -> 42000
C32: TABLERO MADERA 1,4X0,7 MS - UND | J32: DU | L32: 400 | M32: 120 | O32: =+L32*M32 -> 48000
C33: HERRAMIENTA MENOR 5% | M33: 0.05 | O33: =O60*M33 -> 30848.281
C34: SUBTOTAL $ | O34: =SUM(O29:O33) -> 205323.28
C35: II. MATERIALES
C38: DESCRIPCIÓN | K38: UNIDAD | L38: CANTIDAD | M38: PRECIO UNIT. | O38: Vr. UNITARIO
C39: CONCRETO 21MPA | K39: M3 | L39: 1.06 | M39: 496000 | O39: =L39*M39 -> 525760
C44: SUBTOTAL $ | O44: =SUM(O39:O43) -> 525760
C45: III. TRANSPORTES
C48: MATERIAL | J48: VOL. o PESO | K48: DISTANCIA | L48: M3 o Ton/Km | M48: TARIFA | O48: Vr. UNITARIO
C51: SUBTOTAL $ | O51: =SUM(O49:O50) -> 0
C52: IV. MANO DE OBRA
C55: TRABAJADOR | J55: JORNAL | K55: PRESTACIONES | L55: JORNAL TOTAL | M55: RENDIMIENTO | O55: Vr. UNITARIO
C56: 1 OFICIAL + 1 AYUDANTES | J56: 300293 | K56: 1.13 | L56: =J56*K56 -> 339331.09 | M56: 0.55 | O56: =IF(M56>0,L56/M56,0) -> 616965.62
C60: SUBTOTAL $ | O60: =SUM(O56:O59) -> 616965.62
C62: TOTAL COSTO DIRECTO $ | O62: =ROUND(O34+O44+O51+O60,0) -> 1348049
C63: V. COSTOS INDIRECTOS
C66: Descripción | L66: Porcentaje | M66: Valor Total
C67: ADMINISTRACION | L67: 0.3 | M67: =O62 -> 1348049 | O67: =ROUND(L67*M67,0) -> 404415
C68: UTILIDAD | L68: 0.05 | M68: =O62 -> 1348049 | O68: =ROUND(L68*M68,0) -> 67402
C69: SUBTOTAL $ | O69: =SUM(O67:O68) -> 471817
C71: Precio Unitario Total Aproximado al peso $ | O71: =ROUND(O62+O69,2) -> 1819866
H74: Firma
H75: Nombre:
H76: Representante Legal del Contratista o su Apoderado
H77: Matricula No. :
C79: OBSERVACIONES INTERVENTORÍA
C81: APROBACIÓN POR INTERVENTORÍA
C82: Nota 1: Cuando se trate de Análisis de precios unitarios correspondientes a ítems de la propuesta económica aprobada, el Interventor aprueba el desglose de los componentes manteniendo el mismo precio unitario de cada ítem, cumpliendo con las especificaciones de construcción vigentes para el proyecto.
C84: Nota 2: Cuando se trate de Análisis de precios unitarios de ítems no previstos, el Interventor aprueba el desglose y precio unitario de cada ítem no previsto, exigiendo la aplicación de los costos correspondientes a insumos y tarifas de la propuesta económica inicial cuando estén contemplados, cumpliendo con las especificaciones de construcción vigente para el proyecto.
H87: Firma
H88: Nombre:
H89: Representante Legal del Interventor o su Apoderado
H90: Matricula No. :

Sheet ITEM DE PAGO 2,07
B1: Formulario 1 - Propuesta económica - Documento tipo de selección abreviada de menor cuantía
B2: Versión: 1 del 21 de agosto de 2025
C5: [La entidad podrá utilizar este formato para la presentación de los análisis de precios unitarios el contratista en la oportunidad prevista en el numeral 8.2. del Documento Base]
D8: ALCALDIA DE VILLA DEL ROSARIO
L9: VERSIÓN
D10: PROYECTO SALÓN COMUNAL GRAN COLOMBIA
L11: PÁGINA | M11: 1 | N11: DE | O11: 1
D13: ANALISIS DE PRECIOS UNITARIOS
L15: FECHA | M15: DD | N15: MM | O15: AA
C21: DATOS ESPECÍFICOS
C23: ITEM | D23: DESCRIPCIÓN | M23: UNIDAD | O23: CANTIDAD
C24: 2.07 | D24: =VLOOKUP(C24,'PRESUPUESTO OFICIAL (Entidad)'!$C$15:$I$106,5,FALSE()) -> VIGA SOBRE MURO EN CONCRETO 12X20 CMS 21 MPA (INCLUYE REFUERZO) | M24: =VLOOKUP(C24,'PRESUPUESTO OFICIAL (Entidad)'!$C$15:$I$106,6,FALSE()) -> ML | O24: =VLOOKUP(C24,'PRESUPUESTO OFICIAL (Entidad)'!$C$15:$I$106,7,FALSE()) -> 82.87
C25: I. EQUIPO
C28: DESCRIPCIÓN | H28: MARCA | J28: TIPO | L28: TARIFA/HORA | M28: RENDIMIENTO | O28: Vr. UNITARIO
C29: VIBRADOR ELECTRICO AGUJA | J29: HM | L29: 105000 | M29: 0.03 | O29: 3150
C30: TABLERO METALICO COLUMNA | J30: DU | L30: 699.36 | M30: 7 | O30: 4895.52
C31: HERRAMIENTA MENOR 5% | M31: 0.05 | O31: =O58*M31 -> 3053.9775
C32: SUBTOTAL $ | O32: =SUM(O29:O31) -> 11099.498
C33: II. MATERIALES
C36: DESCRIPCIÓN | K36: UNIDAD | L36: CANTIDAD | M36: PRECIO UNIT. | O36: Vr. UNITARIO
C37: CONCRETO 21 MPA | K37: M3 | L37: 0.03 | M37: 496000 | O37: =L37*M37 -> 14880
C38: ALAMBRE NEGRO | K38: KG | L38: 0.88 | M38: 11687 | O38: =L38*M38 -> 10284.56
C39: ACERO 420MPA | K39: KG | L39: 6.5 | M39: 6613 | O39: =L39*M39 -> 42984.5
C42: SUBTOTAL $ | O42: =SUM(O37:O41) -> 68149.06
C43: III. TRANSPORTES
C46: MATERIAL | J46: VOL. o PESO | K46: DISTANCIA | L46: M3 o Ton/Km | M46: TARIFA | O46: Vr. UNITARIO
C49: SUBTOTAL $ | O49: =SUM(O47:O48) -> 0
C50: IV. MANO DE OBRA
C53: TRABAJADOR | J53: JORNAL | K53: PRESTACIONES | L53: JORNAL TOTAL | M53: RENDIMIENTO | O53: Vr. UNITARIO
C54: 1 OFICIAL + 3 AYUDANTES | J54: 540527 | K54: 1.13 | L54: =J54*K54 -> 610795.51 | M54: 10 | O54: =IF(M54>0,L54/M54,0) -> 61079.551
C58: SUBTOTAL $ | O58: =SUM(O54:O57) -> 61079.551
C60: TOTAL COSTO DIRECTO $ | O60: =ROUND(O32+O42+O49+O58,0) -> 140328
C61: V. COSTOS INDIRECTOS
C64: Descripción | L64: Porcentaje | M64: Valor Total
C65: ADMINISTRACION | L65: 0.3 | M65: =O60 -> 140328 | O65: =ROUNDUP(L65*M65,0) -> 42099
C66: UTILIDAD | L66: 0.05 | M66: =O60 -> 140328 | O66: =ROUND(L66*M66,0) -> 7016
C67: SUBTOTAL $ | O67: =SUM(O65:O66) -> 49115
C69: Precio Unitario Total Aproximado al peso $ | O69: =ROUND(O60+O67,2) -> 189443
H72: Firma
H73: Nombre:
H74: Representante Legal del Contratista o su Apoderado
H75: Matricula No. :
C77: OBSERVACIONES INTERVENTORÍA
C79: APROBACIÓN POR INTERVENTORÍA
C80: Nota 1: Cuando se trate de Análisis de precios unitarios correspondientes a ítems de la propuesta económica aprobada, el Interventor aprueba el desglose de los componentes manteniendo el mismo precio unitario de cada ítem, cumpliendo con las especificaciones de construcción vigentes para el proyecto.
C82: Nota 2: Cuando se trate de Análisis de precios unitarios de ítems no previstos, el Interventor aprueba el desglose y precio unitario de cada ítem no previsto, exigiendo la aplicación de los costos correspondientes a insumos y tarifas de la propuesta económica inicial cuando estén contemplados, cumpliendo con las especificaciones de construcción vigente para el proyecto.
H85: Firma
H86: Nombre:
H87: Representante Legal del Interventor o su Apoderado
H88: Matricula No. :

Sheet ITEM DE PAGO 2,08
B1: Formulario 1 - Propuesta económica - Documento tipo de selección abreviada de menor cuantía
B2: Versión: 1 del 21 de agosto de 2025
C5: [La entidad podrá utilizar este formato para la presentación de los análisis de precios unitarios el contratista en la oportunidad prevista en el numeral 8.2. del Documento Base]
D8: ALCALDIA DE VILLA DEL ROSARIO
L9: VERSIÓN
D10: PROYECTO SALÓN COMUNAL GRAN COLOMBIA
L11: PÁGINA | M11: 1 | N11: DE | O11: 1
D13: ANALISIS DE PRECIOS UNITARIOS
L15: FECHA | M15: DD | N15: MM | O15: AA
C21: DATOS ESPECÍFICOS
C23: ITEM | D23: DESCRIPCIÓN | M23: UNIDAD | O23: CANTIDAD
C24: 2.08 | D24: =VLOOKUP(C24,'PRESUPUESTO OFICIAL (Entidad)'!$C$15:$I$106,5,FALSE()) -> CONCRETO TARIMA D21 MPA | M24: =VLOOKUP(C24,'PRESUPUESTO OFICIAL (Entidad)'!$C$15:$I$106,6,FALSE()) -> M2 | O24: =VLOOKUP(C24,'PRESUPUESTO OFICIAL (Entidad)'!$C$15:$I$106,7,FALSE()) -> 18.827146
C25: I. EQUIPO
C28: DESCRIPCIÓN | H28: MARCA | J28: TIPO | L28: TARIFA/HORA | M28: RENDIMIENTO | O28: Vr. UNITARIO
C29: VIBRADOR ELECTRICO AGUJA | J29: HM | L29: 105000 | M29: 0.01 | O29: =+L29*M29 -> 1050
C30: TABLERO METALICO COLUMNA | J30: DU | L30: 699.36 | M30: 6 | O30: =+L30*M30 -> 4196.16
C31: HERRAMIENTA MENOR 5% | M31: 0.05 | O31: =O58*M31 -> 5089.9626
C32: SUBTOTAL $ | O32: =SUM(O29:O31) -> 10336.123
C33: II. MATERIALES
C36: DESCRIPCIÓN | K36: UNIDAD | L36: CANTIDAD | M36: PRECIO UNIT. | O36: Vr. UNITARIO
C37: CONCRETO 21MPA | K37: M3 | L37: 0.15 | M37: 496000 | O37: =L37*M37 -> 74400
C42: SUBTOTAL $ | O42: =SUM(O37:O41) -> 74400
C43: III. TRANSPORTES
C46: MATERIAL | J46: VOL. o PESO | K46: DISTANCIA | L46: M3 o Ton/Km | M46: TARIFA | O46: Vr. UNITARIO
C49: SUBTOTAL $ | O49: =SUM(O47:O48) -> 0
C50: IV. MANO DE OBRA
C53: TRABAJADOR | J53: JORNAL | K53: PRESTACIONES | L53: JORNAL TOTAL | M53: RENDIMIENTO | O53: Vr. UNITARIO
C54: 1 OFICIAL + 3 AYUDANTES | J54: 540527 | K54: 1.13 | L54: =J54*K54 -> 610795.51 | M54: 6 | O54: =IF(M54>0,L54/M54,0) -> 101799.25
C58: SUBTOTAL $ | O58: =SUM(O54:O57) -> 101799.25
C60: TOTAL COSTO DIRECTO $ | O60: =ROUND(O32+O42+O49+O58,0) -> 186535
C61: V. COSTOS INDIRECTOS
C64: Descripción | L64: Porcentaje | M64: Valor Total
C65: ADMINISTRACION | L65: 0.3 | M65: =O60 -> 186535 | O65: =ROUNDDOWN(L65*M65,0) -> 55960
C66: UTILIDAD | L66: 0.05 | M66: =O60 -> 186535 | O66: =ROUND(L66*M66,0) -> 9327
C67: SUBTOTAL $ | O67: =SUM(O65:O66) -> 65287
C69: Precio Unitario Total Aproximado al peso $ | O69: =ROUND(O60+O67,2) -> 251822
H72: Firma
H73: Nombre:
H74: Representante Legal del Contratista o su Apoderado
H75: Matricula No. :
C77: OBSERVACIONES INTERVENTORÍA
C79: APROBACIÓN POR INTERVENTORÍA
C80: Nota 1: Cuando se trate de Análisis de precios unitarios correspondientes a ítems de la propuesta económica aprobada, el Interventor aprueba el desglose de los componentes manteniendo el mismo precio unitario de cada ítem, cumpliendo con las especificaciones de construcción vigentes para el proyecto.
C82: Nota 2: Cuando se trate de Análisis de precios unitarios de ítems no previstos, el Interventor aprueba el desglose y precio unitario de cada ítem no previsto, exigiendo la aplicación de los costos correspondientes a insumos y tarifas de la propuesta económica inicial cuando estén contemplados, cumpliendo con las especificaciones de construcción vigente para el proyecto.
H85: Firma
H86: Nombre:
H87: Representante Legal del Interventor o su Apoderado
H88: Matricula No. :

Sheet ITEM DE PAGO 2,09
B1: Formulario 1 - Propuesta económica - Documento tipo de selección abreviada de menor cuantía
B2: Versión: 1 del 21 de agosto de 2025
C5: [La entidad podrá utilizar este formato para la presentación de los análisis de precios unitarios el contratista en la oportunidad prevista en el numeral 8.2. del Documento Base]
D8: ALCALDIA DE VILLA DEL ROSARIO
L9: VERSIÓN
D10: PROYECTO SALÓN COMUNAL GRAN COLOMBIA
L11: PÁGINA | M11: 1 | N11: DE | O11: 1
D13: ANALISIS DE PRECIOS UNITARIOS
L15: FECHA | M15: DD | N15: MM | O15: AA
C21: DATOS ESPECÍFICOS
C23: ITEM | D23: DESCRIPCIÓN | M23: UNIDAD | O23: CANTIDAD
C24: 2.09 | D24: =VLOOKUP(C24,'PRESUPUESTO OFICIAL (Entidad)'!$C$15:$I$106,5,FALSE()) -> ESCALERAS EN CONCRETO | M24: =VLOOKUP(C24,'PRESUPUESTO OFICIAL (Entidad)'!$C$15:$I$106,6,FALSE()) -> UND | O24: =VLOOKUP(C24,'PRESUPUESTO OFICIAL (Entidad)'!$C$15:$I$106,7,FALSE()) -> 1.0017
C25: I. EQUIPO
C28: DESCRIPCIÓN | H28: MARCA | J28: TIPO | L28: TARIFA/HORA | M28: RENDIMIENTO | O28: Vr. UNITARIO
C29: VIBRADOR ELECTRICO AGUJA | J29: HM | L29: 105000 | M29: 0.5 | O29: =+L29*M29 -> 52500
C30: FORMALETA ESCALERA M2 | J30: DU | L30: 6000 | M30: 16.2 | O30: =+L30*M30 -> 97200
C31: HERRAMIENTA MENOR 5% | M31: 0.05 | O31: =O58*M31 -> 5089.9626
C32: SUBTOTAL $ | O32: =SUM(O29:O31) -> 154789.96
C33: II. MATERIALES
C36: DESCRIPCIÓN | K36: UNIDAD | L36: CANTIDAD | M36: PRECIO UNIT. | O36: Vr. UNITARIO
C37: CONCRETO 21MPA | K37: M3 | L37: 0.15 | M37: 496000 | O37: =L37*M37 -> 74400
C42: SUBTOTAL $ | O42: =SUM(O37:O41) -> 74400
C43: III. TRANSPORTES
C46: MATERIAL | J46: VOL. o PESO | K46: DISTANCIA | L46: M3 o Ton/Km | M46: TARIFA | O46: Vr. UNITARIO
C49: SUBTOTAL $ | O49: =SUM(O47:O48) -> 0
C50: IV. MANO DE OBRA
C53: TRABAJADOR | J53: JORNAL | K53: PRESTACIONES | L53: JORNAL TOTAL | M53: RENDIMIENTO | O53: Vr. UNITARIO
C54: 1 OFICIAL + 3 AYUDANTES | J54: 540527 | K54: 1.13 | L54: =J54*K54 -> 610795.51 | M54: 6 | O54: =IF(M54>0,L54/M54,0) -> 101799.25
C58: SUBTOTAL $ | O58: =SUM(O54:O57) -> 101799.25
C60: TOTAL COSTO DIRECTO $ | O60: =ROUND(O32+O42+O49+O58,0) -> 330989
C61: V. COSTOS INDIRECTOS
C64: Descripción | L64: Porcentaje | M64: Valor Total
C65: ADMINISTRACION | L65: 0.3 | M65: =O60 -> 330989 | O65: =ROUND(L65*M65,0) -> 99297
C66: UTILIDAD | L66: 0.05 | M66: =O60 -> 330989 | O66: =ROUND(L66*M66,0) -> 16549
C67: SUBTOTAL $ | O67: =SUM(O65:O66) -> 115846
C69: Precio Unitario Total Aproximado al peso $ | O69: =ROUND(O60+O67,2) -> 446835
H72: Firma
H73: Nombre:
H74: Representante Legal del Contratista o su Apoderado
H75: Matricula No. :
C77: OBSERVACIONES INTERVENTORÍA
C79: APROBACIÓN POR INTERVENTORÍA
C80: Nota 1: Cuando se trate de Análisis de precios unitarios correspondientes a ítems de la propuesta económica aprobada, el Interventor aprueba el desglose de los componentes manteniendo el mismo precio unitario de cada ítem, cumpliendo con las especificaciones de construcción vigentes para el proyecto.
C82: Nota 2: Cuando se trate de Análisis de precios unitarios de ítems no previstos, el Interventor aprueba el desglose y precio unitario de cada ítem no previsto, exigiendo la aplicación de los costos correspondientes a insumos y tarifas de la propuesta económica inicial cuando estén contemplados, cumpliendo con las especificaciones de construcción vigente para el proyecto.
H85: Firma
H86: Nombre:
H87: Representante Legal del Interventor o su Apoderado
H88: Matricula No. :

Sheet ITEM DE PAGO 2,10
B1: Formulario 1 - Propuesta económica - Documento tipo de selección abreviada de menor cuantía
B2: Versión: 1 del 21 de agosto de 2025
C5: [La entidad podrá utilizar este formato para la presentación de los análisis de precios unitarios el contratista en la oportunidad prevista en el numeral 8.2. del Documento Base]
D8: ALCALDIA DE VILLA DEL ROSARIO
L9: VERSIÓN
D10: PROYECTO SALÓN COMUNAL GRAN COLOMBIA
L11: PÁGINA | M11: 1 | N11: DE | O11: 1
D13: ANALISIS DE PRECIOS UNITARIOS
L15: FECHA | M15: DD | N15: MM | O15: AA
C21: DATOS ESPECÍFICOS
C23: ITEM | D23: DESCRIPCIÓN | M23: UNIDAD | O23: CANTIDAD
C24: 2.1 | D24: =VLOOKUP(C24,'PRESUPUESTO OFICIAL (Entidad)'!$C$15:$I$106,5,FALSE()) -> ACERO DE REFUERZO fy:4200 kg/cm FIGURADO (INCLUYE ALAMBRE NEGRO FIGURADO) | M24: =VLOOKUP(C24,'PRESUPUESTO OFICIAL (Entidad)'!$C$15:$I$106,6,FALSE()) -> KG | O24: =VLOOKUP(C24,'PRESUPUESTO OFICIAL (Entidad)'!$C$15:$I$106,7,FALSE()) -> 3237.7743
C25: I. EQUIPO
C28: DESCRIPCIÓN | H28: MARCA | J28: TIPO | L28: TARIFA/HORA | M28: RENDIMIENTO | O28: Vr. UNITARIO
C31: HERRAMIENTA MENOR 5% | M31: 0.05 | O31: =O58*M31 -> 208.81878
C32: SUBTOTAL $ | O32: =SUM(O29:O31) -> 208.81878
C33: II. MATERIALES
C36: DESCRIPCIÓN | K36: UNIDAD | L36: CANTIDAD | M36: PRECIO UNIT. | O36: Vr. UNITARIO
C37: ACERO 420MPA | K37: KG | L37: 1.05 | M37: 6613 | O37: =+L37*M37 -> 6943.65
C38: ALAMBRE RECOCIDO N18 | K38: KG | L38: 0.05 | M38: 11687 | O38: =+L38*M38 -> 584.35
C42: SUBTOTAL $ | O42: =SUM(O37:O41) -> 7528
C43: III. TRANSPORTES
C46: MATERIAL | J46: VOL. o PESO | K46: DISTANCIA | L46: M3 o Ton/Km | M46: TARIFA | O46: Vr. UNITARIO
C49: SUBTOTAL $ | O49: =SUM(O47:O48) -> 0
C50: IV. MANO DE OBRA
C53: TRABAJADOR | J53: JORNAL | K53: PRESTACIONES | L53: JORNAL TOTAL | M53: RENDIMIENTO | O53: Vr. UNITARIO
C54: 2 Ayudantes de obra | J54: 240234 | K54: 1.13 | L54: =J54*K54 -> 271464.42 | M54: 65 | O54: =IF(M54>0,L54/M54,0) -> 4176.3757
C58: SUBTOTAL $ | O58: =SUM(O54:O57) -> 4176.3757
C60: TOTAL COSTO DIRECTO $ | O60: =ROUND(O32+O42+O49+O58,0) -> 11913
C61: V. COSTOS INDIRECTOS
C64: Descripción | L64: Porcentaje | M64: Valor Total
C65: ADMINISTRACION | L65: 0.3 | M65: =O60 -> 11913 | O65: =ROUND(L65*M65,0) -> 3574
C66: UTILIDAD | L66: 0.05 | M66: =O60 -> 11913 | O66: =ROUND(L66*M66,0) -> 596
C67: SUBTOTAL $ | O67: =SUM(O65:O66) -> 4170
C69: Precio Unitario Total Aproximado al peso $ | O69: =ROUND(O60+O67,2) -> 16083
H72: Firma
H73: Nombre:
H74: Representante Legal del Contratista o su Apoderado
H75: Matricula No. :
C77: OBSERVACIONES INTERVENTORÍA
C79: APROBACIÓN POR INTERVENTORÍA
C80: Nota 1: Cuando se trate de Análisis de precios unitarios correspondientes a ítems de la propuesta económica aprobada, el Interventor aprueba el desglose de los componentes manteniendo el mismo precio unitario de cada ítem, cumpliendo con las especificaciones de construcción vigentes para el proyecto.
C82: Nota 2: Cuando se trate de Análisis de precios unitarios de ítems no previstos, el Interventor aprueba el desglose y precio unitario de cada ítem no previsto, exigiendo la aplicación de los costos correspondientes a insumos y tarifas de la propuesta económica inicial cuando estén contemplados, cumpliendo con las especificaciones de construcción vigente para el proyecto.
H85: Firma
H86: Nombre:
H87: Representante Legal del Interventor o su Apoderado
H88: Matricula No. :

Sheet ITEM DE PAGO 2,11
B1: Formulario 1 - Propuesta económica - Documento tipo de selección abreviada de menor cuantía
B2: Versión: 1 del 21 de agosto de 2025
C5: [La entidad podrá utilizar este formato para la presentación de los análisis de precios unitarios el contratista en la oportunidad prevista en el numeral 8.2. del Documento Base]
D8: ALCALDIA DE VILLA DEL ROSARIO
L9: VERSIÓN
D10: PROYECTO SALÓN COMUNAL GRAN COLOMBIA
L11: PÁGINA | M11: 1 | N11: DE | O11: 1
D13: ANALISIS DE PRECIOS UNITARIOS
L15: FECHA | M15: DD | N15: MM | O15: AA
C21: DATOS ESPECÍFICOS
C23: ITEM | D23: DESCRIPCIÓN | M23: UNIDAD | O23: CANTIDAD
C24: 2.11 | D24: =VLOOKUP(C24,'PRESUPUESTO OFICIAL (Entidad)'!$C$15:$I$106,5,FALSE()) -> PLACA DE PISO EN CONCRETO 21 MPA e=0,12m | M24: =VLOOKUP(C24,'PRESUPUESTO OFICIAL (Entidad)'!$C$15:$I$106,6,FALSE()) -> M2 | O24: =VLOOKUP(C24,'PRESUPUESTO OFICIAL (Entidad)'!$C$15:$I$106,7,FALSE()) -> 189.03385
C25: I. EQUIPO
C28: DESCRIPCIÓN | H28: MARCA | J28: TIPO | L28: TARIFA/HORA | M28: RENDIMIENTO | O28: Vr. UNITARIO
C29: VIBRADOR ELECTRICO AGUJA | J29: HM | L29: 105000 | M29: 0.01 | O29: =+L29*M29 -> 1050
C30: TABLERO METALICO COLUMNA | J30: DU | L30: 699.36 | M30: 6 | O30: =+L30*M30 -> 4196.16
C31: HERRAMIENTA MENOR 5% | M31: 0.05 | O31: =O58*M31 -> 4362.8251
C32: SUBTOTAL $ | O32: =SUM(O29:O31) -> 9608.9851
C33: II. MATERIALES
C36: DESCRIPCIÓN | K36: UNIDAD | L36: CANTIDAD | M36: PRECIO UNIT. | O36: Vr. UNITARIO
C37: COCNRETO 21MPA | K37: M3 | L37: 0.12 | M37: 496000 | O37: =L37*M37 -> 59520
C42: SUBTOTAL $ | O42: =SUM(O37:O41) -> 59520
C43: III. TRANSPORTES
C46: MATERIAL | J46: VOL. o PESO | K46: DISTANCIA | L46: M3 o Ton/Km | M46: TARIFA | O46: Vr. UNITARIO
C49: SUBTOTAL $ | O49: =SUM(O47:O48) -> 0
C50: IV. MANO DE OBRA
C53: TRABAJADOR | J53: JORNAL | K53: PRESTACIONES | L53: JORNAL TOTAL | M53: RENDIMIENTO | O53: Vr. UNITARIO
C54: 1 OFICIAL + 3 AYUDANTES | J54: 540527 | K54: 1.13 | L54: =J54*K54 -> 610795.51 | M54: 7 | O54: =IF(M54>0,L54/M54,0) -> 87256.501
C58: SUBTOTAL $ | O58: =SUM(O54:O57) -> 87256.501
C60: TOTAL COSTO DIRECTO $ | O60: =ROUND(O32+O42+O49+O58,0) -> 156385
C61: V. COSTOS INDIRECTOS
C64: Descripción | L64: Porcentaje | M64: Valor Total
C65: ADMINISTRACION | L65: 0.3 | M65: =O60 -> 156385 | O65: =ROUNDUP(L65*M65,0) -> 46916
C66: UTILIDAD | L66: 0.05 | M66: =O60 -> 156385 | O66: =ROUNDUP(L66*M66,0) -> 7820
C67: SUBTOTAL $ | O67: =SUM(O65:O66) -> 54736
C69: Precio Unitario Total Aproximado al peso $ | O69: =ROUND(O60+O67,2) -> 211121
H72: Firma
H73: Nombre:
H74: Representante Legal del Contratista o su Apoderado
H75: Matricula No. :
C77: OBSERVACIONES INTERVENTORÍA
C79: APROBACIÓN POR INTERVENTORÍA
C80: Nota 1: Cuando se trate de Análisis de precios unitarios correspondientes a ítems de la propuesta económica aprobada, el Interventor aprueba el desglose de los componentes manteniendo el mismo precio unitario de cada ítem, cumpliendo con las especificaciones de construcción vigentes para el proyecto.
C82: Nota 2: Cuando se trate de Análisis de precios unitarios de ítems no previstos, el Interventor aprueba el desglose y precio unitario de cada ítem no previsto, exigiendo la aplicación de los costos correspondientes a insumos y tarifas de la propuesta económica inicial cuando estén contemplados, cumpliendo con las especificaciones de construcción vigente para el proyecto.
H85: Firma
H86: Nombre:
H87: Representante Legal del Interventor o su Apoderado
H88: Matricula No. :

Sheet ITEM DE PAGO 2,12
B1: Formulario 1 - Propuesta económica - Documento tipo de selección abreviada de menor cuantía
B2: Versión: 1 del 21 de agosto de 2025
C5: [La entidad podrá utilizar este formato para la presentación de los análisis de precios unitarios el contratista en la oportunidad prevista en el numeral 8.2. del Documento Base]
D8: ALCALDIA DE VILLA DEL ROSARIO
L9: VERSIÓN
D10: PROYECTO SALÓN COMUNAL GRAN COLOMBIA
L11: PÁGINA | M11: 1 | N11: DE | O11: 1
D13: ANALISIS DE PRECIOS UNITARIOS
L15: FECHA | M15: DD | N15: MM | O15: AA
C21: DATOS ESPECÍFICOS
C23: ITEM | D23: DESCRIPCIÓN | M23: UNIDAD | O23: CANTIDAD
C24: 2.12 | D24: =VLOOKUP(C24,'PRESUPUESTO OFICIAL (Entidad)'!$C$15:$I$106,5,FALSE()) -> MALLA ELECTROSOLDADA 6MM DE 15*15 CM | M24: =VLOOKUP(C24,'PRESUPUESTO OFICIAL (Entidad)'!$C$15:$I$106,6,FALSE()) -> M2 | O24: =VLOOKUP(C24,'PRESUPUESTO OFICIAL (Entidad)'!$C$15:$I$106,7,FALSE()) -> 207.861
C25: I. EQUIPO
C28: DESCRIPCIÓN | H28: MARCA | J28: TIPO | L28: TARIFA/HORA | M28: RENDIMIENTO | O28: Vr. UNITARIO
C31: HERRAMIENTA MENOR 5% | M31: 0.05 | O31: =O58*M31 -> 67.866105
C32: SUBTOTAL $ | O32: =SUM(O29:O31) -> 67.866105
C33: II. MATERIALES
C36: DESCRIPCIÓN | K36: UNIDAD | L36: CANTIDAD | M36: PRECIO UNIT. | O36: Vr. UNITARIO
C37: MALLA ELECTROSOLDADA 6MM 15*15 | K37: M2 | L37: 1.05 | M37: 21237 | O37: =L37*M37 -> 22298.85
C42: SUBTOTAL $ | O42: =SUM(O37:O41) -> 22298.85
C43: III. TRANSPORTES
C46: MATERIAL | J46: VOL. o PESO | K46: DISTANCIA | L46: M3 o Ton/Km | M46: TARIFA | O46: Vr. UNITARIO
C49: SUBTOTAL $ | O49: =SUM(O47:O48) -> 0
C50: IV. MANO DE OBRA
C53: TRABAJADOR | J53: JORNAL | K53: PRESTACIONES | L53: JORNAL TOTAL | M53: RENDIMIENTO | O53: Vr. UNITARIO
C54: 2 Ayudantes de obra | J54: 240234 | K54: 1.13 | L54: =J54*K54 -> 271464.42 | M54: 200 | O54: =IF(M54>0,L54/M54,0) -> 1357.3221
C58: SUBTOTAL $ | O58: =SUM(O54:O57) -> 1357.3221
C60: TOTAL COSTO DIRECTO $ | O60: =ROUND(O32+O42+O49+O58,0) -> 23724
C61: V. COSTOS INDIRECTOS
C64: Descripción | L64: Porcentaje | M64: Valor Total
C65: ADMINISTRACION | L65: 0.3 | M65: =O60 -> 23724 | O65: =ROUND(L65*M65,0) -> 7117
C66: UTILIDAD | L66: 0.05 | M66: =O60 -> 23724 | O66: =ROUND(L66*M66,0) -> 1186
C67: SUBTOTAL $ | O67: =SUM(O65:O66) -> 8303
C69: Precio Unitario Total Aproximado al peso $ | O69: =ROUND(O60+O67,2) -> 32027
H72: Firma
H73: Nombre:
H74: Representante Legal del Contratista o su Apoderado
H75: Matricula No. :
C77: OBSERVACIONES INTERVENTORÍA
C79: APROBACIÓN POR INTERVENTORÍA
C80: Nota 1: Cuando se trate de Análisis de precios unitarios correspondientes a ítems de la propuesta económica aprobada, el Interventor aprueba el desglose de los componentes manteniendo el mismo precio unitario de cada ítem, cumpliendo con las especificaciones de construcción vigentes para el proyecto.
C82: Nota 2: Cuando se trate de Análisis de precios unitarios de ítems no previstos, el Interventor aprueba el desglose y precio unitario de cada ítem no previsto, exigiendo la aplicación de los costos correspondientes a insumos y tarifas de la propuesta económica inicial cuando estén contemplados, cumpliendo con las especificaciones de construcción vigente para el proyecto.
H85: Firma
H86: Nombre:
H87: Representante Legal del Interventor o su Apoderado
H88: Matricula No. :

Sheet ITEM DE PAGO 2,13
B1: Formulario 1 - Propuesta económica - Documento tipo de selección abreviada de menor cuantía
B2: Versión: 1 del 21 de agosto de 2025
C5: [La entidad podrá utilizar este formato para la presentación de los análisis de precios unitarios el contratista en la oportunidad prevista en el numeral 8.2. del Documento Base]
D8: ALCALDIA DE VILLA DEL ROSARIO
L9: VERSIÓN
D10: PROYECTO SALÓN COMUNAL GRAN COLOMBIA
L11: PÁGINA | M11: 1 | N11: DE | O11: 1
D13: ANALISIS DE PRECIOS UNITARIOS
L15: FECHA | M15: DD | N15: MM | O15: AA
C21: DATOS ESPECÍFICOS
C23: ITEM | D23: DESCRIPCIÓN | M23: UNIDAD | O23: CANTIDAD
C24: 2.13 | D24: =VLOOKUP(C24,'PRESUPUESTO OFICIAL (Entidad)'!$C$15:$I$106,5,FALSE()) -> ANTEPISO E=0.05M | M24: =VLOOKUP(C24,'PRESUPUESTO OFICIAL (Entidad)'!$C$15:$I$106,6,FALSE()) -> M2 | O24: =VLOOKUP(C24,'PRESUPUESTO OFICIAL (Entidad)'!$C$15:$I$106,7,FALSE()) -> 189.03385
C25: I. EQUIPO
C28: DESCRIPCIÓN | H28: MARCA | J28: TIPO | L28: TARIFA/HORA | M28: RENDIMIENTO | O28: Vr. UNITARIO
C31: HERRAMIENTA MENOR 5% | M31: 0.05 | O31: =O58*M31 -> 1526.9888
C32: SUBTOTAL $ | O32: =SUM(O29:O31) -> 1526.9888
C33: II. MATERIALES
C36: DESCRIPCIÓN | K36: UNIDAD | L36: CANTIDAD | M36: PRECIO UNIT. | O36: Vr. UNITARIO
C37: CONCRETO 18MPA | K37: M3 | L37: 0.06 | M37: 445000 | O37: =L37*M37 -> 26700
C42: SUBTOTAL $ | O42: =SUM(O37:O41) -> 26700
C43: III. TRANSPORTES
C46: MATERIAL | J46: VOL. o PESO | K46: DISTANCIA | L46: M3 o Ton/Km | M46: TARIFA | O46: Vr. UNITARIO
C49: SUBTOTAL $ | O49: =SUM(O47:O48) -> 0
C50: IV. MANO DE OBRA
C53: TRABAJADOR | J53: JORNAL | K53: PRESTACIONES | L53: JORNAL TOTAL | M53: RENDIMIENTO | O53: Vr. UNITARIO
C54: 1 OFICIAL + 3 AYUDANTES | J54: 540527 | K54: 1.13 | L54: =J54*K54 -> 610795.51 | M54: 20 | O54: =IF(M54>0,L54/M54,0) -> 30539.775
C58: SUBTOTAL $ | O58: =SUM(O54:O57) -> 30539.775
C60: TOTAL COSTO DIRECTO $ | O60: =ROUND(O32+O42+O49+O58,0) -> 58767
C61: V. COSTOS INDIRECTOS
C64: Descripción | L64: Porcentaje | M64: Valor Total
C65: ADMINISTRACION | L65: 0.3 | M65: =O60 -> 58767 | O65: =ROUND(L65*M65,0) -> 17630
C66: UTILIDAD | L66: 0.05 | M66: =O60 -> 58767 | O66: =ROUND(L66*M66,0) -> 2938
C67: SUBTOTAL $ | O67: =SUM(O65:O66) -> 20568
C69: Precio Unitario Total Aproximado al peso $ | O69: =ROUND(O60+O67,2) -> 79335
H72: Firma
H73: Nombre:
H74: Representante Legal del Contratista o su Apoderado
H75: Matricula No. :
C77: OBSERVACIONES INTERVENTORÍA
C79: APROBACIÓN POR INTERVENTORÍA
C80: Nota 1: Cuando se trate de Análisis de precios unitarios correspondientes a ítems de la propuesta económica aprobada, el Interventor aprueba el desglose de los componentes manteniendo el mismo precio unitario de cada ítem, cumpliendo con las especificaciones de construcción vigentes para el proyecto.
C82: Nota 2: Cuando se trate de Análisis de precios unitarios de ítems no previstos, el Interventor aprueba el desglose y precio unitario de cada ítem no previsto, exigiendo la aplicación de los costos correspondientes a insumos y tarifas de la propuesta económica inicial cuando estén contemplados, cumpliendo con las especificaciones de construcción vigente para el proyecto.
H85: Firma
H86: Nombre:
H87: Representante Legal del Interventor o su Apoderado
H88: Matricula No. :

Sheet ITEM DE PAGO 2,14
B1: Formulario 1 - Propuesta económica - Documento tipo de selección abreviada de menor cuantía
B2: Versión: 1 del 21 de agosto de 2025
C5: [La entidad podrá utilizar este formato para la presentación de los análisis de precios unitarios el contratista en la oportunidad prevista en el numeral 8.2. del Documento Base]
D8: ALCALDIA DE VILLA DEL ROSARIO
L9: VERSIÓN
D10: PROYECTO SALÓN COMUNAL GRAN COLOMBIA
L11: PÁGINA | M11: 1 | N11: DE | O11: 1
D13: ANALISIS DE PRECIOS UNITARIOS
L15: FECHA | M15: DD | N15: MM | O15: AA
C21: DATOS ESPECÍFICOS
C23: ITEM | D23: DESCRIPCIÓN | M23: UNIDAD | O23: CANTIDAD
C24: 2.14 | D24: =VLOOKUP(C24,'PRESUPUESTO OFICIAL (Entidad)'!$C$15:$I$106,5,FALSE()) -> PLACA MACIZA H=0.10M 21MPA | M24: =VLOOKUP(C24,'PRESUPUESTO OFICIAL (Entidad)'!$C$15:$I$106,6,FALSE()) -> M2 | O24: =VLOOKUP(C24,'PRESUPUESTO OFICIAL (Entidad)'!$C$15:$I$106,7,FALSE()) -> 17.4816
C25: I. EQUIPO
C28: DESCRIPCIÓN | H28: MARCA | J28: TIPO | L28: TARIFA/HORA | M28: RENDIMIENTO | O28: Vr. UNITARIO
C29: CERCHA METALICA L=1,4 | J29: DIA | L29: 250 | M29: 9.62 | O29: =+L29*M29 -> 2405
C30: PARAL METALICO 4M | J30: DIA | L30: 350 | M30: 20 | O30: =+L30*M30 -> 7000
C31: TABLERO MADERA 1,4X0,7 MS UND | J31: DIA | L31: 400 | M31: 33.34 | O31: =+L31*M31 -> 13336
C32: TABLERO METALICO 0,4X1,2 M | J32: DIA | L32: 650 | M32: 25 | O32: =+L32*M32 -> 16250
C33: VIBRADOR ELECTRICO AGUJA PARA CONCRETO | J33: HM | L33: 105000 | M33: 0.02 | O33: =+L33*M33 -> 2100
C34: HERRAMIENTA MENOR 5% | M34: 0.05 | O34: =O61*M34 -> 4925.7702
C35: SUBTOTAL $ | O35: =SUM(O29:O34) -> 46016.77
C36: II. MATERIALES
C39: DESCRIPCIÓN | K39: UNIDAD | L39: CANTIDAD | M39: PRECIO UNIT. | O39: Vr. UNITARIO
C40: CONCRETO 21 MPA | K40: M3 | L40: 0.11 | M40: 496000 | O40: =L40*M40 -> 54560
C45: SUBTOTAL $ | O45: =SUM(O40:O44) -> 54560
C46: III. TRANSPORTES
C49: MATERIAL | J49: VOL. o PESO | K49: DISTANCIA | L49: M3 o Ton/Km | M49: TARIFA | O49: Vr. UNITARIO
C52: SUBTOTAL $ | O52: =SUM(O50:O51) -> 0
C53: IV. MANO DE OBRA
C56: TRABAJADOR | J56: JORNAL | K56: PRESTACIONES | L56: JORNAL TOTAL | M56: RENDIMIENTO | O56: Vr. UNITARIO
C57: 1 OFICIAL + 3 AYUDANTES | J57: 540527 | K57: 1.13 | L57: =J57*K57 -> 610795.51 | M57: 6.2 | O57: =IF(M57>0,L57/M57,0) -> 98515.405
C61: SUBTOTAL $ | O61: =SUM(O57:O60) -> 98515.405
C63: TOTAL COSTO DIRECTO $ | O63: =ROUND(O35+O45+O52+O61,0) -> 199092
C64: V. COSTOS INDIRECTOS
C67: Descripción | L67: Porcentaje | M67: Valor Total
C68: ADMINISTRACION | L68: 0.3 | M68: =O63 -> 199092 | O68: =ROUND(L68*M68,0) -> 59728
C69: UTILIDAD | L69: 0.05 | M69: =O63 -> 199092 | O69: =ROUNDDOWN(L69*M69,0) -> 9954
C70: SUBTOTAL $ | O70: =SUM(O68:O69) -> 69682
C72: Precio Unitario Total Aproximado al peso $ | O72: =ROUND(O63+O70,2) -> 268774
H75: Firma
H76: Nombre:
H77: Representante Legal del Contratista o su Apoderado
H78: Matricula No. :
C80: OBSERVACIONES INTERVENTORÍA
C82: APROBACIÓN POR INTERVENTORÍA
C83: Nota 1: Cuando se trate de Análisis de precios unitarios correspondientes a ítems de la propuesta económica aprobada, el Interventor aprueba el desglose de los componentes manteniendo el mismo precio unitario de cada ítem, cumpliendo con las especificaciones de construcción vigentes para el proyecto.
C85: Nota 2: Cuando se trate de Análisis de precios unitarios de ítems no previstos, el Interventor aprueba el desglose y precio unitario de cada ítem no previsto, exigiendo la aplicación de los costos correspondientes a insumos y tarifas de la propuesta económica inicial cuando estén contemplados, cumpliendo con las especificaciones de construcción vigente para el proyecto.
H88: Firma
H89: Nombre:
H90: Representante Legal del Interventor o su Apoderado
H91: Matricula No. :

Sheet ITEM DE PAGO 2,15
B1: Formulario 1 - Propuesta económica - Documento tipo de selección abreviada de menor cuantía
B2: Versión: 1 del 21 de agosto de 2025
C5: [La entidad podrá utilizar este formato para la presentación de los análisis de precios unitarios el contratista en la oportunidad prevista en el numeral 8.2. del Documento Base]
D8: ALCALDIA DE VILLA DEL ROSARIO
L9: VERSIÓN
D10: PROYECTO SALÓN COMUNAL GRAN COLOMBIA
L11: PÁGINA | M11: 1 | N11: DE | O11: 1
D13: ANALISIS DE PRECIOS UNITARIOS
L15: FECHA | M15: DD | N15: MM | O15: AA
C21: DATOS ESPECÍFICOS
C23: ITEM | D23: DESCRIPCIÓN | M23: UNIDAD | O23: CANTIDAD
C24: 2.15 | D24: =VLOOKUP(C24,'PRESUPUESTO OFICIAL (Entidad)'!$C$15:$I$106,5,FALSE()) -> MESON EN CONCRETO | M24: =VLOOKUP(C24,'PRESUPUESTO OFICIAL (Entidad)'!$C$15:$I$106,6,FALSE()) -> M2 | O24: =VLOOKUP(C24,'PRESUPUESTO OFICIAL (Entidad)'!$C$15:$I$106,7,FALSE()) -> 2.34
C25: I. EQUIPO
C28: DESCRIPCIÓN | H28: MARCA | J28: TIPO | L28: TARIFA/HORA | M28: RENDIMIENTO | O28: Vr. UNITARIO
C29: TABLERO MADERA 1,40X0,70MS-UND | J29: DIA | L29: 400 | M29: 6.25 | O29: =+L29*M29 -> 2500
C30: VIBRADOR ELECTRICO AGUJA | J30: HM | L30: 105000 | M30: 0.02 | O30: =+L30*M30 -> 2100
C31: HERRAMIENTA MENOR 5% | M31: 0.05 | O31: =O58*M31 -> 5552.6865
C32: SUBTOTAL $ | O32: =SUM(O29:O31) -> 10152.686
C33: II. MATERIALES
C36: DESCRIPCIÓN | K36: UNIDAD | L36: CANTIDAD | M36: PRECIO UNIT. | O36: Vr. UNITARIO
C37: ACERO 420 MPA | K37: KG | L37: 8 | M37: 6613 | O37: =L37*M37 -> 52904
C38: ALAMBRE NEGRO | K38: KG | L38: 0.8 | M38: 11687 | O38: =L38*M38 -> 9349.6
C39: CONCRETO 21MPA | K39: M3 | L39: 0.11 | M39: 496000 | O39: =L39*M39 -> 54560
O40: =L40*M40 -> 0
C42: SUBTOTAL $ | O42: =SUM(O37:O41) -> 116813.6
C43: III. TRANSPORTES
C46: MATERIAL | J46: VOL. o PESO | K46: DISTANCIA | L46: M3 o Ton/Km | M46: TARIFA | O46: Vr. UNITARIO
C49: SUBTOTAL $ | O49: =SUM(O47:O48) -> 0
C50: IV. MANO DE OBRA
C53: TRABAJADOR | J53: JORNAL | K53: PRESTACIONES | L53: JORNAL TOTAL | M53: RENDIMIENTO | O53: Vr. UNITARIO
C54: 1 OFICIAL + 3 AYUDANTES | J54: 540527 | K54: 1.13 | L54: =J54*K54 -> 610795.51 | M54: 5.5 | O54: =IF(M54>0,L54/M54,0) -> 111053.73
C58: SUBTOTAL $ | O58: =SUM(O54:O57) -> 111053.73
C60: TOTAL COSTO DIRECTO $ | O60: =ROUND(O32+O42+O49+O58,0) -> 238020
C61: V. COSTOS INDIRECTOS
C64: Descripción | L64: Porcentaje | M64: Valor Total
C65: ADMINISTRACION | L65: 0.3 | M65: =O60 -> 238020 | O65: =L65*M65 -> 71406
C66: UTILIDAD | L66: 0.05 | M66: =O60 -> 238020 | O66: =L66*M66 -> 11901
C67: SUBTOTAL $ | O67: =SUM(O65:O66) -> 83307
C69: Precio Unitario Total Aproximado al peso $ | O69: =ROUND(O60+O67,2) -> 321327
H72: Firma
H73: Nombre:
H74: Representante Legal del Contratista o su Apoderado
H75: Matricula No. :
C77: OBSERVACIONES INTERVENTORÍA
C79: APROBACIÓN POR INTERVENTORÍA
C80: Nota 1: Cuando se trate de Análisis de precios unitarios correspondientes a ítems de la propuesta económica aprobada, el Interventor aprueba el desglose de los componentes manteniendo el mismo precio unitario de cada ítem, cumpliendo con las especificaciones de construcción vigentes para el proyecto.
C82: Nota 2: Cuando se trate de Análisis de precios unitarios de ítems no previstos, el Interventor aprueba el desglose y precio unitario de cada ítem no previsto, exigiendo la aplicación de los costos correspondientes a insumos y tarifas de la propuesta económica inicial cuando estén contemplados, cumpliendo con las especificaciones de construcción vigente para el proyecto.
H85: Firma
H86: Nombre:
H87: Representante Legal del Interventor o su Apoderado
H88: Matricula No. :

Sheet ITEM DE PAGO 2,16
B1: Formulario 1 - Propuesta económica - Documento tipo de selección abreviada de menor cuantía
B2: Versión: 1 del 21 de agosto de 2025
C5: [La entidad podrá utilizar este formato para la presentación de los análisis de precios unitarios el contratista en la oportunidad prevista en el numeral 8.2. del Documento Base]
D8: ALCALDIA DE VILLA DEL ROSARIO
L9: VERSIÓN
D10: PROYECTO SALÓN COMUNAL GRAN COLOMBIA
L11: PÁGINA | M11: 1 | N11: DE | O11: 1
D13: ANALISIS DE PRECIOS UNITARIOS
L15: FECHA | M15: DD | N15: MM | O15: AA
C21: DATOS ESPECÍFICOS
C23: ITEM | D23: DESCRIPCIÓN | M23: UNIDAD | O23: CANTIDAD
C24: 2.16 | D24: =VLOOKUP(C24,'PRESUPUESTO OFICIAL (Entidad)'!$C$15:$I$106,5,FALSE()) -> JARDINERA | M24: =VLOOKUP(C24,'PRESUPUESTO OFICIAL (Entidad)'!$C$15:$I$106,6,FALSE()) -> ML | O24: =VLOOKUP(C24,'PRESUPUESTO OFICIAL (Entidad)'!$C$15:$I$106,7,FALSE()) -> 4.27
C25: I. EQUIPO
C28: DESCRIPCIÓN | H28: MARCA | J28: TIPO | L28: TARIFA/HORA | M28: RENDIMIENTO | O28: Vr. UNITARIO
C29: TABLERO DE MADERA 1,40X0,7 MS-UND | J29: DIA | L29: 400 | M29: 6.25 | O29: =+L29*M29 -> 2500
C30: VIBRADOR ELECTRICO AGUJA | J30: HM | L30: 105000 | M30: 0.02 | O30: =+L30*M30 -> 2100
C31: HERRAMIENTA MENOR 5% | M31: 0.05 | O31: =O58*M31 -> 565.55182
C32: SUBTOTAL $ | O32: =SUM(O29:O31) -> 5165.5518
C33: II. MATERIALES
C36: DESCRIPCIÓN | K36: UNIDAD | L36: CANTIDAD | M36: PRECIO UNIT. | O36: Vr. UNITARIO
C37: LADRILLO ROSADO 6*10*20 | K37: UND | L37: 17 | M37: 1100 | O37: =L37*M37 -> 18700
C38: CONCRETO 18MPA | K38: M3 | L38: 0.01 | M38: 445000 | O38: =L38*M38 -> 4450
C39: CONCRETO 14 MPA | K39: M3 | L39: 0.03 | M39: 400866 | O39: =L39*M39 -> 12025.98
O40: =L40*M40 -> 0
C42: SUBTOTAL $ | O42: =SUM(O37:O41) -> 35175.98
C43: III. TRANSPORTES
C46: MATERIAL | J46: VOL. o PESO | K46: DISTANCIA | L46: M3 o Ton/Km | M46: TARIFA | O46: Vr. UNITARIO
C49: SUBTOTAL $ | O49: =SUM(O47:O48) -> 0
C50: IV. MANO DE OBRA
C53: TRABAJADOR | J53: JORNAL | K53: PRESTACIONES | L53: JORNAL TOTAL | M53: RENDIMIENTO | O53: Vr. UNITARIO
C54: 1 OFICIAL + 1AYUDANTE | J54: 300293 | K54: 1.13 | L54: =J54*K54 -> 339331.09 | M54: 30 | O54: =IF(M54>0,L54/M54,0) -> 11311.036
C58: SUBTOTAL $ | O58: =SUM(O54:O57) -> 11311.036
C60: TOTAL COSTO DIRECTO $ | O60: =ROUND(O32+O42+O49+O58,0) -> 51653
C61: V. COSTOS INDIRECTOS
C64: Descripción | L64: Porcentaje | M64: Valor Total
C65: ADMINISTRACION | L65: 0.3 | M65: =O60 -> 51653 | O65: =ROUND(L65*M65,0) -> 15496
C66: UTILIDAD | L66: 0.05 | M66: =O60 -> 51653 | O66: =ROUND(L66*M66,0) -> 2583
C67: SUBTOTAL $ | O67: =SUM(O65:O66) -> 18079
C69: Precio Unitario Total Aproximado al peso $ | O69: =ROUND(O60+O67,2) -> 69732
H72: Firma
H73: Nombre:
H74: Representante Legal del Contratista o su Apoderado
H75: Matricula No. :
C77: OBSERVACIONES INTERVENTORÍA
C79: APROBACIÓN POR INTERVENTORÍA
C80: Nota 1: Cuando se trate de Análisis de precios unitarios correspondientes a ítems de la propuesta económica aprobada, el Interventor aprueba el desglose de los componentes manteniendo el mismo precio unitario de cada ítem, cumpliendo con las especificaciones de construcción vigentes para el proyecto.
C82: Nota 2: Cuando se trate de Análisis de precios unitarios de ítems no previstos, el Interventor aprueba el desglose y precio unitario de cada ítem no previsto, exigiendo la aplicación de los costos correspondientes a insumos y tarifas de la propuesta económica inicial cuando estén contemplados, cumpliendo con las especificaciones de construcción vigente para el proyecto.
H85: Firma
H86: Nombre:
H87: Representante Legal del Interventor o su Apoderado
H88: Matricula No. :

Sheet ITEM DE PAGO 2,17
B1: Formulario 1 - Propuesta económica - Documento tipo de selección abreviada de menor cuantía
B2: Versión: 1 del 21 de agosto de 2025
C5: [La entidad podrá utilizar este formato para la presentación de los análisis de precios unitarios el contratista en la oportunidad prevista en el numeral 8.2. del Documento Base]
D8: ALCALDIA DE VILLA DEL ROSARIO
L9: VERSIÓN
D10: PROYECTO SALÓN COMUNAL GRAN COLOMBIA
L11: PÁGINA | M11: 1 | N11: DE | O11: 1
D13: ANALISIS DE PRECIOS UNITARIOS
L15: FECHA | M15: DD | N15: MM | O15: AA
C21: DATOS ESPECÍFICOS
C23: ITEM | D23: DESCRIPCIÓN | M23: UNIDAD | O23: CANTIDAD
C24: 2.17 | D24: =VLOOKUP(C24,'PRESUPUESTO OFICIAL (Entidad)'!$C$15:$I$106,5,FALSE()) -> RAMPA PARA DISCAPACITADOS | M24: =VLOOKUP(C24,'PRESUPUESTO OFICIAL (Entidad)'!$C$15:$I$106,6,FALSE()) -> M2 | O24: =VLOOKUP(C24,'PRESUPUESTO OFICIAL (Entidad)'!$C$15:$I$106,7,FALSE()) -> 1.017
C25: I. EQUIPO
C28: DESCRIPCIÓN | H28: MARCA | J28: TIPO | L28: TARIFA/HORA | M28: RENDIMIENTO | O28: Vr. UNITARIO
C31: HERRAMIENTA MENOR 5% | M31: 0.05 | O31: =O58*M31 -> 3393.3109
C32: SUBTOTAL $ | O32: =SUM(O29:O31) -> 3393.3109
C33: II. MATERIALES
C36: DESCRIPCIÓN | K36: UNIDAD | L36: CANTIDAD | M36: PRECIO UNIT. | O36: Vr. UNITARIO
C37: ACERO 420MPA | K37: UND | L37: 6 | M37: 6613 | O37: =L37*M37 -> 39678
C38: COCNRETO 21 MPA | K38: M3 | L38: 0.1 | M38: 496000 | O38: =L38*M38 -> 49600
C39: BASE GRANULAR | K39: M3 | L39: 0.1 | M39: 56988.8 | O39: =L39*M39 -> 5698.88
C40: ALAMBRE NEGRO | K40: KG | L40: 0.6 | M40: 11687 | O40: =L40*M40 -> 7012.2
C42: SUBTOTAL $ | O42: =SUM(O37:O41) -> 101989.08
C43: III. TRANSPORTES
C46: MATERIAL | J46: VOL. o PESO | K46: DISTANCIA | L46: M3 o Ton/Km | M46: TARIFA | O46: Vr. UNITARIO
C49: SUBTOTAL $ | O49: =SUM(O47:O48) -> 0
C50: IV. MANO DE OBRA
C53: TRABAJADOR | J53: JORNAL | K53: PRESTACIONES | L53: JORNAL TOTAL | M53: RENDIMIENTO | O53: Vr. UNITARIO
C54: 1 OFICIAL + 1 AYUDANTE | J54: 300293 | K54: 1.13 | L54: =J54*K54 -> 339331.09 | M54: 5 | O54: =IF(M54>0,L54/M54,0) -> 67866.218
C58: SUBTOTAL $ | O58: =SUM(O54:O57) -> 67866.218
C60: TOTAL COSTO DIRECTO $ | O60: =ROUND(O32+O42+O49+O58,0) -> 173249
C61: V. COSTOS INDIRECTOS
C64: Descripción | L64: Porcentaje | M64: Valor Total
C65: ADMINISTRACION | L65: 0.3 | M65: =O60 -> 173249 | O65: =ROUNDDOWN(L65*M65,0) -> 51974
C66: UTILIDAD | L66: 0.05 | M66: =O60 -> 173249 | O66: =ROUND(L66*M66,0) -> 8662
C67: SUBTOTAL $ | O67: =SUM(O65:O66) -> 60636
C69: Precio Unitario Total Aproximado al peso $ | O69: =ROUND(O60+O67,2) -> 233885
H72: Firma
H73: Nombre:
H74: Representante Legal del Contratista o su Apoderado
H75: Matricula No. :
C77: OBSERVACIONES INTERVENTORÍA
C79: APROBACIÓN POR INTERVENTORÍA
C80: Nota 1: Cuando se trate de Análisis de precios unitarios correspondientes a ítems de la propuesta económica aprobada, el Interventor aprueba el desglose de los componentes manteniendo el mismo precio unitario de cada ítem, cumpliendo con las especificaciones de construcción vigentes para el proyecto.
C82: Nota 2: Cuando se trate de Análisis de precios unitarios de ítems no previstos, el Interventor aprueba el desglose y precio unitario de cada ítem no previsto, exigiendo la aplicación de los costos correspondientes a insumos y tarifas de la propuesta económica inicial cuando estén contemplados, cumpliendo con las especificaciones de construcción vigente para el proyecto.
H85: Firma
H86: Nombre:
H87: Representante Legal del Interventor o su Apoderado
H88: Matricula No. :

Sheet ITEM DE PAGO 3,01
B1: Formulario 1 - Propuesta económica - Documento tipo de selección abreviada de menor cuantía
B2: Versión: 1 del 21 de agosto de 2025
C5: [La entidad podrá utilizar este formato para la presentación de los análisis de precios unitarios el contratista en la oportunidad prevista en el numeral 8.2. del Documento Base]
D8: ALCALDIA DE VILLA DEL ROSARIO
L9: VERSIÓN
D10: PROYECTO SALÓN COMUNAL GRAN COLOMBIA
L11: PÁGINA | M11: 1 | N11: DE | O11: 1
D13: ANALISIS DE PRECIOS UNITARIOS
L15: FECHA | M15: DD | N15: MM | O15: AA
C21: DATOS ESPECÍFICOS
C23: ITEM | D23: DESCRIPCIÓN | M23: UNIDAD | O23: CANTIDAD
C24: 3.01 | D24: =VLOOKUP(C24,'PRESUPUESTO OFICIAL (Entidad)'!$C$15:$I$106,5,FALSE()) -> MURO EN LADRILLO DE OBRA A LA VISTA E =0,12 | M24: =VLOOKUP(C24,'PRESUPUESTO OFICIAL (Entidad)'!$C$15:$I$106,6,FALSE()) -> M2 | O24: =VLOOKUP(C24,'PRESUPUESTO OFICIAL (Entidad)'!$C$15:$I$106,7,FALSE()) -> 186.04055
C25: I. EQUIPO
C28: DESCRIPCIÓN | H28: MARCA | J28: TIPO | L28: TARIFA/HORA | M28: RENDIMIENTO | O28: Vr. UNITARIO
C29: TABLON PARA ANDAMIO | J29: DIA | L29: 1392 | M29: 0.12 | O29: =+L29*M29 -> 167.04
C30: ANDAMIO TUBULAR | J30: DIA | L30: 2044 | M30: 0.12 | O30: =+L30*M30 -> 245.28
C31: HERRAMIENTA MENOR 5% | M31: 0.05 | O31: =O58*M31 -> 2570.6901
C32: SUBTOTAL $ | O32: =SUM(O29:O31) -> 2983.0101
C33: II. MATERIALES
C36: DESCRIPCIÓN | K36: UNIDAD | L36: CANTIDAD | M36: PRECIO UNIT. | O36: Vr. UNITARIO
C37: LADRILLO COLONIAL PRENSADO | K37: UND | L37: 57 | M37: 1200 | O37: =L37*M37 -> 68400
C38: MORTERO 1:4 | K38: M3 | L38: 0.03 | M38: 494775 | O38: =L38*M38 -> 14843.25
C42: SUBTOTAL $ | O42: =SUM(O37:O41) -> 83243.25
C43: III. TRANSPORTES
C46: MATERIAL | J46: VOL. o PESO | K46: DISTANCIA | L46: M3 o Ton/Km | M46: TARIFA | O46: Vr. UNITARIO
C49: SUBTOTAL $ | O49: =SUM(O47:O48) -> 0
C50: IV. MANO DE OBRA
C53: TRABAJADOR | J53: JORNAL | K53: PRESTACIONES | L53: JORNAL TOTAL | M53: RENDIMIENTO | O53: Vr. UNITARIO
C54: 1 OFICIAL + 1 AYUDANTES | J54: 300293 | K54: 1.13 | L54: =J54*K54 -> 339331.09 | M54: 6.6 | O54: =IF(M54>0,L54/M54,0) -> 51413.802
C58: SUBTOTAL $ | O58: =SUM(O54:O57) -> 51413.802
C60: TOTAL COSTO DIRECTO $ | O60: =ROUND(O32+O42+O49+O58,0) -> 137640
C61: V. COSTOS INDIRECTOS
C64: Descripción | L64: Porcentaje | M64: Valor Total
C65: ADMINISTRACION | L65: 0.3 | M65: =O60 -> 137640 | O65: =L65*M65 -> 41292
C66: UTILIDAD | L66: 0.05 | M66: =O60 -> 137640 | O66: =L66*M66 -> 6882
C67: SUBTOTAL $ | O67: =SUM(O65:O66) -> 48174
C69: Precio Unitario Total Aproximado al peso $ | O69: =ROUND(O60+O67,2) -> 185814
H72: Firma
H73: Nombre:
H74: Representante Legal del Contratista o su Apoderado
H75: Matricula No. :
C77: OBSERVACIONES INTERVENTORÍA
C79: APROBACIÓN POR INTERVENTORÍA
C80: Nota 1: Cuando se trate de Análisis de precios unitarios correspondientes a ítems de la propuesta económica aprobada, el Interventor aprueba el desglose de los componentes manteniendo el mismo precio unitario de cada ítem, cumpliendo con las especificaciones de construcción vigentes para el proyecto.
C82: Nota 2: Cuando se trate de Análisis de precios unitarios de ítems no previstos, el Interventor aprueba el desglose y precio unitario de cada ítem no previsto, exigiendo la aplicación de los costos correspondientes a insumos y tarifas de la propuesta económica inicial cuando estén contemplados, cumpliendo con las especificaciones de construcción vigente para el proyecto.
H85: Firma
H86: Nombre:
H87: Representante Legal del Interventor o su Apoderado
H88: Matricula No. :

Sheet ITEM DE PAGO 3,02
B1: Formulario 1 - Propuesta económica - Documento tipo de selección abreviada de menor cuantía
B2: Versión: 1 del 21 de agosto de 2025
C5: [La entidad podrá utilizar este formato para la presentación de los análisis de precios unitarios el contratista en la oportunidad prevista en el numeral 8.2. del Documento Base]
D8: ALCALDIA DE VILLA DEL ROSARIO
L9: VERSIÓN
D10: PROYECTO SALÓN COMUNAL GRAN COLOMBIA
L11: PÁGINA | M11: 1 | N11: DE | O11: 1
D13: ANALISIS DE PRECIOS UNITARIOS
L15: FECHA | M15: DD | N15: MM | O15: AA
C21: DATOS ESPECÍFICOS
C23: ITEM | D23: DESCRIPCIÓN | M23: UNIDAD | O23: CANTIDAD
C24: 3.02 | D24: =VLOOKUP(C24,'PRESUPUESTO OFICIAL (Entidad)'!$C$15:$I$106,5,FALSE()) -> PAÑETES SOBRE MURO 1:4 | M24: =VLOOKUP(C24,'PRESUPUESTO OFICIAL (Entidad)'!$C$15:$I$106,6,FALSE()) -> M2 | O24: =VLOOKUP(C24,'PRESUPUESTO OFICIAL (Entidad)'!$C$15:$I$106,7,FALSE()) -> 302.1354
C25: I. EQUIPO
C28: DESCRIPCIÓN | H28: MARCA | J28: TIPO | L28: TARIFA/HORA | M28: RENDIMIENTO | O28: Vr. UNITARIO
C29: TABLON PARA ANDAMIO | J29: DIA | L29: 1392 | M29: 0.1 | O29: =+L29*M29 -> 139.2
C30: ANDAMIO TUBULAR | J30: DIA | L30: 2044 | M30: 0.1 | O30: =+L30*M30 -> 204.4
C31: HERRAMIENTA MENOR 5% | M31: 0.05 | O31: =O58*M31 -> 1696.6554
C32: SUBTOTAL $ | O32: =SUM(O29:O31) -> 2040.2555
C33: II. MATERIALES
C36: DESCRIPCIÓN | K36: UNIDAD | L36: CANTIDAD | M36: PRECIO UNIT. | O36: Vr. UNITARIO
C37: MORTERO 1:4 | K37: M3 | L37: 0.022 | M37: 494775 | O37: =L37*M37 -> 10885.05
C42: SUBTOTAL $ | O42: =SUM(O37:O41) -> 10885.05
C43: III. TRANSPORTES
C46: MATERIAL | J46: VOL. o PESO | K46: DISTANCIA | L46: M3 o Ton/Km | M46: TARIFA | O46: Vr. UNITARIO
C49: SUBTOTAL $ | O49: =SUM(O47:O48) -> 0
C50: IV. MANO DE OBRA
C53: TRABAJADOR | J53: JORNAL | K53: PRESTACIONES | L53: JORNAL TOTAL | M53: RENDIMIENTO | O53: Vr. UNITARIO
C54: 1 OFICIAL + 1 AYUDANTES | J54: 300293 | K54: 1.13 | L54: =J54*K54 -> 339331.09 | M54: 10 | O54: =IF(M54>0,L54/M54,0) -> 33933.109
C58: SUBTOTAL $ | O58: =SUM(O54:O57) -> 33933.109
C60: TOTAL COSTO DIRECTO $ | O60: =ROUND(O32+O42+O49+O58,0) -> 46858
C61: V. COSTOS INDIRECTOS
C64: Descripción | L64: Porcentaje | M64: Valor Total
C65: ADMINISTRACION | L65: 0.3 | M65: =O60 -> 46858 | O65: =ROUND(L65*M65,0) -> 14057
C66: UTILIDAD | L66: 0.05 | M66: =O60 -> 46858 | O66: =ROUND(L66*M66,0) -> 2343
C67: SUBTOTAL $ | O67: =SUM(O65:O66) -> 16400
C69: Precio Unitario Total Aproximado al peso $ | O69: =ROUND(O60+O67,2) -> 63258
H72: Firma
H73: Nombre:
H74: Representante Legal del Contratista o su Apoderado
H75: Matricula No. :
C77: OBSERVACIONES INTERVENTORÍA
C79: APROBACIÓN POR INTERVENTORÍA
C80: Nota 1: Cuando se trate de Análisis de precios unitarios correspondientes a ítems de la propuesta económica aprobada, el Interventor aprueba el desglose de los componentes manteniendo el mismo precio unitario de cada ítem, cumpliendo con las especificaciones de construcción vigentes para el proyecto.
C82: Nota 2: Cuando se trate de Análisis de precios unitarios de ítems no previstos, el Interventor aprueba el desglose y precio unitario de cada ítem no previsto, exigiendo la aplicación de los costos correspondientes a insumos y tarifas de la propuesta económica inicial cuando estén contemplados, cumpliendo con las especificaciones de construcción vigente para el proyecto.
H85: Firma
H86: Nombre:
H87: Representante Legal del Interventor o su Apoderado
H88: Matricula No. :

Sheet ITEM DE PAGO 3,03
B1: Formulario 1 - Propuesta económica - Documento tipo de selección abreviada de menor cuantía
B2: Versión: 1 del 21 de agosto de 2025
C5: [La entidad podrá utilizar este formato para la presentación de los análisis de precios unitarios el contratista en la oportunidad prevista en el numeral 8.2. del Documento Base]
D8: ALCALDIA DE VILLA DEL ROSARIO
L9: VERSIÓN
D10: PROYECTO SALÓN COMUNAL GRAN COLOMBIA
L11: PÁGINA | M11: 1 | N11: DE | O11: 1
D13: ANALISIS DE PRECIOS UNITARIOS
L15: FECHA | M15: DD | N15: MM | O15: AA
C21: DATOS ESPECÍFICOS
C23: ITEM | D23: DESCRIPCIÓN | M23: UNIDAD | O23: CANTIDAD
C24: 3.03 | D24: =VLOOKUP(C24,'PRESUPUESTO OFICIAL (Entidad)'!$C$15:$I$106,5,FALSE()) -> MURO EN BLOQUE N°5 ROSADO B=0.10M | M24: =VLOOKUP(C24,'PRESUPUESTO OFICIAL (Entidad)'!$C$15:$I$106,6,FALSE()) -> M2 | O24: =VLOOKUP(C24,'PRESUPUESTO OFICIAL (Entidad)'!$C$15:$I$106,7,FALSE()) -> 24.848
C25: I. EQUIPO
C28: DESCRIPCIÓN | H28: MARCA | J28: TIPO | L28: TARIFA/HORA | M28: RENDIMIENTO | O28: Vr. UNITARIO
C29: TABLON PARA ANDAMIO | J29: DIA | L29: 1392 | M29: =1/8 -> 0.125 | O29: =+L29*M29 -> 174
C30: ANDAMIO TUBULAR | J30: DIA | L30: 2044 | M30: =1/8 -> 0.125 | O30: =+L30*M30 -> 255.5
C31: HERRAMIENTA MENOR 5% | M31: 0.05 | O31: =O58*M31 -> 1211.8967
C32: SUBTOTAL $ | O32: =ROUND(SUM(O29:O31),0) -> 1641
C33: II. MATERIALES
C36: DESCRIPCIÓN | K36: UNIDAD | L36: CANTIDAD | M36: PRECIO UNIT. | O36: Vr. UNITARIO
C37: MORTERO 1:4 | K37: M3 | L37: 0.03 | M37: 494775 | O37: =L37*M37 -> 14843.25
C38: BLOQUE ESTANDAR N0 5 | K38: UND | L38: 15.5 | M38: 1950 | O38: =L38*M38 -> 30225
C42: SUBTOTAL $ | O42: =SUM(O37:O41) -> 45068.25
C43: III. TRANSPORTES
C46: MATERIAL | J46: VOL. o PESO | K46: DISTANCIA | L46: M3 o Ton/Km | M46: TARIFA | O46: Vr. UNITARIO
C49: SUBTOTAL $ | O49: =SUM(O47:O48) -> 0
C50: IV. MANO DE OBRA
C53: TRABAJADOR | J53: JORNAL | K53: PRESTACIONES | L53: JORNAL TOTAL | M53: RENDIMIENTO | O53: Vr. UNITARIO
C54: 1 OFICIAL + 1 AYUDANTE | J54: 300293 | K54: 1.13 | L54: =J54*K54 -> 339331.09 | M54: 14 | O54: =IF(M54>0,L54/M54,0) -> 24237.935
C58: SUBTOTAL $ | O58: =SUM(O54:O57) -> 24237.935
C60: TOTAL COSTO DIRECTO $ | O60: =ROUND(O32+O42+O49+O58,0) -> 70947
C61: V. COSTOS INDIRECTOS
C64: Descripción | L64: Porcentaje | M64: Valor Total
C65: ADMINISTRACION | L65: 0.3 | M65: =O60 -> 70947 | O65: =ROUND(L65*M65,0) -> 21284
C66: UTILIDAD | L66: 0.05 | M66: =O60 -> 70947 | O66: =ROUND(L66*M66,0) -> 3547
C67: SUBTOTAL $ | O67: =SUM(O65:O66) -> 24831
C69: Precio Unitario Total Aproximado al peso $ | O69: =ROUND(O60+O67,2) -> 95778
H72: Firma
H73: Nombre:
H74: Representante Legal del Contratista o su Apoderado
H75: Matricula No. :
C77: OBSERVACIONES INTERVENTORÍA
C79: APROBACIÓN POR INTERVENTORÍA
C80: Nota 1: Cuando se trate de Análisis de precios unitarios correspondientes a ítems de la propuesta económica aprobada, el Interventor aprueba el desglose de los componentes manteniendo el mismo precio unitario de cada ítem, cumpliendo con las especificaciones de construcción vigentes para el proyecto.
C82: Nota 2: Cuando se trate de Análisis de precios unitarios de ítems no previstos, el Interventor aprueba el desglose y precio unitario de cada ítem no previsto, exigiendo la aplicación de los costos correspondientes a insumos y tarifas de la propuesta económica inicial cuando estén contemplados, cumpliendo con las especificaciones de construcción vigente para el proyecto.
H85: Firma
H86: Nombre:
H87: Representante Legal del Interventor o su Apoderado
H88: Matricula No. :

Sheet ITEM DE PAGO 4,01
B1: Formulario 1 - Propuesta económica - Documento tipo de selección abreviada de menor cuantía
B2: Versión: 1 del 21 de agosto de 2025
C5: [La entidad podrá utilizar este formato para la presentación de los análisis de precios unitarios el contratista en la oportunidad prevista en el numeral 8.2. del Documento Base]
D8: ALCALDIA DE VILLA DEL ROSARIO
L9: VERSIÓN
D10: PROYECTO SALÓN COMUNAL GRAN COLOMBIA
L11: PÁGINA | M11: 1 | N11: DE | O11: 1
D13: ANALISIS DE PRECIOS UNITARIOS
L15: FECHA | M15: DD | N15: MM | O15: AA
C21: DATOS ESPECÍFICOS
C23: ITEM | D23: DESCRIPCIÓN | M23: UNIDAD | O23: CANTIDAD
C24: 4.01 | D24: =VLOOKUP(C24,'PRESUPUESTO OFICIAL (Entidad)'!$C$15:$I$106,5,FALSE()) -> PUERTA METALICA INCLUYE CERRADURA Y MARCO 0,80M | M24: =VLOOKUP(C24,'PRESUPUESTO OFICIAL (Entidad)'!$C$15:$I$106,6,FALSE()) -> M2 | O24: =VLOOKUP(C24,'PRESUPUESTO OFICIAL (Entidad)'!$C$15:$I$106,7,FALSE()) -> 5
C25: I. EQUIPO
C28: DESCRIPCIÓN | H28: MARCA | J28: TIPO | L28: TARIFA/HORA | M28: RENDIMIENTO | O28: Vr. UNITARIO
C31: HERRAMIENTA MENOR 5% | M31: 0.05 | O31: =O58*M31 -> 5429.311
C32: SUBTOTAL $ | O32: =SUM(O29:O31) -> 5429.311
C33: II. MATERIALES
C36: DESCRIPCIÓN | K36: UNIDAD | L36: CANTIDAD | M36: PRECIO UNIT. | O36: Vr. UNITARIO
C37: MORTERO 1:4 | K37: M3 | L37: 0.03 | M37: 494775 | O37: =L37*M37 -> 14843.25
C38: PUERTA METALICA ECONOMICA 0,8-2,0M INSTALADO | K38: UND | L38: 0.65 | M38: 998000 | O38: =L38*M38 -> 648700
C42: SUBTOTAL $ | O42: =SUM(O37:O41) -> 663543.25
C43: III. TRANSPORTES
C46: MATERIAL | J46: VOL. o PESO | K46: DISTANCIA | L46: M3 o Ton/Km | M46: TARIFA | O46: Vr. UNITARIO
C49: SUBTOTAL $ | O49: =SUM(O47:O48) -> 0
C50: IV. MANO DE OBRA
C53: TRABAJADOR | J53: JORNAL | K53: PRESTACIONES | L53: JORNAL TOTAL | M53: RENDIMIENTO | O53: Vr. UNITARIO
C54: OFICIAL ESPECIALIZADO | J54: 240235 | K54: 1.13 | L54: =J54*K54 -> 271465.55 | M54: 4 | O54: =IF(M54>0,L54/M54,0) -> 67866.387
C55: AYUDANTE ESPECIALIZADO | J55: 144141 | K55: 1.13 | L55: =J55*K55 -> 162879.33 | M55: 4 | O55: =IF(M55>0,L55/M55,0) -> 40719.832
C58: SUBTOTAL $ | O58: =SUM(O54:O57) -> 108586.22
C60: TOTAL COSTO DIRECTO $ | O60: =ROUND(O32+O42+O49+O58,0) -> 777559
C61: V. COSTOS INDIRECTOS
C64: Descripción | L64: Porcentaje | M64: Valor Total
C65: ADMINISTRACION | L65: 0.3 | M65: =O60 -> 777559 | O65: =ROUNDDOWN(L65*M65,0) -> 233267
C66: UTILIDAD | L66: 0.05 | M66: =O60 -> 777559 | O66: =ROUNDDOWN(L66*M66,0) -> 38877
C67: SUBTOTAL $ | O67: =SUM(O65:O66) -> 272144
C69: Precio Unitario Total Aproximado al peso $ | O69: =ROUND(O60+O67,2) -> 1049703
H72: Firma
H73: Nombre:
H74: Representante Legal del Contratista o su Apoderado
H75: Matricula No. :
C77: OBSERVACIONES INTERVENTORÍA
C79: APROBACIÓN POR INTERVENTORÍA
C80: Nota 1: Cuando se trate de Análisis de precios unitarios correspondientes a ítems de la propuesta económica aprobada, el Interventor aprueba el desglose de los componentes manteniendo el mismo precio unitario de cada ítem, cumpliendo con las especificaciones de construcción vigentes para el proyecto.
C82: Nota 2: Cuando se trate de Análisis de precios unitarios de ítems no previstos, el Interventor aprueba el desglose y precio unitario de cada ítem no previsto, exigiendo la aplicación de los costos correspondientes a insumos y tarifas de la propuesta económica inicial cuando estén contemplados, cumpliendo con las especificaciones de construcción vigente para el proyecto.
H85: Firma
H86: Nombre:
H87: Representante Legal del Interventor o su Apoderado
H88: Matricula No. :

Sheet ITEM DE PAGO 5,01
B1: Formulario 1 - Propuesta económica - Documento tipo de selección abreviada de menor cuantía
B2: Versión: 1 del 21 de agosto de 2025
C5: [La entidad podrá utilizar este formato para la presentación de los análisis de precios unitarios el contratista en la oportunidad prevista en el numeral 8.2. del Documento Base]
D8: ALCALDIA DE VILLA DEL ROSARIO
L9: VERSIÓN
D10: PROYECTO SALÓN COMUNAL GRAN COLOMBIA
L11: PÁGINA | M11: 1 | N11: DE | O11: 1
D13: ANALISIS DE PRECIOS UNITARIOS
L15: FECHA | M15: DD | N15: MM | O15: AA
C21: DATOS ESPECÍFICOS
C23: ITEM | D23: DESCRIPCIÓN | M23: UNIDAD | O23: CANTIDAD
C24: 5.01 | D24: =VLOOKUP(C24,'PRESUPUESTO OFICIAL (Entidad)'!$C$15:$I$106,5,FALSE()) -> SUMINISTRO E INSTLACION DE PUNTO HIDRAULICO | M24: =VLOOKUP(C24,'PRESUPUESTO OFICIAL (Entidad)'!$C$15:$I$106,6,FALSE()) -> UND | O24: =VLOOKUP(C24,'PRESUPUESTO OFICIAL (Entidad)'!$C$15:$I$106,7,FALSE()) -> 7
C25: I. EQUIPO
C28: DESCRIPCIÓN | H28: MARCA | J28: TIPO | L28: TARIFA/HORA | M28: RENDIMIENTO | O28: Vr. UNITARIO
C31: HERRAMIENTA MENOR 5% | M31: 0.05 | O31: =O66*M31 -> 1696.6554
C32: SUBTOTAL $ | O32: =SUM(O29:O31) -> 1696.6554
C33: II. MATERIALES
C36: DESCRIPCIÓN | K36: UNIDAD | L36: CANTIDAD | M36: PRECIO UNIT. | O36: Vr. UNITARIO
C37: Tubo PVC PRESEION 1/2 " | K37: ML | L37: 2.6 | M37: 3000 | O37: =L37*M37 -> 7800
C38: Tubo PVC PRESEION 3/4 " | K38: ML | L38: 0.9 | M38: 6000 | O38: =L38*M38 -> 5400
C39: Tubo PVC PRESEION 1 " | K39: ML | L39: 0.6 | M39: 7000 | O39: =L39*M39 -> 4200
C40: Tubo PVC PRESEION 1 1/2" | K40: ML | L40: 0.9 | M40: 9000 | O40: =L40*M40 -> 8100
C41: Adaptador Macho 1/2 Presión | K41: UND | L41: 2 | M41: 500 | O41: =L41*M41 -> 1000
C42: Cinta teflon | K42: ROLLO | L42: 0.5 | M42: 3500 | O42: =L42*M42 -> 1750
C43: Codo 90 presion 1/2" | K43: UND | L43: 3 | M43: 700 | O43: =L43*M43 -> 2100
C44: Codo 90 presion 3/4" | K44: UND | L44: 1 | M44: 1500 | O44: =L44*M44 -> 1500
C45: Codo 90 presion 1" | K45: UND | L45: 1 | M45: 3500 | O45: =L45*M45 -> 3500
C46: Tee PVC presion 1/2" | K46: UND | L46: 1 | M46: 700 | O46: =L46*M46 -> 700
C47: Limpiador removedor pvc | K47: 1/4GL | L47: 0.05 | M47: 45000 | O47: =L47*M47 -> 2250
C48: soldadura liquida pvc | K48: 1/4GL | L48: 0.05 | M48: 120000 | O48: =L48*M48 -> 6000
C50: SUBTOTAL $ | O50: =SUM(O37:O49) -> 44300
C51: III. TRANSPORTES
C54: MATERIAL | J54: VOL. o PESO | K54: DISTANCIA | L54: M3 o Ton/Km | M54: TARIFA | O54: Vr. UNITARIO
C57: SUBTOTAL $ | O57: =SUM(O55:O56) -> 0
C58: IV. MANO DE OBRA
C61: TRABAJADOR | J61: JORNAL | K61: PRESTACIONES | L61: JORNAL TOTAL | M61: RENDIMIENTO | O61: Vr. UNITARIO
C62: 1 OFICIAL + 1 AYUDANTES | J62: 300293 | K62: 1.13 | L62: =J62*K62 -> 339331.09 | M62: 10 | O62: =IF(M62>0,L62/M62,0) -> 33933.109
C66: SUBTOTAL $ | O66: =SUM(O62:O65) -> 33933.109
C68: TOTAL COSTO DIRECTO $ | O68: =ROUND(O32+O50+O57+O66,0) -> 79930
C69: V. COSTOS INDIRECTOS
C72: Descripción | L72: Porcentaje | M72: Valor Total
C73: ADMINISTRACION | L73: 0.3 | M73: =O68 -> 79930 | O73: =L73*M73 -> 23979
C74: UTILIDAD | L74: 0.05 | M74: =O68 -> 79930 | O74: =ROUND(L74*M74,0) -> 3997
C75: SUBTOTAL $ | O75: =SUM(O73:O74) -> 27976
C77: Precio Unitario Total Aproximado al peso $ | O77: =ROUND(O68+O75,2) -> 107906
H80: Firma
H81: Nombre:
H82: Representante Legal del Contratista o su Apoderado
H83: Matricula No. :
C85: OBSERVACIONES INTERVENTORÍA
C87: APROBACIÓN POR INTERVENTORÍA
C88: Nota 1: Cuando se trate de Análisis de precios unitarios correspondientes a ítems de la propuesta económica aprobada, el Interventor aprueba el desglose de los componentes manteniendo el mismo precio unitario de cada ítem, cumpliendo con las especificaciones de construcción vigentes para el proyecto.
C90: Nota 2: Cuando se trate de Análisis de precios unitarios de ítems no previstos, el Interventor aprueba el desglose y precio unitario de cada ítem no previsto, exigiendo la aplicación de los costos correspondientes a insumos y tarifas de la propuesta económica inicial cuando estén contemplados, cumpliendo con las especificaciones de construcción vigente para el proyecto.
H93: Firma
H94: Nombre:
H95: Representante Legal del Interventor o su Apoderado
H96: Matricula No. :

Sheet ITEM DE PAGO 5,02
B1: Formulario 1 - Propuesta económica - Documento tipo de selección abreviada de menor cuantía
B2: Versión: 1 del 21 de agosto de 2025
C5: [La entidad podrá utilizar este formato para la presentación de los análisis de precios unitarios el contratista en la oportunidad prevista en el numeral 8.2. del Documento Base]
D8: ALCALDIA DE VILLA DEL ROSARIO
L9: VERSIÓN
D10: PROYECTO SALÓN COMUNAL GRAN COLOMBIA
L11: PÁGINA | M11: 1 | N11: DE | O11: 1
D13: ANALISIS DE PRECIOS UNITARIOS
L15: FECHA | M15: DD | N15: MM | O15: AA
C21: DATOS ESPECÍFICOS
C23: ITEM | D23: DESCRIPCIÓN | M23: UNIDAD | O23: CANTIDAD
C24: 5.02 | D24: =VLOOKUP(C24,'PRESUPUESTO OFICIAL (Entidad)'!$C$15:$I$106,5,FALSE()) -> TUBERIA AGUA PRESION PVC 1/2" | M24: =VLOOKUP(C24,'PRESUPUESTO OFICIAL (Entidad)'!$C$15:$I$106,6,FALSE()) -> ML | O24: =VLOOKUP(C24,'PRESUPUESTO OFICIAL (Entidad)'!$C$15:$I$106,7,FALSE()) -> 40.3
C25: I. EQUIPO
C28: DESCRIPCIÓN | H28: MARCA | J28: TIPO | L28: TARIFA/HORA | M28: RENDIMIENTO | O28: Vr. UNITARIO
C31: HERRAMIENTA MENOR 5% | M31: 0.05 | O31: =O58*M31 -> 848.32772
C32: SUBTOTAL $ | O32: =SUM(O29:O31) -> 848.32772
C33: II. MATERIALES
C36: DESCRIPCIÓN | K36: UNIDAD | L36: CANTIDAD | M36: PRECIO UNIT. | O36: Vr. UNITARIO
C37: Tubo PVC PRESEION 1/2 " | K37: ML | L37: 1.1 | M37: 3000 | O37: =L37*M37 -> 3300
C38: Codo 90 presion 1/2" | K38: UND | L38: 0.35 | M38: 700 | O38: =L38*M38 -> 245
C39: Limpiador removedor pvc | K39: 1/4GL | L39: 0.05 | M39: 45000 | O39: =L39*M39 -> 2250
C40: soldadura liquida pvc | K40: 1/4GL | L40: 0.05 | M40: 120000 | O40: =L40*M40 -> 6000
C42: SUBTOTAL $ | O42: =SUM(O37:O41) -> 11795
C43: III. TRANSPORTES
C46: MATERIAL | J46: VOL. o PESO | K46: DISTANCIA | L46: M3 o Ton/Km | M46: TARIFA | O46: Vr. UNITARIO
C49: SUBTOTAL $ | O49: =SUM(O47:O48) -> 0
C50: IV. MANO DE OBRA
C53: TRABAJADOR | J53: JORNAL | K53: PRESTACIONES | L53: JORNAL TOTAL | M53: RENDIMIENTO | O53: Vr. UNITARIO
C54: 1 OFICIAL + 1 AYUDANTES | J54: 300293 | K54: 1.13 | L54: =J54*K54 -> 339331.09 | M54: 20 | O54: =IF(M54>0,L54/M54,0) -> 16966.554
C58: SUBTOTAL $ | O58: =SUM(O54:O57) -> 16966.554
C60: TOTAL COSTO DIRECTO $ | O60: =ROUND(O32+O42+O49+O58,0) -> 29610
C61: V. COSTOS INDIRECTOS
C64: Descripción | L64: Porcentaje | M64: Valor Total
C65: ADMINISTRACION | L65: 0.3 | M65: =O60 -> 29610 | O65: =L65*M65 -> 8883
C66: UTILIDAD | L66: 0.05 | M66: =O60 -> 29610 | O66: =ROUND(L66*M66,0) -> 1481
C67: SUBTOTAL $ | O67: =SUM(O65:O66) -> 10364
C69: Precio Unitario Total Aproximado al peso $ | O69: =ROUND(O60+O67,2) -> 39974
H72: Firma
H73: Nombre:
H74: Representante Legal del Contratista o su Apoderado
H75: Matricula No. :
C77: OBSERVACIONES INTERVENTORÍA
C79: APROBACIÓN POR INTERVENTORÍA
C80: Nota 1: Cuando se trate de Análisis de precios unitarios correspondientes a ítems de la propuesta económica aprobada, el Interventor aprueba el desglose de los componentes manteniendo el mismo precio unitario de cada ítem, cumpliendo con las especificaciones de construcción vigentes para el proyecto.
C82: Nota 2: Cuando se trate de Análisis de precios unitarios de ítems no previstos, el Interventor aprueba el desglose y precio unitario de cada ítem no previsto, exigiendo la aplicación de los costos correspondientes a insumos y tarifas de la propuesta económica inicial cuando estén contemplados, cumpliendo con las especificaciones de construcción vigente para el proyecto.
H85: Firma
H86: Nombre:
H87: Representante Legal del Interventor o su Apoderado
H88: Matricula No. :

Sheet ITEM DE PAGO 5,03
B1: Formulario 1 - Propuesta económica - Documento tipo de selección abreviada de menor cuantía
B2: Versión: 1 del 21 de agosto de 2025
C5: [La entidad podrá utilizar este formato para la presentación de los análisis de precios unitarios el contratista en la oportunidad prevista en el numeral 8.2. del Documento Base]
D8: ALCALDIA DE VILLA DEL ROSARIO
L9: VERSIÓN
D10: PROYECTO SALÓN COMUNAL GRAN COLOMBIA
L11: PÁGINA | M11: 1 | N11: DE | O11: 1
D13: ANALISIS DE PRECIOS UNITARIOS
L15: FECHA | M15: DD | N15: MM | O15: AA
C21: DATOS ESPECÍFICOS
C23: ITEM | D23: DESCRIPCIÓN | M23: UNIDAD | O23: CANTIDAD
C24: 5.03 | D24: =VLOOKUP(C24,'PRESUPUESTO OFICIAL (Entidad)'!$C$15:$I$106,5,FALSE()) -> REGISTRO DE 1/2" | M24: =VLOOKUP(C24,'PRESUPUESTO OFICIAL (Entidad)'!$C$15:$I$106,6,FALSE()) -> UND | O24: =VLOOKUP(C24,'PRESUPUESTO OFICIAL (Entidad)'!$C$15:$I$106,7,FALSE()) -> 1
C25: I. EQUIPO
C28: DESCRIPCIÓN | H28: MARCA | J28: TIPO | L28: TARIFA/HORA | M28: RENDIMIENTO | O28: Vr. UNITARIO
C31: HERRAMIENTA MENOR 5% | M31: 0.05 | O31: =O58*M31 -> 1131.1036
C32: SUBTOTAL $ | O32: =SUM(O29:O31) -> 1131.1036
C33: II. MATERIALES
C36: DESCRIPCIÓN | K36: UNIDAD | L36: CANTIDAD | M36: PRECIO UNIT. | O36: Vr. UNITARIO
C37: Llave de paso 1/2" | K37: UND | L37: 1 | M37: 55000 | O37: =L37*M37 -> 55000
C38: Adaptador hembra 1/2" | K38: UND | L38: 1 | M38: 2100 | O38: =L38*M38 -> 2100
C39: Adaptador macho 1/2" | K39: UND | L39: 1 | M39: 7900 | O39: =L39*M39 -> 7900
C40: Cinta teflon | K40: ROLLO | L40: 0.1 | M40: 3500 | O40: =L40*M40 -> 350
C42: SUBTOTAL $ | O42: =SUM(O37:O41) -> 65350
C43: III. TRANSPORTES
C46: MATERIAL | J46: VOL. o PESO | K46: DISTANCIA | L46: M3 o Ton/Km | M46: TARIFA | O46: Vr. UNITARIO
C49: SUBTOTAL $ | O49: =SUM(O47:O48) -> 0
C50: IV. MANO DE OBRA
C53: TRABAJADOR | J53: JORNAL | K53: PRESTACIONES | L53: JORNAL TOTAL | M53: RENDIMIENTO | O53: Vr. UNITARIO
C54: 1 OFICIAL + 1 AYUDANTES | J54: 300293 | K54: 1.13 | L54: =J54*K54 -> 339331.09 | M54: 15 | O54: =IF(M54>0,L54/M54,0) -> 22622.073
C58: SUBTOTAL $ | O58: =SUM(O54:O57) -> 22622.073
C60: TOTAL COSTO DIRECTO $ | O60: =ROUND(O32+O42+O49+O58,0) -> 89103
C61: V. COSTOS INDIRECTOS
C64: Descripción | L64: Porcentaje | M64: Valor Total
C65: ADMINISTRACION | L65: 0.3 | M65: =O60 -> 89103 | O65: =ROUND(L65*M65,0) -> 26731
C66: UTILIDAD | L66: 0.05 | M66: =O60 -> 89103 | O66: =ROUND(L66*M66,0) -> 4455
C67: SUBTOTAL $ | O67: =SUM(O65:O66) -> 31186
C69: Precio Unitario Total Aproximado al peso $ | O69: =ROUND(O60+O67,2) -> 120289
H72: Firma
H73: Nombre:
H74: Representante Legal del Contratista o su Apoderado
H75: Matricula No. :
C77: OBSERVACIONES INTERVENTORÍA
C79: APROBACIÓN POR INTERVENTORÍA
C80: Nota 1: Cuando se trate de Análisis de precios unitarios correspondientes a ítems de la propuesta económica aprobada, el Interventor aprueba el desglose de los componentes manteniendo el mismo precio unitario de cada ítem, cumpliendo con las especificaciones de construcción vigentes para el proyecto.
C82: Nota 2: Cuando se trate de Análisis de precios unitarios de ítems no previstos, el Interventor aprueba el desglose y precio unitario de cada ítem no previsto, exigiendo la aplicación de los costos correspondientes a insumos y tarifas de la propuesta económica inicial cuando estén contemplados, cumpliendo con las especificaciones de construcción vigente para el proyecto.
H85: Firma
H86: Nombre:
H87: Representante Legal del Interventor o su Apoderado
H88: Matricula No. :

Sheet ITEM DE PAGO 5,04
B1: Formulario 1 - Propuesta económica - Documento tipo de selección abreviada de menor cuantía
B2: Versión: 1 del 21 de agosto de 2025
C5: [La entidad podrá utilizar este formato para la presentación de los análisis de precios unitarios el contratista en la oportunidad prevista en el numeral 8.2. del Documento Base]
D8: ALCALDIA DE VILLA DEL ROSARIO
L9: VERSIÓN
D10: PROYECTO SALÓN COMUNAL GRAN COLOMBIA
L11: PÁGINA | M11: 1 | N11: DE | O11: 1
D13: ANALISIS DE PRECIOS UNITARIOS
L15: FECHA | M15: DD | N15: MM | O15: AA
C21: DATOS ESPECÍFICOS
C23: ITEM | D23: DESCRIPCIÓN | M23: UNIDAD | O23: CANTIDAD
C24: 5.04 | D24: =VLOOKUP(C24,'PRESUPUESTO OFICIAL (Entidad)'!$C$15:$I$106,5,FALSE()) -> REGISTRO DE 3/4" | M24: =VLOOKUP(C24,'PRESUPUESTO OFICIAL (Entidad)'!$C$15:$I$106,6,FALSE()) -> UND | O24: =VLOOKUP(C24,'PRESUPUESTO OFICIAL (Entidad)'!$C$15:$I$106,7,FALSE()) -> 1
C25: I. EQUIPO
C28: DESCRIPCIÓN | H28: MARCA | J28: TIPO | L28: TARIFA/HORA | M28: RENDIMIENTO | O28: Vr. UNITARIO
C31: HERRAMIENTA MENOR 5% | M31: 0.05 | O31: =O58*M31 -> 1131.1036
C32: SUBTOTAL $ | O32: =SUM(O29:O31) -> 1131.1036
C33: II. MATERIALES
C36: DESCRIPCIÓN | K36: UNIDAD | L36: CANTIDAD | M36: PRECIO UNIT. | O36: Vr. UNITARIO
C37: VALVULA DE BOLA 3/4" | K37: UND | L37: 1 | M37: 69000 | O37: =L37*M37 -> 69000
C42: SUBTOTAL $ | O42: =SUM(O37:O41) -> 69000
C43: III. TRANSPORTES
C46: MATERIAL | J46: VOL. o PESO | K46: DISTANCIA | L46: M3 o Ton/Km | M46: TARIFA | O46: Vr. UNITARIO
C49: SUBTOTAL $ | O49: =SUM(O47:O48) -> 0
C50: IV. MANO DE OBRA
C53: TRABAJADOR | J53: JORNAL | K53: PRESTACIONES | L53: JORNAL TOTAL | M53: RENDIMIENTO | O53: Vr. UNITARIO
C54: 1 OFICIAL + 1 AYUDANTES | J54: 300293 | K54: 1.13 | L54: =J54*K54 -> 339331.09 | M54: 15 | O54: =IF(M54>0,L54/M54,0) -> 22622.073
C58: SUBTOTAL $ | O58: =SUM(O54:O57) -> 22622.073
C60: TOTAL COSTO DIRECTO $ | O60: =ROUND(O32+O42+O49+O58,0) -> 92753
C61: V. COSTOS INDIRECTOS
C64: Descripción | L64: Porcentaje | M64: Valor Total
C65: ADMINISTRACION | L65: 0.3 | M65: =O60 -> 92753 | O65: =ROUND(L65*M65,0) -> 27826
C66: UTILIDAD | L66: 0.05 | M66: =O60 -> 92753 | O66: =ROUND(L66*M66,0) -> 4638
C67: SUBTOTAL $ | O67: =SUM(O65:O66) -> 32464
C69: Precio Unitario Total Aproximado al peso $ | O69: =ROUND(O60+O67,2) -> 125217
H72: Firma
H73: Nombre:
H74: Representante Legal del Contratista o su Apoderado
H75: Matricula No. :
C77: OBSERVACIONES INTERVENTORÍA
C79: APROBACIÓN POR INTERVENTORÍA
C80: Nota 1: Cuando se trate de Análisis de precios unitarios correspondientes a ítems de la propuesta económica aprobada, el Interventor aprueba el desglose de los componentes manteniendo el mismo precio unitario de cada ítem, cumpliendo con las especificaciones de construcción vigentes para el proyecto.
C82: Nota 2: Cuando se trate de Análisis de precios unitarios de ítems no previstos, el Interventor aprueba el desglose y precio unitario de cada ítem no previsto, exigiendo la aplicación de los costos correspondientes a insumos y tarifas de la propuesta económica inicial cuando estén contemplados, cumpliendo con las especificaciones de construcción vigente para el proyecto.
H85: Firma
H86: Nombre:
H87: Representante Legal del Interventor o su Apoderado
H88: Matricula No. :

Sheet ITEM DE PAGO 5,05
B1: Formulario 1 - Propuesta económica - Documento tipo de selección abreviada de menor cuantía
B2: Versión: 1 del 21 de agosto de 2025
C5: [La entidad podrá utilizar este formato para la presentación de los análisis de precios unitarios el contratista en la oportunidad prevista en el numeral 8.2. del Documento Base]
D8: ALCALDIA DE VILLA DEL ROSARIO
L9: VERSIÓN
D10: PROYECTO SALÓN COMUNAL GRAN COLOMBIA
L11: PÁGINA | M11: 1 | N11: DE | O11: 1
D13: ANALISIS DE PRECIOS UNITARIOS
L15: FECHA | M15: DD | N15: MM | O15: AA
C21: DATOS ESPECÍFICOS
C23: ITEM | D23: DESCRIPCIÓN | M23: UNIDAD | O23: CANTIDAD
C24: 5.05 | D24: =VLOOKUP(C24,'PRESUPUESTO OFICIAL (Entidad)'!$C$15:$I$106,5,FALSE()) -> SUMINISTRO E INSTALACION DE TANQUE ELEVADO plastico de 2000 litros (incluye accesorios como: cheques, uniones y todos los accesorios que sean necesarios para su buen funcionamiento) | M24: =VLOOKUP(C24,'PRESUPUESTO OFICIAL (Entidad)'!$C$15:$I$106,6,FALSE()) -> UND | O24: =VLOOKUP(C24,'PRESUPUESTO OFICIAL (Entidad)'!$C$15:$I$106,7,FALSE()) -> 2
C25: I. EQUIPO
C28: DESCRIPCIÓN | H28: MARCA | J28: TIPO | L28: TARIFA/HORA | M28: RENDIMIENTO | O28: Vr. UNITARIO
C31: HERRAMIENTA MENOR 5% | M31: 0.05 | O31: =O58*M31 -> 8483.2772
C32: SUBTOTAL $ | O32: =SUM(O29:O31) -> 8483.2772
C33: II. MATERIALES
C36: DESCRIPCIÓN | K36: UNIDAD | L36: CANTIDAD | M36: PRECIO UNIT. | O36: Vr. UNITARIO
C37: TANQUE DE ALMACENAMIENTO DE AGUA 2000LT | K37: UND | L37: 1 | M37: 1283880 | O37: =L37*M37 -> 1283880
C38: CINTA TEFLON | K38: ROLLO | L38: 0.1 | M38: 3500 | O38: =L38*M38 -> 350
C42: SUBTOTAL $ | O42: =SUM(O37:O41) -> 1284230
C43: III. TRANSPORTES
C46: MATERIAL | J46: VOL. o PESO | K46: DISTANCIA | L46: M3 o Ton/Km | M46: TARIFA | O46: Vr. UNITARIO
C49: SUBTOTAL $ | O49: =SUM(O47:O48) -> 0
C50: IV. MANO DE OBRA
C53: TRABAJADOR | J53: JORNAL | K53: PRESTACIONES | L53: JORNAL TOTAL | M53: RENDIMIENTO | O53: Vr. UNITARIO
C54: 1 OFICIAL + 1 AYUDANTES | J54: 300293 | K54: 1.13 | L54: =J54*K54 -> 339331.09 | M54: 2 | O54: =IF(M54>0,L54/M54,0) -> 169665.54
C58: SUBTOTAL $ | O58: =SUM(O54:O57) -> 169665.54
C60: TOTAL COSTO DIRECTO $ | O60: =ROUND(O32+O42+O49+O58,0) -> 1462379
C61: V. COSTOS INDIRECTOS
C64: Descripción | L64: Porcentaje | M64: Valor Total
C65: ADMINISTRACION | L65: 0.3 | M65: =O60 -> 1462379 | O65: =ROUND(L65*M65,0) -> 438714
C66: UTILIDAD | L66: 0.05 | M66: =O60 -> 1462379 | O66: =ROUND(L66*M66,0) -> 73119
C67: SUBTOTAL $ | O67: =SUM(O65:O66) -> 511833
C69: Precio Unitario Total Aproximado al peso $ | O69: =ROUND(O60+O67,2) -> 1974212
H72: Firma
H73: Nombre:
H74: Representante Legal del Contratista o su Apoderado
H75: Matricula No. :
C77: OBSERVACIONES INTERVENTORÍA
C79: APROBACIÓN POR INTERVENTORÍA
C80: Nota 1: Cuando se trate de Análisis de precios unitarios correspondientes a ítems de la propuesta económica aprobada, el Interventor aprueba el desglose de los componentes manteniendo el mismo precio unitario de cada ítem, cumpliendo con las especificaciones de construcción vigentes para el proyecto.
C82: Nota 2: Cuando se trate de Análisis de precios unitarios de ítems no previstos, el Interventor aprueba el desglose y precio unitario de cada ítem no previsto, exigiendo la aplicación de los costos correspondientes a insumos y tarifas de la propuesta económica inicial cuando estén contemplados, cumpliendo con las especificaciones de construcción vigente para el proyecto.
H85: Firma
H86: Nombre:
H87: Representante Legal del Interventor o su Apoderado
H88: Matricula No. :

Sheet ITEM DE PAGO 5,06
B1: Formulario 1 - Propuesta económica - Documento tipo de selección abreviada de menor cuantía
B2: Versión: 1 del 21 de agosto de 2025
C5: [La entidad podrá utilizar este formato para la presentación de los análisis de precios unitarios el contratista en la oportunidad prevista en el numeral 8.2. del Documento Base]
D8: ALCALDIA DE VILLA DEL ROSARIO
L9: VERSIÓN
D10: PROYECTO SALÓN COMUNAL GRAN COLOMBIA
L11: PÁGINA | M11: 1 | N11: DE | O11: 1
D13: ANALISIS DE PRECIOS UNITARIOS
L15: FECHA | M15: DD | N15: MM | O15: AA
C21: DATOS ESPECÍFICOS
C23: ITEM | D23: DESCRIPCIÓN | M23: UNIDAD | O23: CANTIDAD
C24: 5.06 | D24: =VLOOKUP(C24,'PRESUPUESTO OFICIAL (Entidad)'!$C$15:$I$106,5,FALSE()) -> SALIDAS SANITARIAS PVC-S Ø3" - Ø4" | M24: =VLOOKUP(C24,'PRESUPUESTO OFICIAL (Entidad)'!$C$15:$I$106,6,FALSE()) -> UND | O24: =VLOOKUP(C24,'PRESUPUESTO OFICIAL (Entidad)'!$C$15:$I$106,7,FALSE()) -> 10
C25: I. EQUIPO
C28: DESCRIPCIÓN | H28: MARCA | J28: TIPO | L28: TARIFA/HORA | M28: RENDIMIENTO | O28: Vr. UNITARIO
C31: HERRAMIENTA MENOR 5% | M31: 0.05 | O31: =O58*M31 -> 2120.8193
C32: SUBTOTAL $ | O32: =SUM(O29:O31) -> 2120.8193
C33: II. MATERIALES
C36: DESCRIPCIÓN | K36: UNIDAD | L36: CANTIDAD | M36: PRECIO UNIT. | O36: Vr. UNITARIO
C37: Tubo pvc sanitario 4" | K37: ML | L37: 2.05 | M37: 15600 | O37: =L37*M37 -> 31980
C38: Tapon de prueba sanitario 4" | K38: UND | L38: 1 | M38: 4000 | O38: =L38*M38 -> 4000
C39: Codo 90 x 4 CxC Sanitaria | K39: UND | L39: 2 | M39: 10000 | O39: =L39*M39 -> 20000
C40: Limpiador removedor pvc | K40: 1/4GL | L40: 0.08 | M40: 45000 | O40: =L40*M40 -> 3600
C41: soldadura liquida pvc | K41: 1/4GL | L41: 0.08 | M41: 120000 | O41: =L41*M41 -> 9600
C42: SUBTOTAL $ | O42: =SUM(O37:O41) -> 69180
C43: III. TRANSPORTES
C46: MATERIAL | J46: VOL. o PESO | K46: DISTANCIA | L46: M3 o Ton/Km | M46: TARIFA | O46: Vr. UNITARIO
C49: SUBTOTAL $ | O49: =SUM(O47:O48) -> 0
C50: IV. MANO DE OBRA
C53: TRABAJADOR | J53: JORNAL | K53: PRESTACIONES | L53: JORNAL TOTAL | M53: RENDIMIENTO | O53: Vr. UNITARIO
C54: 1 OFICIAL + 1 AYUDANTES | J54: 300293 | K54: 1.13 | L54: =J54*K54 -> 339331.09 | M54: 8 | O54: =IF(M54>0,L54/M54,0) -> 42416.386
C58: SUBTOTAL $ | O58: =SUM(O54:O57) -> 42416.386
C60: TOTAL COSTO DIRECTO $ | O60: =ROUND(O32+O42+O49+O58,0) -> 113717
C61: V. COSTOS INDIRECTOS
C64: Descripción | L64: Porcentaje | M64: Valor Total
C65: ADMINISTRACION | L65: 0.3 | M65: =O60 -> 113717 | O65: =ROUND(L65*M65,0) -> 34115
C66: UTILIDAD | L66: 0.05 | M66: =O60 -> 113717 | O66: =ROUND(L66*M66,0) -> 5686
C67: SUBTOTAL $ | O67: =SUM(O65:O66) -> 39801
C69: Precio Unitario Total Aproximado al peso $ | O69: =ROUND(O60+O67,2) -> 153518
H72: Firma
H73: Nombre:
H74: Representante Legal del Contratista o su Apoderado
H75: Matricula No. :
C77: OBSERVACIONES INTERVENTORÍA
C79: APROBACIÓN POR INTERVENTORÍA
C80: Nota 1: Cuando se trate de Análisis de precios unitarios correspondientes a ítems de la propuesta económica aprobada, el Interventor aprueba el desglose de los componentes manteniendo el mismo precio unitario de cada ítem, cumpliendo con las especificaciones de construcción vigentes para el proyecto.
C82: Nota 2: Cuando se trate de Análisis de precios unitarios de ítems no previstos, el Interventor aprueba el desglose y precio unitario de cada ítem no previsto, exigiendo la aplicación de los costos correspondientes a insumos y tarifas de la propuesta económica inicial cuando estén contemplados, cumpliendo con las especificaciones de construcción vigente para el proyecto.
H85: Firma
H86: Nombre:
H87: Representante Legal del Interventor o su Apoderado
H88: Matricula No. :

Sheet ITEM DE PAGO 5,07
B1: Formulario 1 - Propuesta económica - Documento tipo de selección abreviada de menor cuantía
B2: Versión: 1 del 21 de agosto de 2025
C5: [La entidad podrá utilizar este formato para la presentación de los análisis de precios unitarios el contratista en la oportunidad prevista en el numeral 8.2. del Documento Base]
D8: ALCALDIA DE VILLA DEL ROSARIO
L9: VERSIÓN
D10: PROYECTO SALÓN COMUNAL GRAN COLOMBIA
L11: PÁGINA | M11: 1 | N11: DE | O11: 1
D13: ANALISIS DE PRECIOS UNITARIOS
L15: FECHA | M15: DD | N15: MM | O15: AA
C21: DATOS ESPECÍFICOS
C23: ITEM | D23: DESCRIPCIÓN | M23: UNIDAD | O23: CANTIDAD
C24: 5.07 | D24: =VLOOKUP(C24,'PRESUPUESTO OFICIAL (Entidad)'!$C$15:$I$106,5,FALSE()) -> TUBERIA AGUAS SERVIDAS PVC D = 2" | M24: =VLOOKUP(C24,'PRESUPUESTO OFICIAL (Entidad)'!$C$15:$I$106,6,FALSE()) -> ML | O24: =VLOOKUP(C24,'PRESUPUESTO OFICIAL (Entidad)'!$C$15:$I$106,7,FALSE()) -> 12
C25: I. EQUIPO
C28: DESCRIPCIÓN | H28: MARCA | J28: TIPO | L28: TARIFA/HORA | M28: RENDIMIENTO | O28: Vr. UNITARIO
C31: HERRAMIENTA MENOR 5% | M31: 0.05 | O31: =O58*M31 -> 848.32772
C32: SUBTOTAL $ | O32: =SUM(O29:O31) -> 848.32772
C33: II. MATERIALES
C36: DESCRIPCIÓN | K36: UNIDAD | L36: CANTIDAD | M36: PRECIO UNIT. | O36: Vr. UNITARIO
C37: Tubo pvc sanitario 2" | K37: ML | L37: 1.05 | M37: 8000 | O37: =L37*M37 -> 8400
C38: Codo 45 x 2 CxC Sanitaria | K38: UND | L38: 1 | M38: 6000 | O38: =L38*M38 -> 6000
C39: Limpiador removedor pvc | K39: 1/4 GAL | L39: 0.08 | M39: 45000 | O39: =L39*M39 -> 3600
C40: soldadura liquida pvc | K40: 1/4 GAL | L40: 0.08 | M40: 120000 | O40: =L40*M40 -> 9600
C42: SUBTOTAL $ | O42: =SUM(O37:O41) -> 27600
C43: III. TRANSPORTES
C46: MATERIAL | J46: VOL. o PESO | K46: DISTANCIA | L46: M3 o Ton/Km | M46: TARIFA | O46: Vr. UNITARIO
C49: SUBTOTAL $ | O49: =SUM(O47:O48) -> 0
C50: IV. MANO DE OBRA
C53: TRABAJADOR | J53: JORNAL | K53: PRESTACIONES | L53: JORNAL TOTAL | M53: RENDIMIENTO | O53: Vr. UNITARIO
C54: 1 OFICIAL + 1 AYUDANTES | J54: 300293 | K54: 1.13 | L54: =J54*K54 -> 339331.09 | M54: 20 | O54: =IF(M54>0,L54/M54,0) -> 16966.554
C58: SUBTOTAL $ | O58: =SUM(O54:O57) -> 16966.554
C60: TOTAL COSTO DIRECTO $ | O60: =ROUND(O32+O42+O49+O58,0) -> 45415
C61: V. COSTOS INDIRECTOS
C64: Descripción | L64: Porcentaje | M64: Valor Total
C65: ADMINISTRACION | L65: 0.3 | M65: =O60 -> 45415 | O65: =ROUNDDOWN(L65*M65,0) -> 13624
C66: UTILIDAD | L66: 0.05 | M66: =O60 -> 45415 | O66: =ROUND(L66*M66,0) -> 2271
C67: SUBTOTAL $ | O67: =SUM(O65:O66) -> 15895
C69: Precio Unitario Total Aproximado al peso $ | O69: =ROUND(O60+O67,2) -> 61310
H72: Firma
H73: Nombre:
H74: Representante Legal del Contratista o su Apoderado
H75: Matricula No. :
C77: OBSERVACIONES INTERVENTORÍA
C79: APROBACIÓN POR INTERVENTORÍA
C80: Nota 1: Cuando se trate de Análisis de precios unitarios correspondientes a ítems de la propuesta económica aprobada, el Interventor aprueba el desglose de los componentes manteniendo el mismo precio unitario de cada ítem, cumpliendo con las especificaciones de construcción vigentes para el proyecto.
C82: Nota 2: Cuando se trate de Análisis de precios unitarios de ítems no previstos, el Interventor aprueba el desglose y precio unitario de cada ítem no previsto, exigiendo la aplicación de los costos correspondientes a insumos y tarifas de la propuesta económica inicial cuando estén contemplados, cumpliendo con las especificaciones de construcción vigente para el proyecto.
H85: Firma
H86: Nombre:
H87: Representante Legal del Interventor o su Apoderado
H88: Matricula No. :

Sheet ITEM DE PAGO 5,08
B1: Formulario 1 - Propuesta económica - Documento tipo de selección abreviada de menor cuantía
B2: Versión: 1 del 21 de agosto de 2025
C5: [La entidad podrá utilizar este formato para la presentación de los análisis de precios unitarios el contratista en la oportunidad prevista en el numeral 8.2. del Documento Base]
D8: ALCALDIA DE VILLA DEL ROSARIO
L9: VERSIÓN
D10: PROYECTO SALÓN COMUNAL GRAN COLOMBIA
L11: PÁGINA | M11: 1 | N11: DE | O11: 1
D13: ANALISIS DE PRECIOS UNITARIOS
L15: FECHA | M15: DD | N15: MM | O15: AA
C21: DATOS ESPECÍFICOS
C23: ITEM | D23: DESCRIPCIÓN | M23: UNIDAD | O23: CANTIDAD
C24: 5.08 | D24: =VLOOKUP(C24,'PRESUPUESTO OFICIAL (Entidad)'!$C$15:$I$106,5,FALSE()) -> TUBERIA AGUAS SERVIDAS PVC D = 4" | M24: =VLOOKUP(C24,'PRESUPUESTO OFICIAL (Entidad)'!$C$15:$I$106,6,FALSE()) -> ML | O24: =VLOOKUP(C24,'PRESUPUESTO OFICIAL (Entidad)'!$C$15:$I$106,7,FALSE()) -> 40
C25: I. EQUIPO
C28: DESCRIPCIÓN | H28: MARCA | J28: TIPO | L28: TARIFA/HORA | M28: RENDIMIENTO | O28: Vr. UNITARIO
C31: HERRAMIENTA MENOR 5% | M31: 0.05 | O31: =O58*M31 -> 848.32772
C32: SUBTOTAL $ | O32: =SUM(O29:O31) -> 848.32772
C33: II. MATERIALES
C36: DESCRIPCIÓN | K36: UNIDAD | L36: CANTIDAD | M36: PRECIO UNIT. | O36: Vr. UNITARIO
C37: Tubo pvc sanitario 4" | K37: ML | L37: 1.05 | M37: 15600 | O37: =L37*M37 -> 16380
C38: Codo 45 x 4 CxC Sanitaria | K38: UND | L38: 2 | M38: 16000 | O38: =L38*M38 -> 32000
C39: Limpiador removedor pvc | K39: 1/4 GAL | L39: 0.05 | M39: 45000 | O39: =L39*M39 -> 2250
C40: soldadura liquida pvc | K40: 1/4 GAL | L40: 0.05 | M40: 120000 | O40: =L40*M40 -> 6000
C42: SUBTOTAL $ | O42: =SUM(O37:O41) -> 56630
C43: III. TRANSPORTES
C46: MATERIAL | J46: VOL. o PESO | K46: DISTANCIA | L46: M3 o Ton/Km | M46: TARIFA | O46: Vr. UNITARIO
C49: SUBTOTAL $ | O49: =SUM(O47:O48) -> 0
C50: IV. MANO DE OBRA
C53: TRABAJADOR | J53: JORNAL | K53: PRESTACIONES | L53: JORNAL TOTAL | M53: RENDIMIENTO | O53: Vr. UNITARIO
C54: 1 OFICIAL + 1 AYUDANTES | J54: 300293 | K54: 1.13 | L54: =J54*K54 -> 339331.09 | M54: 20 | O54: =IF(M54>0,L54/M54,0) -> 16966.554
C58: SUBTOTAL $ | O58: =SUM(O54:O57) -> 16966.554
C60: TOTAL COSTO DIRECTO $ | O60: =ROUND(O32+O42+O49+O58,0) -> 74445
C61: V. COSTOS INDIRECTOS
C64: Descripción | L64: Porcentaje | M64: Valor Total
C65: ADMINISTRACION | L65: 0.3 | M65: =O60 -> 74445 | O65: =ROUND(L65*M65,0) -> 22334
C66: UTILIDAD | L66: 0.05 | M66: =O60 -> 74445 | O66: =ROUND(L66*M66,0) -> 3722
C67: SUBTOTAL $ | O67: =SUM(O65:O66) -> 26056
C69: Precio Unitario Total Aproximado al peso $ | O69: =ROUND(O60+O67,2) -> 100501
H72: Firma
H73: Nombre:
H74: Representante Legal del Contratista o su Apoderado
H75: Matricula No. :
C77: OBSERVACIONES INTERVENTORÍA
C79: APROBACIÓN POR INTERVENTORÍA
C80: Nota 1: Cuando se trate de Análisis de precios unitarios correspondientes a ítems de la propuesta económica aprobada, el Interventor aprueba el desglose de los componentes manteniendo el mismo precio unitario de cada ítem, cumpliendo con las especificaciones de construcción vigentes para el proyecto.
C82: Nota 2: Cuando se trate de Análisis de precios unitarios de ítems no previstos, el Interventor aprueba el desglose y precio unitario de cada ítem no previsto, exigiendo la aplicación de los costos correspondientes a insumos y tarifas de la propuesta económica inicial cuando estén contemplados, cumpliendo con las especificaciones de construcción vigente para el proyecto.
H85: Firma
H86: Nombre:
H87: Representante Legal del Interventor o su Apoderado
H88: Matricula No. :

Sheet ITEM DE PAGO 5,09
B1: Formulario 1 - Propuesta económica - Documento tipo de selección abreviada de menor cuantía
B2: Versión: 1 del 21 de agosto de 2025
C5: [La entidad podrá utilizar este formato para la presentación de los análisis de precios unitarios el contratista en la oportunidad prevista en el numeral 8.2. del Documento Base]
D8: ALCALDIA DE VILLA DEL ROSARIO
L9: VERSIÓN
D10: PROYECTO SALÓN COMUNAL GRAN COLOMBIA
L11: PÁGINA | M11: 1 | N11: DE | O11: 1
D13: ANALISIS DE PRECIOS UNITARIOS
L15: FECHA | M15: DD | N15: MM | O15: AA
C21: DATOS ESPECÍFICOS
C23: ITEM | D23: DESCRIPCIÓN | M23: UNIDAD | O23: CANTIDAD
C24: 5.09 | D24: =VLOOKUP(C24,'PRESUPUESTO OFICIAL (Entidad)'!$C$15:$I$106,5,FALSE()) -> VIGA CANAL B=25 CM | M24: =VLOOKUP(C24,'PRESUPUESTO OFICIAL (Entidad)'!$C$15:$I$106,6,FALSE()) -> ML | O24: =VLOOKUP(C24,'PRESUPUESTO OFICIAL (Entidad)'!$C$15:$I$106,7,FALSE()) -> 41.6
C25: I. EQUIPO
C28: DESCRIPCIÓN | H28: MARCA | J28: TIPO | L28: TARIFA/HORA | M28: RENDIMIENTO | O28: Vr. UNITARIO
C31: HERRAMIENTA MENOR 5% | M31: 0.05 | O31: =O58*M31 -> 4343.4488
C32: SUBTOTAL $ | O32: =SUM(O29:O31) -> 4343.4488
C33: II. MATERIALES
C36: DESCRIPCIÓN | K36: UNIDAD | L36: CANTIDAD | M36: PRECIO UNIT. | O36: Vr. UNITARIO
C37: LAMINA GALVANIZADA CAL 22 | K37: ML | L37: 2.2 | M37: 9800 | O37: =L37*M37 -> 21560
C38: SOPORTES METALICOS | K38: UND | L38: 3 | M38: 6500 | O38: =L38*M38 -> 19500
C42: SUBTOTAL $ | O42: =SUM(O37:O41) -> 41060
C43: III. TRANSPORTES
C46: MATERIAL | J46: VOL. o PESO | K46: DISTANCIA | L46: M3 o Ton/Km | M46: TARIFA | O46: Vr. UNITARIO
C49: SUBTOTAL $ | O49: =SUM(O47:O48) -> 0
C50: IV. MANO DE OBRA
C53: TRABAJADOR | J53: JORNAL | K53: PRESTACIONES | L53: JORNAL TOTAL | M53: RENDIMIENTO | O53: Vr. UNITARIO
C54: OFICIAL ESPECIALIZADO | J54: 240235 | K54: 1.13 | L54: =J54*K54 -> 271465.55 | M54: 5 | O54: =IF(M54>0,L54/M54,0) -> 54293.11
C55: AYUDANTE ESPECIALIZADO | J55: 144141 | K55: =+K54 -> 1.13 | L55: =J55*K55 -> 162879.33 | M55: 5 | O55: =IF(M55>0,L55/M55,0) -> 32575.866
C58: SUBTOTAL $ | O58: =SUM(O54:O57) -> 86868.976
C60: TOTAL COSTO DIRECTO $ | O60: =ROUND(O32+O42+O49+O58,0) -> 132272
C61: V. COSTOS INDIRECTOS
C64: Descripción | L64: Porcentaje | M64: Valor Total
C65: ADMINISTRACION | L65: 0.3 | M65: =O60 -> 132272 | O65: =ROUND(L65*M65,0) -> 39682
C66: UTILIDAD | L66: 0.05 | M66: =O60 -> 132272 | O66: =ROUNDDOWN(L66*M66,0) -> 6613
C67: SUBTOTAL $ | O67: =SUM(O65:O66) -> 46295
C69: Precio Unitario Total Aproximado al peso $ | O69: =ROUND(O60+O67,2) -> 178567
H72: Firma
H73: Nombre:
H74: Representante Legal del Contratista o su Apoderado
H75: Matricula No. :
C77: OBSERVACIONES INTERVENTORÍA
C79: APROBACIÓN POR INTERVENTORÍA
C80: Nota 1: Cuando se trate de Análisis de precios unitarios correspondientes a ítems de la propuesta económica aprobada, el Interventor aprueba el desglose de los componentes manteniendo el mismo precio unitario de cada ítem, cumpliendo con las especificaciones de construcción vigentes para el proyecto.
C82: Nota 2: Cuando se trate de Análisis de precios unitarios de ítems no previstos, el Interventor aprueba el desglose y precio unitario de cada ítem no previsto, exigiendo la aplicación de los costos correspondientes a insumos y tarifas de la propuesta económica inicial cuando estén contemplados, cumpliendo con las especificaciones de construcción vigente para el proyecto.
H85: Firma
H86: Nombre:
H87: Representante Legal del Interventor o su Apoderado
H88: Matricula No. :

Sheet ITEM DE PAGO 5,10
B1: Formulario 1 - Propuesta económica - Documento tipo de selección abreviada de menor cuantía
B2: Versión: 1 del 21 de agosto de 2025
C5: [La entidad podrá utilizar este formato para la presentación de los análisis de precios unitarios el contratista en la oportunidad prevista en el numeral 8.2. del Documento Base]
D8: ALCALDIA DE VILLA DEL ROSARIO
L9: VERSIÓN
D10: PROYECTO SALÓN COMUNAL GRAN COLOMBIA
L11: PÁGINA | M11: 1 | N11: DE | O11: 1
D13: ANALISIS DE PRECIOS UNITARIOS
L15: FECHA | M15: DD | N15: MM | O15: AA
C21: DATOS ESPECÍFICOS
C23: ITEM | D23: DESCRIPCIÓN | M23: UNIDAD | O23: CANTIDAD
C24: 5.1 | D24: =VLOOKUP(C24,'PRESUPUESTO OFICIAL (Entidad)'!$C$15:$I$106,5,FALSE()) -> PUNTO AGUAS LLUVIAS DIAMETRO DE 3" EN PVC | M24: =VLOOKUP(C24,'PRESUPUESTO OFICIAL (Entidad)'!$C$15:$I$106,6,FALSE()) -> UND | O24: =VLOOKUP(C24,'PRESUPUESTO OFICIAL (Entidad)'!$C$15:$I$106,7,FALSE()) -> 2
C25: I. EQUIPO
C28: DESCRIPCIÓN | H28: MARCA | J28: TIPO | L28: TARIFA/HORA | M28: RENDIMIENTO | O28: Vr. UNITARIO
C31: HERRAMIENTA MENOR 5% | M31: 0.05 | O31: =O60*M31 -> 2171.7244
C32: SUBTOTAL $ | O32: =SUM(O29:O31) -> 2171.7244
C33: II. MATERIALES
C36: DESCRIPCIÓN | K36: UNIDAD | L36: CANTIDAD | M36: PRECIO UNIT. | O36: Vr. UNITARIO
C37: Codo PVC sanitario 90° Ø 3″ | K37: Unidad | L37: 1 | M37: 4600 | O37: =L37*M37 -> 4600
C38: Tee PVC sanitaria Ø 3″ | K38: Unidad | L38: 1 | M38: 18000 | O38: =L38*M38 -> 18000
C39: Reducción PVC Ø 3″–2″ (según empalme a bajante) | K39: Unidad | L39: 1 | M39: 12000 | O39: =L39*M39 -> 12000
C40: Limpiador removedor pvc | K40: 1/4 GALON | L40: 0.05 | M40: 45000 | O40: =L40*M40 -> 2250
C41: soldadura liquida pvc | K41: 1/4 GALON | L41: 0.05 | M41: 120000 | O41: =L41*M41 -> 6000
C42: Tubo pvc sanitario 3" | K42: ML | L42: 1 | M42: 12000 | O42: =L42*M42 -> 12000
C44: SUBTOTAL $ | O44: =SUM(O37:O43) -> 54850
C45: III. TRANSPORTES
C48: MATERIAL | J48: VOL. o PESO | K48: DISTANCIA | L48: M3 o Ton/Km | M48: TARIFA | O48: Vr. UNITARIO
C51: SUBTOTAL $ | O51: =SUM(O49:O50) -> 0
C52: IV. MANO DE OBRA
C55: TRABAJADOR | J55: JORNAL | K55: PRESTACIONES | L55: JORNAL TOTAL | M55: RENDIMIENTO | O55: Vr. UNITARIO
C56: OFICIAL ESPECIALIZADO | J56: 240235 | K56: 1.13 | L56: =J56*K56 -> 271465.55 | M56: 10 | O56: =IF(M56>0,L56/M56,0) -> 27146.555
C57: AYUDANTE ESPECIALIZADO | J57: 144141 | K57: =+K56 -> 1.13 | L57: =J57*K57 -> 162879.33 | M57: 10 | O57: =IF(M57>0,L57/M57,0) -> 16287.933
C60: SUBTOTAL $ | O60: =SUM(O56:O59) -> 43434.488
C62: TOTAL COSTO DIRECTO $ | O62: =ROUND(O32+O44+O51+O60,0) -> 100456
C63: V. COSTOS INDIRECTOS
C66: Descripción | L66: Porcentaje | M66: Valor Total
C67: ADMINISTRACION | L67: 0.3 | M67: =O62 -> 100456 | O67: =ROUND(L67*M67,0) -> 30137
C68: UTILIDAD | L68: 0.05 | M68: =O62 -> 100456 | O68: =ROUND(L68*M68,0) -> 5023
C69: SUBTOTAL $ | O69: =SUM(O67:O68) -> 35160
C71: Precio Unitario Total Aproximado al peso $ | O71: =ROUND(O62+O69,2) -> 135616
H74: Firma
H75: Nombre:
H76: Representante Legal del Contratista o su Apoderado
H77: Matricula No. :
C79: OBSERVACIONES INTERVENTORÍA
C81: APROBACIÓN POR INTERVENTORÍA
C82: Nota 1: Cuando se trate de Análisis de precios unitarios correspondientes a ítems de la propuesta económica aprobada, el Interventor aprueba el desglose de los componentes manteniendo el mismo precio unitario de cada ítem, cumpliendo con las especificaciones de construcción vigentes para el proyecto.
C84: Nota 2: Cuando se trate de Análisis de precios unitarios de ítems no previstos, el Interventor aprueba el desglose y precio unitario de cada ítem no previsto, exigiendo la aplicación de los costos correspondientes a insumos y tarifas de la propuesta económica inicial cuando estén contemplados, cumpliendo con las especificaciones de construcción vigente para el proyecto.
H87: Firma
H88: Nombre:
H89: Representante Legal del Interventor o su Apoderado
H90: Matricula No. :

Sheet ITEM DE PAGO 5,11
B1: Formulario 1 - Propuesta económica - Documento tipo de selección abreviada de menor cuantía
B2: Versión: 1 del 21 de agosto de 2025
C5: [La entidad podrá utilizar este formato para la presentación de los análisis de precios unitarios el contratista en la oportunidad prevista en el numeral 8.2. del Documento Base]
D8: ALCALDIA DE VILLA DEL ROSARIO
L9: VERSIÓN
D10: PROYECTO SALÓN COMUNAL GRAN COLOMBIA
L11: PÁGINA | M11: 1 | N11: DE | O11: 1
D13: ANALISIS DE PRECIOS UNITARIOS
L15: FECHA | M15: DD | N15: MM | O15: AA
C21: DATOS ESPECÍFICOS
C23: ITEM | D23: DESCRIPCIÓN | M23: UNIDAD | O23: CANTIDAD
C24: 5.11 | D24: =VLOOKUP(C24,'PRESUPUESTO OFICIAL (Entidad)'!$C$15:$I$106,5,FALSE()) -> BAJANTE AGUAS LLUVIAS DIAMETRO DE 3" EN PVC | M24: =VLOOKUP(C24,'PRESUPUESTO OFICIAL (Entidad)'!$C$15:$I$106,6,FALSE()) -> ML | O24: =VLOOKUP(C24,'PRESUPUESTO OFICIAL (Entidad)'!$C$15:$I$106,7,FALSE()) -> 6
C25: I. EQUIPO
C28: DESCRIPCIÓN | H28: MARCA | J28: TIPO | L28: TARIFA/HORA | M28: RENDIMIENTO | O28: Vr. UNITARIO
C31: HERRAMIENTA MENOR 5% | M31: 0.05 | O31: =O58*M31 -> 1447.8163
C32: SUBTOTAL $ | O32: =SUM(O29:O31) -> 1447.8163
C33: II. MATERIALES
C36: DESCRIPCIÓN | K36: UNIDAD | L36: CANTIDAD | M36: PRECIO UNIT. | O36: Vr. UNITARIO
C37: CODO PVC SANITARIO 90° 3" | K37: UND | L37: 0.33 | M37: 4600 | O37: =L37*M37 -> 1518
C38: ABRAZADERAS METALICAS | K38: UND | L38: 1 | M38: 2500 | O38: =L38*M38 -> 2500
C39: TUBO PVC 3" | K39: ML | L39: 1 | M39: 12000 | O39: =L39*M39 -> 12000
C42: SUBTOTAL $ | O42: =SUM(O37:O41) -> 16018
C43: III. TRANSPORTES
C46: MATERIAL | J46: VOL. o PESO | K46: DISTANCIA | L46: M3 o Ton/Km | M46: TARIFA | O46: Vr. UNITARIO
C49: SUBTOTAL $ | O49: =SUM(O47:O48) -> 0
C50: IV. MANO DE OBRA
C53: TRABAJADOR | J53: JORNAL | K53: PRESTACIONES | L53: JORNAL TOTAL | M53: RENDIMIENTO | O53: Vr. UNITARIO
C54: OFICIAL ESPECIALIZADO | J54: 240235 | K54: 1.13 | L54: =J54*K54 -> 271465.55 | M54: 15 | O54: =IF(M54>0,L54/M54,0) -> 18097.703
C55: AYUDANTE ESPECIALIZADO | J55: 144141 | K55: =+K54 -> 1.13 | L55: =J55*K55 -> 162879.33 | M55: 15 | O55: =IF(M55>0,L55/M55,0) -> 10858.622
C58: SUBTOTAL $ | O58: =SUM(O54:O57) -> 28956.325
C60: TOTAL COSTO DIRECTO $ | O60: =ROUND(O32+O42+O49+O58,0) -> 46422
C61: V. COSTOS INDIRECTOS
C64: Descripción | L64: Porcentaje | M64: Valor Total
C65: ADMINISTRACION | L65: 0.3 | M65: =O60 -> 46422 | O65: =ROUND(L65*M65,0) -> 13927
C66: UTILIDAD | L66: 0.05 | M66: =O60 -> 46422 | O66: =ROUND(L66*M66,0) -> 2321
C67: SUBTOTAL $ | O67: =SUM(O65:O66) -> 16248
C69: Precio Unitario Total Aproximado al peso $ | O69: =ROUND(O60+O67,2) -> 62670
H72: Firma
H73: Nombre:
H74: Representante Legal del Contratista o su Apoderado
H75: Matricula No. :
C77: OBSERVACIONES INTERVENTORÍA
C79: APROBACIÓN POR INTERVENTORÍA
C80: Nota 1: Cuando se trate de Análisis de precios unitarios correspondientes a ítems de la propuesta económica aprobada, el Interventor aprueba el desglose de los componentes manteniendo el mismo precio unitario de cada ítem, cumpliendo con las especificaciones de construcción vigentes para el proyecto.
C82: Nota 2: Cuando se trate de Análisis de precios unitarios de ítems no previstos, el Interventor aprueba el desglose y precio unitario de cada ítem no previsto, exigiendo la aplicación de los costos correspondientes a insumos y tarifas de la propuesta económica inicial cuando estén contemplados, cumpliendo con las especificaciones de construcción vigente para el proyecto.
H85: Firma
H86: Nombre:
H87: Representante Legal del Interventor o su Apoderado
H88: Matricula No. :

Sheet ITEM DE PAGO 5,12
B1: Formulario 1 - Propuesta económica - Documento tipo de selección abreviada de menor cuantía
B2: Versión: 1 del 21 de agosto de 2025
C5: [La entidad podrá utilizar este formato para la presentación de los análisis de precios unitarios el contratista en la oportunidad prevista en el numeral 8.2. del Documento Base]
D8: ALCALDIA DE VILLA DEL ROSARIO
L9: VERSIÓN
D10: PROYECTO SALÓN COMUNAL GRAN COLOMBIA
L11: PÁGINA | M11: 1 | N11: DE | O11: 1
D13: ANALISIS DE PRECIOS UNITARIOS
L15: FECHA | M15: DD | N15: MM | O15: AA
C21: DATOS ESPECÍFICOS
C23: ITEM | D23: DESCRIPCIÓN | M23: UNIDAD | O23: CANTIDAD
C24: 5.12 | D24: =VLOOKUP(C24,'PRESUPUESTO OFICIAL (Entidad)'!$C$15:$I$106,5,FALSE()) -> CAJA INSPECCIÓN EN CONCRETO DE 70X70X90 E=0,05 M TAPA EN CONCRETO REFORZADO (3/8"@0,10M EN AMBOS SENTIDOS, DIMENSIONES TAPA 70X70) | M24: =VLOOKUP(C24,'PRESUPUESTO OFICIAL (Entidad)'!$C$15:$I$106,6,FALSE()) -> UND | O24: =VLOOKUP(C24,'PRESUPUESTO OFICIAL (Entidad)'!$C$15:$I$106,7,FALSE()) -> 1
C25: I. EQUIPO
C28: DESCRIPCIÓN | H28: MARCA | J28: TIPO | L28: TARIFA/HORA | M28: RENDIMIENTO | O28: Vr. UNITARIO
C31: HERRAMIENTA MENOR 5% | M31: 0.05 | O31: =O58*M31 -> 9425.8636
C32: SUBTOTAL $ | O32: =SUM(O29:O31) -> 9425.8636
C33: II. MATERIALES
C36: DESCRIPCIÓN | K36: UNIDAD | L36: CANTIDAD | M36: PRECIO UNIT. | O36: Vr. UNITARIO
C37: ACERO 420 MPA | K37: KG | L37: 10 | M37: 6613 | O37: =L37*M37 -> 66130
C38: CONCRETO 18 MPA | K38: M3 | L38: 0.17 | M38: 445000 | O38: =L38*M38 -> 75650
C39: MORTERO 1:4 | K39: M3 | L39: 0.25 | M39: 494775 | O39: =L39*M39 -> 123693.75
C40: LADRILLO COLONIAL PRENSADO | K40: UND | L40: 160 | M40: 1200 | O40: =L40*M40 -> 192000
C42: SUBTOTAL $ | O42: =SUM(O37:O41) -> 457473.75
C43: III. TRANSPORTES
C46: MATERIAL | J46: VOL. o PESO | K46: DISTANCIA | L46: M3 o Ton/Km | M46: TARIFA | O46: Vr. UNITARIO
C49: SUBTOTAL $ | O49: =SUM(O47:O48) -> 0
C50: IV. MANO DE OBRA
C53: TRABAJADOR | J53: JORNAL | K53: PRESTACIONES | L53: JORNAL TOTAL | M53: RENDIMIENTO | O53: Vr. UNITARIO
C54: 1 OFICIAL + 1 AYUDANTE | J54: 300293 | K54: 1.13 | L54: =J54*K54 -> 339331.09 | M54: 1.8 | O54: =IF(M54>0,L54/M54,0) -> 188517.27
C58: SUBTOTAL $ | O58: =SUM(O54:O57) -> 188517.27
C60: TOTAL COSTO DIRECTO $ | O60: =ROUND(O32+O42+O49+O58,0) -> 655417
C61: V. COSTOS INDIRECTOS
C64: Descripción | L64: Porcentaje | M64: Valor Total
C65: ADMINISTRACION | L65: 0.3 | M65: =O60 -> 655417 | O65: =ROUND(L65*M65,0) -> 196625
C66: UTILIDAD | L66: 0.05 | M66: =O60 -> 655417 | O66: =ROUND(L66*M66,0) -> 32771
C67: SUBTOTAL $ | O67: =SUM(O65:O66) -> 229396
C69: Precio Unitario Total Aproximado al peso $ | O69: =ROUND(O60+O67,2) -> 884813
H72: Firma
H73: Nombre:
H74: Representante Legal del Contratista o su Apoderado
H75: Matricula No. :
C77: OBSERVACIONES INTERVENTORÍA
C79: APROBACIÓN POR INTERVENTORÍA
C80: Nota 1: Cuando se trate de Análisis de precios unitarios correspondientes a ítems de la propuesta económica aprobada, el Interventor aprueba el desglose de los componentes manteniendo el mismo precio unitario de cada ítem, cumpliendo con las especificaciones de construcción vigentes para el proyecto.
C82: Nota 2: Cuando se trate de Análisis de precios unitarios de ítems no previstos, el Interventor aprueba el desglose y precio unitario de cada ítem no previsto, exigiendo la aplicación de los costos correspondientes a insumos y tarifas de la propuesta económica inicial cuando estén contemplados, cumpliendo con las especificaciones de construcción vigente para el proyecto.
H85: Firma
H86: Nombre:
H87: Representante Legal del Interventor o su Apoderado
H88: Matricula No. :

Sheet ITEM DE PAGO 5,13
B1: Formulario 1 - Propuesta económica - Documento tipo de selección abreviada de menor cuantía
B2: Versión: 1 del 21 de agosto de 2025
C5: [La entidad podrá utilizar este formato para la presentación de los análisis de precios unitarios el contratista en la oportunidad prevista en el numeral 8.2. del Documento Base]
D8: ALCALDIA DE VILLA DEL ROSARIO
L9: VERSIÓN
D10: PROYECTO SALÓN COMUNAL GRAN COLOMBIA
L11: PÁGINA | M11: 1 | N11: DE | O11: 1
D13: ANALISIS DE PRECIOS UNITARIOS
L15: FECHA | M15: DD | N15: MM | O15: AA
C21: DATOS ESPECÍFICOS
C23: ITEM | D23: DESCRIPCIÓN | M23: UNIDAD | O23: CANTIDAD
C24: 5.13 | D24: =VLOOKUP(C24,'PRESUPUESTO OFICIAL (Entidad)'!$C$15:$I$106,5,FALSE()) -> REJILLA CORRIENTE | M24: =VLOOKUP(C24,'PRESUPUESTO OFICIAL (Entidad)'!$C$15:$I$106,6,FALSE()) -> UND | O24: =VLOOKUP(C24,'PRESUPUESTO OFICIAL (Entidad)'!$C$15:$I$106,7,FALSE()) -> 2
C25: I. EQUIPO
C28: DESCRIPCIÓN | H28: MARCA | J28: TIPO | L28: TARIFA/HORA | M28: RENDIMIENTO | O28: Vr. UNITARIO
C31: HERRAMIENTA MENOR 5% | M31: 0.05 | O31: =O58*M31 -> 565.55182
C32: SUBTOTAL $ | O32: =SUM(O29:O31) -> 565.55182
C33: II. MATERIALES
C36: DESCRIPCIÓN | K36: UNIDAD | L36: CANTIDAD | M36: PRECIO UNIT. | O36: Vr. UNITARIO
C37: REJILLA PLASTICA | K37: UND | L37: 1 | M37: 20000 | O37: =L37*M37 -> 20000
C38: SELLADOR ACRILICO | K38: UND | L38: 0.1 | M38: 36000 | O38: =L38*M38 -> 3600
C39: TORNILLOS DE FIJACION | K39: GLB | L39: 1 | M39: 2000 | O39: =L39*M39 -> 2000
C42: SUBTOTAL $ | O42: =SUM(O37:O41) -> 25600
C43: III. TRANSPORTES
C46: MATERIAL | J46: VOL. o PESO | K46: DISTANCIA | L46: M3 o Ton/Km | M46: TARIFA | O46: Vr. UNITARIO
C49: SUBTOTAL $ | O49: =SUM(O47:O48) -> 0
C50: IV. MANO DE OBRA
C53: TRABAJADOR | J53: JORNAL | K53: PRESTACIONES | L53: JORNAL TOTAL | M53: RENDIMIENTO | O53: Vr. UNITARIO
C54: 1 OFICIAL + 1 AYUDANTE | J54: 300293 | K54: 1.13 | L54: =J54*K54 -> 339331.09 | M54: 30 | O54: =IF(M54>0,L54/M54,0) -> 11311.036
C58: SUBTOTAL $ | O58: =SUM(O54:O57) -> 11311.036
C60: TOTAL COSTO DIRECTO $ | O60: =ROUND(O32+O42+O49+O58,0) -> 37477
C61: V. COSTOS INDIRECTOS
C64: Descripción | L64: Porcentaje | M64: Valor Total
C65: ADMINISTRACION | L65: 0.3 | M65: =O60 -> 37477 | O65: =ROUND(L65*M65,0) -> 11243
C66: UTILIDAD | L66: 0.05 | M66: =O60 -> 37477 | O66: =ROUND(L66*M66,0) -> 1874
C67: SUBTOTAL $ | O67: =SUM(O65:O66) -> 13117
C69: Precio Unitario Total Aproximado al peso $ | O69: =ROUND(O60+O67,2) -> 50594
H72: Firma
H73: Nombre:
H74: Representante Legal del Contratista o su Apoderado
H75: Matricula No. :
C77: OBSERVACIONES INTERVENTORÍA
C79: APROBACIÓN POR INTERVENTORÍA
C80: Nota 1: Cuando se trate de Análisis de precios unitarios correspondientes a ítems de la propuesta económica aprobada, el Interventor aprueba el desglose de los componentes manteniendo el mismo precio unitario de cada ítem, cumpliendo con las especificaciones de construcción vigentes para el proyecto.
C82: Nota 2: Cuando se trate de Análisis de precios unitarios de ítems no previstos, el Interventor aprueba el desglose y precio unitario de cada ítem no previsto, exigiendo la aplicación de los costos correspondientes a insumos y tarifas de la propuesta económica inicial cuando estén contemplados, cumpliendo con las especificaciones de construcción vigente para el proyecto.
H85: Firma
H86: Nombre:
H87: Representante Legal del Interventor o su Apoderado
H88: Matricula No. :

Sheet ITEM DE PAGO 5,14
B1: Formulario 1 - Propuesta económica - Documento tipo de selección abreviada de menor cuantía
B2: Versión: 1 del 21 de agosto de 2025
C5: [La entidad podrá utilizar este formato para la presentación de los análisis de precios unitarios el contratista en la oportunidad prevista en el numeral 8.2. del Documento Base]
D8: ALCALDIA DE VILLA DEL ROSARIO
L9: VERSIÓN
D10: PROYECTO SALÓN COMUNAL GRAN COLOMBIA
L11: PÁGINA | M11: 1 | N11: DE | O11: 1
D13: ANALISIS DE PRECIOS UNITARIOS
L15: FECHA | M15: DD | N15: MM | O15: AA
C21: DATOS ESPECÍFICOS
C23: ITEM | D23: DESCRIPCIÓN | M23: UNIDAD | O23: CANTIDAD
C24: 5.14 | D24: =VLOOKUP(C24,'PRESUPUESTO OFICIAL (Entidad)'!$C$15:$I$106,5,FALSE()) -> PRUEBAS HIDRAULICAS | M24: =VLOOKUP(C24,'PRESUPUESTO OFICIAL (Entidad)'!$C$15:$I$106,6,FALSE()) -> UND | O24: =VLOOKUP(C24,'PRESUPUESTO OFICIAL (Entidad)'!$C$15:$I$106,7,FALSE()) -> 7
C25: I. EQUIPO
C28: DESCRIPCIÓN | H28: MARCA | J28: TIPO | L28: TARIFA/HORA | M28: RENDIMIENTO | O28: Vr. UNITARIO
C31: HERRAMIENTA MENOR 5% | M31: 0.05 | O31: =O58*M31 -> 26102.457
C32: SUBTOTAL $ | O32: =SUM(O29:O31) -> 26102.457
C33: II. MATERIALES
C36: DESCRIPCIÓN | K36: UNIDAD | L36: CANTIDAD | M36: PRECIO UNIT. | O36: Vr. UNITARIO
C42: SUBTOTAL $ | O42: =SUM(O37:O41) -> 0
C43: III. TRANSPORTES
C46: MATERIAL | J46: VOL. o PESO | K46: DISTANCIA | L46: M3 o Ton/Km | M46: TARIFA | O46: Vr. UNITARIO
C49: SUBTOTAL $ | O49: =SUM(O47:O48) -> 0
C50: IV. MANO DE OBRA
C53: TRABAJADOR | J53: JORNAL | K53: PRESTACIONES | L53: JORNAL TOTAL | M53: RENDIMIENTO | O53: Vr. UNITARIO
C54: OFICIAL ESPECIALIZADO | J54: 240235 | K54: 1.13 | L54: =J54*K54 -> 271465.55 | M54: 1 | O54: =IF(M54>0,L54/M54,0) -> 271465.55
C55: AYUDANTE ESPECIALIZADO | J55: 144141 | K55: =+K54 -> 1.13 | L55: =J55*K55 -> 162879.33 | M55: 0.65 | O55: =IF(M55>0,L55/M55,0) -> 250583.58
C58: SUBTOTAL $ | O58: =SUM(O54:O57) -> 522049.13
C60: TOTAL COSTO DIRECTO $ | O60: =ROUND(O32+O42+O49+O58,0) -> 548152
C61: V. COSTOS INDIRECTOS
C64: Descripción | L64: Porcentaje | M64: Valor Total
C65: ADMINISTRACION | L65: 0.3 | M65: =O60 -> 548152 | O65: =ROUNDDOWN(L65*M65,0) -> 164445
C66: UTILIDAD | L66: 0.05 | M66: =O60 -> 548152 | O66: =ROUNDDOWN(L66*M66,0) -> 27407
C67: SUBTOTAL $ | O67: =SUM(O65:O66) -> 191852
C69: Precio Unitario Total Aproximado al peso $ | O69: =ROUND(O60+O67,2) -> 740004
H72: Firma
H73: Nombre:
H74: Representante Legal del Contratista o su Apoderado
H75: Matricula No. :
C77: OBSERVACIONES INTERVENTORÍA
C79: APROBACIÓN POR INTERVENTORÍA
C80: Nota 1: Cuando se trate de Análisis de precios unitarios correspondientes a ítems de la propuesta económica aprobada, el Interventor aprueba el desglose de los componentes manteniendo el mismo precio unitario de cada ítem, cumpliendo con las especificaciones de construcción vigentes para el proyecto.
C82: Nota 2: Cuando se trate de Análisis de precios unitarios de ítems no previstos, el Interventor aprueba el desglose y precio unitario de cada ítem no previsto, exigiendo la aplicación de los costos correspondientes a insumos y tarifas de la propuesta económica inicial cuando estén contemplados, cumpliendo con las especificaciones de construcción vigente para el proyecto.
H85: Firma
H86: Nombre:
H87: Representante Legal del Interventor o su Apoderado
H88: Matricula No. :

Sheet ITEM DE PAGO 5,15
B1: Formulario 1 - Propuesta económica - Documento tipo de selección abreviada de menor cuantía
B2: Versión: 1 del 21 de agosto de 2025
C5: [La entidad podrá utilizar este formato para la presentación de los análisis de precios unitarios el contratista en la oportunidad prevista en el numeral 8.2. del Documento Base]
D8: ALCALDIA DE VILLA DEL ROSARIO
L9: VERSIÓN
D10: PROYECTO SALÓN COMUNAL GRAN COLOMBIA
L11: PÁGINA | M11: 1 | N11: DE | O11: 1
D13: ANALISIS DE PRECIOS UNITARIOS
L15: FECHA | M15: DD | N15: MM | O15: AA
C21: DATOS ESPECÍFICOS
C23: ITEM | D23: DESCRIPCIÓN | M23: UNIDAD | O23: CANTIDAD
C24: 5.15 | D24: =VLOOKUP(C24,'PRESUPUESTO OFICIAL (Entidad)'!$C$15:$I$106,5,FALSE()) -> SUMINISTRO E INSTALACIÓN DE SIFON PVC SANITARIA 2" | M24: =VLOOKUP(C24,'PRESUPUESTO OFICIAL (Entidad)'!$C$15:$I$106,6,FALSE()) -> UND | O24: =VLOOKUP(C24,'PRESUPUESTO OFICIAL (Entidad)'!$C$15:$I$106,7,FALSE()) -> 2
C25: I. EQUIPO
C28: DESCRIPCIÓN | H28: MARCA | J28: TIPO | L28: TARIFA/HORA | M28: RENDIMIENTO | O28: Vr. UNITARIO
C31: HERRAMIENTA MENOR 5% | M31: 0.05 | O31: =O58*M31 -> 848.32772
C32: SUBTOTAL $ | O32: =SUM(O29:O31) -> 848.32772
C33: II. MATERIALES
C36: DESCRIPCIÓN | K36: UNIDAD | L36: CANTIDAD | M36: PRECIO UNIT. | O36: Vr. UNITARIO
C37: Limpiador removedor pvc | K37: 1/4GALON | L37: 0.05 | M37: 45000 | O37: =L37*M37 -> 2250
C38: soldadura liquida pvc | K38: 1/4GALON | L38: 0.05 | M38: 120000 | O38: =L38*M38 -> 6000
C39: Sifon 180° D= 2" | K39: UND | L39: 1 | M39: 5000 | O39: =L39*M39 -> 5000
C40: Tubo pvc sanitario 2" | K40: ML | L40: 0.5 | M40: 8000 | O40: =L40*M40 -> 4000
C42: SUBTOTAL $ | O42: =SUM(O37:O41) -> 17250
C43: III. TRANSPORTES
C46: MATERIAL | J46: VOL. o PESO | K46: DISTANCIA | L46: M3 o Ton/Km | M46: TARIFA | O46: Vr. UNITARIO
C49: SUBTOTAL $ | O49: =SUM(O47:O48) -> 0
C50: IV. MANO DE OBRA
C53: TRABAJADOR | J53: JORNAL | K53: PRESTACIONES | L53: JORNAL TOTAL | M53: RENDIMIENTO | O53: Vr. UNITARIO
C54: 1 OFICIAL + 1 AYUDANTES | J54: 300293 | K54: 1.13 | L54: =J54*K54 -> 339331.09 | M54: 20 | O54: =IF(M54>0,L54/M54,0) -> 16966.554
C58: SUBTOTAL $ | O58: =SUM(O54:O57) -> 16966.554
C60: TOTAL COSTO DIRECTO $ | O60: =ROUND(O32+O42+O49+O58,0) -> 35065
C61: V. COSTOS INDIRECTOS
C64: Descripción | L64: Porcentaje | M64: Valor Total
C65: ADMINISTRACION | L65: 0.3 | M65: =O60 -> 35065 | O65: =ROUND(L65*M65,0) -> 10520
C66: UTILIDAD | L66: 0.05 | M66: =O60 -> 35065 | O66: =ROUND(L66*M66,0) -> 1753
C67: SUBTOTAL $ | O67: =SUM(O65:O66) -> 12273
C69: Precio Unitario Total Aproximado al peso $ | O69: =ROUND(O60+O67,2) -> 47338
H72: Firma
H73: Nombre:
H74: Representante Legal del Contratista o su Apoderado
H75: Matricula No. :
C77: OBSERVACIONES INTERVENTORÍA
C79: APROBACIÓN POR INTERVENTORÍA
C80: Nota 1: Cuando se trate de Análisis de precios unitarios correspondientes a ítems de la propuesta económica aprobada, el Interventor aprueba el desglose de los componentes manteniendo el mismo precio unitario de cada ítem, cumpliendo con las especificaciones de construcción vigentes para el proyecto.
C82: Nota 2: Cuando se trate de Análisis de precios unitarios de ítems no previstos, el Interventor aprueba el desglose y precio unitario de cada ítem no previsto, exigiendo la aplicación de los costos correspondientes a insumos y tarifas de la propuesta económica inicial cuando estén contemplados, cumpliendo con las especificaciones de construcción vigente para el proyecto.
H85: Firma
H86: Nombre:
H87: Representante Legal del Interventor o su Apoderado
H88: Matricula No. :

Sheet ITEM DE PAGO 5,16
B1: Formulario 1 - Propuesta económica - Documento tipo de selección abreviada de menor cuantía
B2: Versión: 1 del 21 de agosto de 2025
C5: [La entidad podrá utilizar este formato para la presentación de los análisis de precios unitarios el contratista en la oportunidad prevista en el numeral 8.2. del Documento Base]
D8: ALCALDIA DE VILLA DEL ROSARIO
L9: VERSIÓN
D10: PROYECTO SALÓN COMUNAL GRAN COLOMBIA
L11: PÁGINA | M11: 1 | N11: DE | O11: 1
D13: ANALISIS DE PRECIOS UNITARIOS
L15: FECHA | M15: DD | N15: MM | O15: AA
C21: DATOS ESPECÍFICOS
C23: ITEM | D23: DESCRIPCIÓN | M23: UNIDAD | O23: CANTIDAD
C24: 5.16 | D24: =VLOOKUP(C24,'PRESUPUESTO OFICIAL (Entidad)'!$C$15:$I$106,5,FALSE()) -> EXTINTOR MANUAL | M24: =VLOOKUP(C24,'PRESUPUESTO OFICIAL (Entidad)'!$C$15:$I$106,6,FALSE()) -> UND | O24: =VLOOKUP(C24,'PRESUPUESTO OFICIAL (Entidad)'!$C$15:$I$106,7,FALSE()) -> 2
C25: I. EQUIPO
C28: DESCRIPCIÓN | H28: MARCA | J28: TIPO | L28: TARIFA/HORA | M28: RENDIMIENTO | O28: Vr. UNITARIO
C31: HERRAMIENTA MENOR 5% | M31: 0.05 | O31: =O58*M31 -> 1696.6554
C32: SUBTOTAL $ | O32: =SUM(O29:O31) -> 1696.6554
C33: II. MATERIALES
C36: DESCRIPCIÓN | K36: UNIDAD | L36: CANTIDAD | M36: PRECIO UNIT. | O36: Vr. UNITARIO
C37: Extintor Multiproposito 20 Lb | K37: UND | L37: 1 | M37: 180000 | O37: =L37*M37 -> 180000
C38: Señalización fotoluminiscente “Extintor” (20×30 cm) | K38: UND | L38: 2 | M38: 50000 | O38: =L38*M38 -> 100000
C39: Soporte para extintor | K39: UND | L39: 1 | M39: 120000 | O39: =L39*M39 -> 120000
C42: SUBTOTAL $ | O42: =SUM(O37:O41) -> 400000
C43: III. TRANSPORTES
C46: MATERIAL | J46: VOL. o PESO | K46: DISTANCIA | L46: M3 o Ton/Km | M46: TARIFA | O46: Vr. UNITARIO
C49: SUBTOTAL $ | O49: =SUM(O47:O48) -> 0
C50: IV. MANO DE OBRA
C53: TRABAJADOR | J53: JORNAL | K53: PRESTACIONES | L53: JORNAL TOTAL | M53: RENDIMIENTO | O53: Vr. UNITARIO
C54: 1 OFICIAL + 1 AYUDANTE | J54: 300293 | K54: 1.13 | L54: =J54*K54 -> 339331.09 | M54: 10 | O54: =IF(M54>0,L54/M54,0) -> 33933.109
C58: SUBTOTAL $ | O58: =SUM(O54:O57) -> 33933.109
C60: TOTAL COSTO DIRECTO $ | O60: =ROUND(O32+O42+O49+O58,0) -> 435630
C61: V. COSTOS INDIRECTOS
C64: Descripción | L64: Porcentaje | M64: Valor Total
C65: ADMINISTRACION | L65: 0.3 | M65: =O60 -> 435630 | O65: =L65*M65 -> 130689
C66: UTILIDAD | L66: 0.05 | M66: =O60 -> 435630 | O66: =ROUND(L66*M66,0) -> 21782
C67: SUBTOTAL $ | O67: =SUM(O65:O66) -> 152471
C69: Precio Unitario Total Aproximado al peso $ | O69: =ROUND(O60+O67,2) -> 588101
H72: Firma
H73: Nombre:
H74: Representante Legal del Contratista o su Apoderado
H75: Matricula No. :
C77: OBSERVACIONES INTERVENTORÍA
C79: APROBACIÓN POR INTERVENTORÍA
C80: Nota 1: Cuando se trate de Análisis de precios unitarios correspondientes a ítems de la propuesta económica aprobada, el Interventor aprueba el desglose de los componentes manteniendo el mismo precio unitario de cada ítem, cumpliendo con las especificaciones de construcción vigentes para el proyecto.
C82: Nota 2: Cuando se trate de Análisis de precios unitarios de ítems no previstos, el Interventor aprueba el desglose y precio unitario de cada ítem no previsto, exigiendo la aplicación de los costos correspondientes a insumos y tarifas de la propuesta económica inicial cuando estén contemplados, cumpliendo con las especificaciones de construcción vigente para el proyecto.
H85: Firma
H86: Nombre:
H87: Representante Legal del Interventor o su Apoderado
H88: Matricula No. :

Sheet ITEM DE PAGO 5,17
B1: Formulario 1 - Propuesta económica - Documento tipo de selección abreviada de menor cuantía
B2: Versión: 1 del 21 de agosto de 2025
C5: [La entidad podrá utilizar este formato para la presentación de los análisis de precios unitarios el contratista en la oportunidad prevista en el numeral 8.2. del Documento Base]
D8: ALCALDIA DE VILLA DEL ROSARIO
L9: VERSIÓN
D10: PROYECTO SALÓN COMUNAL GRAN COLOMBIA
L11: PÁGINA | M11: 1 | N11: DE | O11: 1
D13: ANALISIS DE PRECIOS UNITARIOS
L15: FECHA | M15: DD | N15: MM | O15: AA
C21: DATOS ESPECÍFICOS
C23: ITEM | D23: DESCRIPCIÓN | M23: UNIDAD | O23: CANTIDAD
C24: 5.17 | D24: =VLOOKUP(C24,'PRESUPUESTO OFICIAL (Entidad)'!$C$15:$I$106,5,FALSE()) -> SUMINISTRO DE MATERIALES E INSTALACION DE CAJA CON TAPA REGISTROS PLASTICA DE 20X20. | M24: =VLOOKUP(C24,'PRESUPUESTO OFICIAL (Entidad)'!$C$15:$I$106,6,FALSE()) -> UND | O24: =VLOOKUP(C24,'PRESUPUESTO OFICIAL (Entidad)'!$C$15:$I$106,7,FALSE()) -> 2
C25: I. EQUIPO
C28: DESCRIPCIÓN | H28: MARCA | J28: TIPO | L28: TARIFA/HORA | M28: RENDIMIENTO | O28: Vr. UNITARIO
C31: HERRAMIENTA MENOR 5% | M31: 0.05 | O31: =O58*M31 -> 1131.1036
C32: SUBTOTAL $ | O32: =SUM(O29:O31) -> 1131.1036
C33: II. MATERIALES
C36: DESCRIPCIÓN | K36: UNIDAD | L36: CANTIDAD | M36: PRECIO UNIT. | O36: Vr. UNITARIO
C37: Caja plástica para registro 20×20 cm con tapa hermética (PVC/PP) | K37: UND | L37: 1 | M37: 25000 | O37: =L37*M37 -> 25000
C38: MORTERO 1:4 | K38: M3 | L38: 0.02 | M38: 494775 | O38: =L38*M38 -> 9895.5
C39: Sellador acrílico/silicona | K39: UND | L39: 0.1 | M39: 36000 | O39: =L39*M39 -> 3600
O40: =L40*M40 -> 0
C42: SUBTOTAL $ | O42: =SUM(O37:O41) -> 38495.5
C43: III. TRANSPORTES
C46: MATERIAL | J46: VOL. o PESO | K46: DISTANCIA | L46: M3 o Ton/Km | M46: TARIFA | O46: Vr. UNITARIO
C49: SUBTOTAL $ | O49: =SUM(O47:O48) -> 0
C50: IV. MANO DE OBRA
C53: TRABAJADOR | J53: JORNAL | K53: PRESTACIONES | L53: JORNAL TOTAL | M53: RENDIMIENTO | O53: Vr. UNITARIO
C54: 1 OFICIAL + 1 AYUDANTES | J54: 300293 | K54: 1.13 | L54: =J54*K54 -> 339331.09 | M54: 15 | O54: =IF(M54>0,L54/M54,0) -> 22622.073
C58: SUBTOTAL $ | O58: =SUM(O54:O57) -> 22622.073
C60: TOTAL COSTO DIRECTO $ | O60: =ROUND(O32+O42+O49+O58,0) -> 62249
C61: V. COSTOS INDIRECTOS
C64: Descripción | L64: Porcentaje | M64: Valor Total
C65: ADMINISTRACION | L65: 0.3 | M65: =O60 -> 62249 | O65: =ROUND(L65*M65,0) -> 18675
C66: UTILIDAD | L66: 0.05 | M66: =O60 -> 62249 | O66: =ROUND(L66*M66,0) -> 3112
C67: SUBTOTAL $ | O67: =SUM(O65:O66) -> 21787
C69: Precio Unitario Total Aproximado al peso $ | O69: =ROUND(O60+O67,2) -> 84036
H72: Firma
H73: Nombre:
H74: Representante Legal del Contratista o su Apoderado
H75: Matricula No. :
C77: OBSERVACIONES INTERVENTORÍA
C79: APROBACIÓN POR INTERVENTORÍA
C80: Nota 1: Cuando se trate de Análisis de precios unitarios correspondientes a ítems de la propuesta económica aprobada, el Interventor aprueba el desglose de los componentes manteniendo el mismo precio unitario de cada ítem, cumpliendo con las especificaciones de construcción vigentes para el proyecto.
C82: Nota 2: Cuando se trate de Análisis de precios unitarios de ítems no previstos, el Interventor aprueba el desglose y precio unitario de cada ítem no previsto, exigiendo la aplicación de los costos correspondientes a insumos y tarifas de la propuesta económica inicial cuando estén contemplados, cumpliendo con las especificaciones de construcción vigente para el proyecto.
H85: Firma
H86: Nombre:
H87: Representante Legal del Interventor o su Apoderado
H88: Matricula No. :

Sheet ITEM DE PAGO 5,18
B1: Formulario 1 - Propuesta económica - Documento tipo de selección abreviada de menor cuantía
B2: Versión: 1 del 21 de agosto de 2025
C5: [La entidad podrá utilizar este formato para la presentación de los análisis de precios unitarios el contratista en la oportunidad prevista en el numeral 8.2. del Documento Base]
D8: ALCALDIA DE VILLA DEL ROSARIO
L9: VERSIÓN
D10: PROYECTO SALÓN COMUNAL GRAN COLOMBIA
L11: PÁGINA | M11: 1 | N11: DE | O11: 1
D13: ANALISIS DE PRECIOS UNITARIOS
L15: FECHA | M15: DD | N15: MM | O15: AA
C21: DATOS ESPECÍFICOS
C23: ITEM | D23: DESCRIPCIÓN | M23: UNIDAD | O23: CANTIDAD
C24: 5.18 | D24: =VLOOKUP(C24,'PRESUPUESTO OFICIAL (Entidad)'!$C$15:$I$106,5,FALSE()) -> SUMINISTRO E INSTALACION DE APARATO SANITARIO DE UNA PIEZA TIPO SAN GIORGO O SIMILAR EN PORCELANA SANITARIA ALONGADO, BAJO CONSUMO DE AGUA CONTROL AZUL, INCLUYE ASIENTO DE CIERRE SUAVE Y GRIFERIA ESTANDAR CON ACOPLES DE DESCARGA A PRESION , VALVULA ANTISIFON HIDROSTATICA COLOR A ESCOGER CALIDAD 1a. | M24: =VLOOKUP(C24,'PRESUPUESTO OFICIAL (Entidad)'!$C$15:$I$106,6,FALSE()) -> UND | O24: =VLOOKUP(C24,'PRESUPUESTO OFICIAL (Entidad)'!$C$15:$I$106,7,FALSE()) -> 2
C25: I. EQUIPO
C28: DESCRIPCIÓN | H28: MARCA | J28: TIPO | L28: TARIFA/HORA | M28: RENDIMIENTO | O28: Vr. UNITARIO
C31: HERRAMIENTA MENOR 5% | M31: 0.05 | O31: =O58*M31 -> 3393.3109
C32: SUBTOTAL $ | O32: =SUM(O29:O31) -> 3393.3109
C33: II. MATERIALES
C36: DESCRIPCIÓN | K36: UNIDAD | L36: CANTIDAD | M36: PRECIO UNIT. | O36: Vr. UNITARIO
C37: Sanitario One Piece | K37: UND | L37: 1 | M37: 500000 | O37: =L37*M37 -> 500000
C38: Asiento sanitario cierre suave | K38: UND | L38: 1 | M38: 65000 | O38: =L38*M38 -> 65000
C39: Grifería estándar (válvula de suministro + flexibles) | K39: UND | L39: 1 | M39: 40000 | O39: =L39*M39 -> 40000
C40: Sellador acrílico/silicona | K40: UND | L40: 0.1 | M40: 36000 | O40: =L40*M40 -> 3600
C42: SUBTOTAL $ | O42: =SUM(O37:O41) -> 608600
C43: III. TRANSPORTES
C46: MATERIAL | J46: VOL. o PESO | K46: DISTANCIA | L46: M3 o Ton/Km | M46: TARIFA | O46: Vr. UNITARIO
C49: SUBTOTAL $ | O49: =SUM(O47:O48) -> 0
C50: IV. MANO DE OBRA
C53: TRABAJADOR | J53: JORNAL | K53: PRESTACIONES | L53: JORNAL TOTAL | M53: RENDIMIENTO | O53: Vr. UNITARIO
C54: 1 OFICIAL + 1 AYUDANTES | J54: 300293 | K54: 1.13 | L54: =J54*K54 -> 339331.09 | M54: 5 | O54: =IF(M54>0,L54/M54,0) -> 67866.218
C58: SUBTOTAL $ | O58: =SUM(O54:O57) -> 67866.218
C60: TOTAL COSTO DIRECTO $ | O60: =ROUNDDOWN(O32+O42+O49+O58,0) -> 679859
C61: V. COSTOS INDIRECTOS
C64: Descripción | L64: Porcentaje | M64: Valor Total
C65: ADMINISTRACION | L65: 0.3 | M65: =O60 -> 679859 | O65: =ROUND(L65*M65,0) -> 203958
C66: UTILIDAD | L66: 0.05 | M66: =O60 -> 679859 | O66: =ROUND(L66*M66,0) -> 33993
C67: SUBTOTAL $ | O67: =SUM(O65:O66) -> 237951
C69: Precio Unitario Total Aproximado al peso $ | O69: =ROUND(O60+O67,2) -> 917810
H72: Firma
H73: Nombre:
H74: Representante Legal del Contratista o su Apoderado
H75: Matricula No. :
C77: OBSERVACIONES INTERVENTORÍA
C79: APROBACIÓN POR INTERVENTORÍA
C80: Nota 1: Cuando se trate de Análisis de precios unitarios correspondientes a ítems de la propuesta económica aprobada, el Interventor aprueba el desglose de los componentes manteniendo el mismo precio unitario de cada ítem, cumpliendo con las especificaciones de construcción vigentes para el proyecto.
C82: Nota 2: Cuando se trate de Análisis de precios unitarios de ítems no previstos, el Interventor aprueba el desglose y precio unitario de cada ítem no previsto, exigiendo la aplicación de los costos correspondientes a insumos y tarifas de la propuesta económica inicial cuando estén contemplados, cumpliendo con las especificaciones de construcción vigente para el proyecto.
H85: Firma
H86: Nombre:
H87: Representante Legal del Interventor o su Apoderado
H88: Matricula No. :

Sheet ITEM DE PAGO 5,19
B1: Formulario 1 - Propuesta económica - Documento tipo de selección abreviada de menor cuantía
B2: Versión: 1 del 21 de agosto de 2025
C5: [La entidad podrá utilizar este formato para la presentación de los análisis de precios unitarios el contratista en la oportunidad prevista en el numeral 8.2. del Documento Base]
D8: ALCALDIA DE VILLA DEL ROSARIO
L9: VERSIÓN
D10: PROYECTO SALÓN COMUNAL GRAN COLOMBIA
L11: PÁGINA | M11: 1 | N11: DE | O11: 1
D13: ANALISIS DE PRECIOS UNITARIOS
L15: FECHA | M15: DD | N15: MM | O15: AA
C21: DATOS ESPECÍFICOS
C23: ITEM | D23: DESCRIPCIÓN | M23: UNIDAD | O23: CANTIDAD
C24: 5.19 | D24: =VLOOKUP(C24,'PRESUPUESTO OFICIAL (Entidad)'!$C$15:$I$106,5,FALSE()) -> SUMINISTRO E INSTALACION DE LAVAMANOS | M24: =VLOOKUP(C24,'PRESUPUESTO OFICIAL (Entidad)'!$C$15:$I$106,6,FALSE()) -> UND | O24: =VLOOKUP(C24,'PRESUPUESTO OFICIAL (Entidad)'!$C$15:$I$106,7,FALSE()) -> 2
C25: I. EQUIPO
C28: DESCRIPCIÓN | H28: MARCA | J28: TIPO | L28: TARIFA/HORA | M28: RENDIMIENTO | O28: Vr. UNITARIO
C31: HERRAMIENTA MENOR 5% | M31: 0.05 | O31: =O58*M31 -> 2423.7935
C32: SUBTOTAL $ | O32: =SUM(O29:O31) -> 2423.7935
C33: II. MATERIALES
C36: DESCRIPCIÓN | K36: UNIDAD | L36: CANTIDAD | M36: PRECIO UNIT. | O36: Vr. UNITARIO
C37: LAVAMANOS DE COLGAR BLANCO | K37: UND | L37: 1 | M37: 220000 | O37: =L37*M37 -> 220000
C38: SELLADOR ACRILICO | K38: UND | L38: 0.1 | M38: 36000 | O38: =L38*M38 -> 3600
C42: SUBTOTAL $ | O42: =SUM(O37:O41) -> 223600
C43: III. TRANSPORTES
C46: MATERIAL | J46: VOL. o PESO | K46: DISTANCIA | L46: M3 o Ton/Km | M46: TARIFA | O46: Vr. UNITARIO
C49: SUBTOTAL $ | O49: =SUM(O47:O48) -> 0
C50: IV. MANO DE OBRA
C53: TRABAJADOR | J53: JORNAL | K53: PRESTACIONES | L53: JORNAL TOTAL | M53: RENDIMIENTO | O53: Vr. UNITARIO
C54: 1 OFICIAL + 1 AYUDANTES | J54: 300293 | K54: 1.13 | L54: =J54*K54 -> 339331.09 | M54: 7 | O54: =IF(M54>0,L54/M54,0) -> 48475.87
C58: SUBTOTAL $ | O58: =SUM(O54:O57) -> 48475.87
C60: TOTAL COSTO DIRECTO $ | O60: =ROUND(O32+O42+O49+O58,0) -> 274500
C61: V. COSTOS INDIRECTOS
C64: Descripción | L64: Porcentaje | M64: Valor Total
C65: ADMINISTRACION | L65: 0.3 | M65: =O60 -> 274500 | O65: =L65*M65 -> 82350
C66: UTILIDAD | L66: 0.05 | M66: =O60 -> 274500 | O66: =L66*M66 -> 13725
C67: SUBTOTAL $ | O67: =SUM(O65:O66) -> 96075
C69: Precio Unitario Total Aproximado al peso $ | O69: =ROUND(O60+O67,2) -> 370575
H72: Firma
H73: Nombre:
H74: Representante Legal del Contratista o su Apoderado
H75: Matricula No. :
C77: OBSERVACIONES INTERVENTORÍA
C79: APROBACIÓN POR INTERVENTORÍA
C80: Nota 1: Cuando se trate de Análisis de precios unitarios correspondientes a ítems de la propuesta económica aprobada, el Interventor aprueba el desglose de los componentes manteniendo el mismo precio unitario de cada ítem, cumpliendo con las especificaciones de construcción vigentes para el proyecto.
C82: Nota 2: Cuando se trate de Análisis de precios unitarios de ítems no previstos, el Interventor aprueba el desglose y precio unitario de cada ítem no previsto, exigiendo la aplicación de los costos correspondientes a insumos y tarifas de la propuesta económica inicial cuando estén contemplados, cumpliendo con las especificaciones de construcción vigente para el proyecto.
H85: Firma
H86: Nombre:
H87: Representante Legal del Interventor o su Apoderado
H88: Matricula No. :

Sheet ITEM DE PAGO 6,01
B1: Formulario 1 - Propuesta económica - Documento tipo de selección abreviada de menor cuantía
B2: Versión: 1 del 21 de agosto de 2025
C5: [La entidad podrá utilizar este formato para la presentación de los análisis de precios unitarios el contratista en la oportunidad prevista en el numeral 8.2. del Documento Base]
D8: ALCALDIA DE VILLA DEL ROSARIO
L9: VERSIÓN
D10: PROYECTO SALÓN COMUNAL GRAN COLOMBIA
L11: PÁGINA | M11: 1 | N11: DE | O11: 1
D13: ANALISIS DE PRECIOS UNITARIOS
L15: FECHA | M15: DD | N15: MM | O15: AA
C21: DATOS ESPECÍFICOS
C23: ITEM | D23: DESCRIPCIÓN | M23: UNIDAD | O23: CANTIDAD
C24: 6.01 | D24: =VLOOKUP(C24,'PRESUPUESTO OFICIAL (Entidad)'!$C$15:$I$106,5,FALSE()) -> SALIDA PARA TOMA REGULADO 110v | M24: =VLOOKUP(C24,'PRESUPUESTO OFICIAL (Entidad)'!$C$15:$I$106,6,FALSE()) -> UND | O24: =VLOOKUP(C24,'PRESUPUESTO OFICIAL (Entidad)'!$C$15:$I$106,7,FALSE()) -> 13
C25: I. EQUIPO
C28: DESCRIPCIÓN | H28: MARCA | J28: TIPO | L28: TARIFA/HORA | M28: RENDIMIENTO | O28: Vr. UNITARIO
C31: HERRAMIENTA MENOR 5% | M31: 0.05 | O31: =ROUND(O61*M31,0) -> 2759
C32: SUBTOTAL $ | O32: =SUM(O29:O31) -> 2759
C33: II. MATERIALES
C36: DESCRIPCIÓN | K36: UNIDAD | L36: CANTIDAD | M36: PRECIO UNIT. | O36: Vr. UNITARIO
C37: Curva 45 cxe condu1t 1/2" | K37: UND | L37: 2.06 | M37: 1508 | O37: =L37*M37 -> 3106.48
C38: Tomacorriente polo/tierra 15 APM | K38: UND | L38: 1.03 | M38: 23808 | O38: =L38*M38 -> 24522.24
C39: Tubo PVC Conduit de 1/2 " | K39: ML | L39: 8.25 | M39: 1500 | O39: =L39*M39 -> 12375
C40: Caja galvanizada | K40: UND | L40: 1.03 | M40: 2900 | O40: =L40*M40 -> 2987
C41: TERMINAL PVC 1/2" | K41: UND | L41: 2.06 | M41: 300 | O41: =L41*M41 -> 618
C42: Cable Aislado No 12 AWG Cobre THHN | K42: ML | L42: 17.51 | M42: 3250 | O42: =L42*M42 -> 56907.5
C43: Cable Aislado No 14 AWG Cobre THHN | K43: ML | L43: 17.51 | M43: 3250 | O43: =L43*M43 -> 56907.5
C45: SUBTOTAL $ | O45: =SUM(O37:O44) -> 157423.72
C46: III. TRANSPORTES
C49: MATERIAL | J49: VOL. o PESO | K49: DISTANCIA | L49: M3 o Ton/Km | M49: TARIFA | O49: Vr. UNITARIO
C52: SUBTOTAL $ | O52: =SUM(O50:O51) -> 0
C53: IV. MANO DE OBRA
C56: TRABAJADOR | J56: JORNAL | K56: PRESTACIONES | L56: JORNAL TOTAL | M56: RENDIMIENTO | O56: Vr. UNITARIO
C57: OFICIAL ESPECIALIZADO ELECTRICO | J57: 195313 | K57: 1.13 | L57: =J57*K57 -> 220703.69 | M57: 6.4 | O57: =IF(M57>0,L57/M57,0) -> 34484.952
C58: AYUDANTE ESPECIALIZADO ELECTRICO | J58: 117188 | K58: =+K57 -> 1.13 | L58: =J58*K58 -> 132422.44 | M58: 6.4 | O58: =IF(M58>0,L58/M58,0) -> 20691.006
C61: SUBTOTAL $ | O61: =SUM(O57:O60) -> 55175.958
C63: TOTAL COSTO DIRECTO $ | O63: =ROUND(O32+O45+O52+O61,0) -> 215359
C64: V. COSTOS INDIRECTOS
C67: Descripción | L67: Porcentaje | M67: Valor Total
C68: ADMINISTRACION | L68: 0.3 | M68: =O63 -> 215359 | O68: =ROUNDUP(L68*M68,0) -> 64608
C69: UTILIDAD | L69: 0.05 | M69: =O63 -> 215359 | O69: =ROUNDUP(L69*M69,0) -> 10768
C70: SUBTOTAL $ | O70: =SUM(O68:O69) -> 75376
C72: Precio Unitario Total Aproximado al peso $ | O72: =ROUND(O63+O70,2) -> 290735
H75: Firma
H76: Nombre:
H77: Representante Legal del Contratista o su Apoderado
H78: Matricula No. :
C80: OBSERVACIONES INTERVENTORÍA
C82: APROBACIÓN POR INTERVENTORÍA
C83: Nota 1: Cuando se trate de Análisis de precios unitarios correspondientes a ítems de la propuesta económica aprobada, el Interventor aprueba el desglose de los componentes manteniendo el mismo precio unitario de cada ítem, cumpliendo con las especificaciones de construcción vigentes para el proyecto.
C85: Nota 2: Cuando se trate de Análisis de precios unitarios de ítems no previstos, el Interventor aprueba el desglose y precio unitario de cada ítem no previsto, exigiendo la aplicación de los costos correspondientes a insumos y tarifas de la propuesta económica inicial cuando estén contemplados, cumpliendo con las especificaciones de construcción vigente para el proyecto.
H88: Firma
H89: Nombre:
H90: Representante Legal del Interventor o su Apoderado
H91: Matricula No. :

Sheet ITEM DE PAGO 6,02
B1: Formulario 1 - Propuesta económica - Documento tipo de selección abreviada de menor cuantía
B2: Versión: 1 del 21 de agosto de 2025
C5: [La entidad podrá utilizar este formato para la presentación de los análisis de precios unitarios el contratista en la oportunidad prevista en el numeral 8.2. del Documento Base]
D8: ALCALDIA DE VILLA DEL ROSARIO
L9: VERSIÓN
D10: PROYECTO SALÓN COMUNAL GRAN COLOMBIA
L11: PÁGINA | M11: 1 | N11: DE | O11: 1
D13: ANALISIS DE PRECIOS UNITARIOS
L15: FECHA | M15: DD | N15: MM | O15: AA
C21: DATOS ESPECÍFICOS
C23: ITEM | D23: DESCRIPCIÓN | M23: UNIDAD | O23: CANTIDAD
C24: 6.02 | D24: =VLOOKUP(C24,'PRESUPUESTO OFICIAL (Entidad)'!$C$15:$I$106,5,FALSE()) -> SALIDA PARA TOMA CORRIENTE AIRE ACONDICIONADO | M24: =VLOOKUP(C24,'PRESUPUESTO OFICIAL (Entidad)'!$C$15:$I$106,6,FALSE()) -> UND | O24: =VLOOKUP(C24,'PRESUPUESTO OFICIAL (Entidad)'!$C$15:$I$106,7,FALSE()) -> 4
C25: I. EQUIPO
C28: DESCRIPCIÓN | H28: MARCA | J28: TIPO | L28: TARIFA/HORA | M28: RENDIMIENTO | O28: Vr. UNITARIO
C31: HERRAMIENTA MENOR 5% | M31: 0.05 | O31: =O59*M31 -> 2758.7979
C32: SUBTOTAL $ | O32: =SUM(O29:O31) -> 2758.7979
C33: II. MATERIALES
C36: DESCRIPCIÓN | K36: UNIDAD | L36: CANTIDAD | M36: PRECIO UNIT. | O36: Vr. UNITARIO
C37: Tomacorriente industrial 220 V, 20 A (NEMA 6-20R o similar) | K37: UND | L37: 1 | M37: 40000 | O37: =L37*M37 -> 40000
C38: Breaker termomagnético 2x20 A (220 V)» | K38: UND | L38: 1 | M38: 48000 | O38: =L38*M38 -> 48000
C39: Tubo PVC Conduit de 1/2 " | K39: ML | L39: 10 | M39: 1500 | O39: =L39*M39 -> 15000
C40: Caja galvanizada | K40: UND | L40: 1.03 | M40: 2900 | O40: =L40*M40 -> 2987
C41: TERMINAL PVC 1/2" | K41: UND | L41: 2.06 | M41: 300 | O41: =L41*M41 -> 618
C42: Cable Aislado No 12 AWG Cobre THHN | K42: ML | L42: 30 | M42: 3250 | O42: =L42*M42 -> 97500
C43: SUBTOTAL $ | O43: =SUM(O37:O42) -> 204105
C44: III. TRANSPORTES
C47: MATERIAL | J47: VOL. o PESO | K47: DISTANCIA | L47: M3 o Ton/Km | M47: TARIFA | O47: Vr. UNITARIO
C50: SUBTOTAL $ | O50: =SUM(O48:O49) -> 0
C51: IV. MANO DE OBRA
C54: TRABAJADOR | J54: JORNAL | K54: PRESTACIONES | L54: JORNAL TOTAL | M54: RENDIMIENTO | O54: Vr. UNITARIO
C55: OFICIAL ESPECIALIZADO ELECTRICO | J55: 195313 | K55: 1.13 | L55: =J55*K55 -> 220703.69 | M55: 6.4 | O55: =IF(M55>0,L55/M55,0) -> 34484.952
C56: AYUDANTE ESPECIALIZADO ELECTRICO | J56: 117188 | K56: =+K55 -> 1.13 | L56: =J56*K56 -> 132422.44 | M56: 6.4 | O56: =IF(M56>0,L56/M56,0) -> 20691.006
C59: SUBTOTAL $ | O59: =SUM(O55:O58) -> 55175.958
C61: TOTAL COSTO DIRECTO $ | O61: =ROUND(O32+O43+O50+O59,0) -> 262040
C62: V. COSTOS INDIRECTOS
C65: Descripción | L65: Porcentaje | M65: Valor Total
C66: ADMINISTRACION | L66: 0.3 | M66: =O61 -> 262040 | O66: =L66*M66 -> 78612
C67: UTILIDAD | L67: 0.05 | M67: =O61 -> 262040 | O67: =L67*M67 -> 13102
C68: SUBTOTAL $ | O68: =SUM(O66:O67) -> 91714
C70: Precio Unitario Total Aproximado al peso $ | O70: =ROUND(O61+O68,2) -> 353754
H73: Firma
H74: Nombre:
H75: Representante Legal del Contratista o su Apoderado
H76: Matricula No. :
C78: OBSERVACIONES INTERVENTORÍA
C80: APROBACIÓN POR INTERVENTORÍA
C81: Nota 1: Cuando se trate de Análisis de precios unitarios correspondientes a ítems de la propuesta económica aprobada, el Interventor aprueba el desglose de los componentes manteniendo el mismo precio unitario de cada ítem, cumpliendo con las especificaciones de construcción vigentes para el proyecto.
C83: Nota 2: Cuando se trate de Análisis de precios unitarios de ítems no previstos, el Interventor aprueba el desglose y precio unitario de cada ítem no previsto, exigiendo la aplicación de los costos correspondientes a insumos y tarifas de la propuesta económica inicial cuando estén contemplados, cumpliendo con las especificaciones de construcción vigente para el proyecto.
H86: Firma
H87: Nombre:
H88: Representante Legal del Interventor o su Apoderado
H89: Matricula No. :

Sheet ITEM DE PAGO 6,03
B1: Formulario 1 - Propuesta económica - Documento tipo de selección abreviada de menor cuantía
B2: Versión: 1 del 21 de agosto de 2025
C5: [La entidad podrá utilizar este formato para la presentación de los análisis de precios unitarios el contratista en la oportunidad prevista en el numeral 8.2. del Documento Base]
D8: ALCALDIA DE VILLA DEL ROSARIO
L9: VERSIÓN
D10: PROYECTO SALÓN COMUNAL GRAN COLOMBIA
L11: PÁGINA | M11: 1 | N11: DE | O11: 1
D13: ANALISIS DE PRECIOS UNITARIOS
L15: FECHA | M15: DD | N15: MM | O15: AA
C21: DATOS ESPECÍFICOS
C23: ITEM | D23: DESCRIPCIÓN | M23: UNIDAD | O23: CANTIDAD
C24: 6.03 | D24: =VLOOKUP(C24,'PRESUPUESTO OFICIAL (Entidad)'!$C$15:$I$106,5,FALSE()) -> SUMINISTRO E INSTALACION TOMA CORRIENTE GFCI | M24: =VLOOKUP(C24,'PRESUPUESTO OFICIAL (Entidad)'!$C$15:$I$106,6,FALSE()) -> UND | O24: =VLOOKUP(C24,'PRESUPUESTO OFICIAL (Entidad)'!$C$15:$I$106,7,FALSE()) -> 3
C25: I. EQUIPO
C28: DESCRIPCIÓN | H28: MARCA | J28: TIPO | L28: TARIFA/HORA | M28: RENDIMIENTO | O28: Vr. UNITARIO
C31: HERRAMIENTA MENOR 5% | M31: 0.05 | O31: =O64*M31 -> 2758.7979
C32: SUBTOTAL $ | O32: =SUM(O29:O31) -> 2758.7979
C33: II. MATERIALES
C36: DESCRIPCIÓN | K36: UNIDAD | L36: CANTIDAD | M36: PRECIO UNIT. | O36: Vr. UNITARIO
C37: Suplemento | K37: UND | L37: 2.03 | M37: 10500 | O37: =L37*M37 -> 21315
C38: Tomacorriente polo/tierra 15 APM | K38: UND | L38: 1.03 | M38: 23808 | O38: =L38*M38 -> 24522.24
C39: Curva 45CxE conduit D= 3/4 | K39: UND | L39: 2.06 | M39: 612 | O39: =L39*M39 -> 1260.72
C40: Tubo PVC Conduit de 3/4 " | K40: ML | L40: 8.25 | M40: 2500 | O40: =L40*M40 -> 20625
C41: Caja galvanizada | K41: UND | L41: 1.03 | M41: 2900 | O41: =L41*M41 -> 2987
C42: TERMINAL PVC 3/4" | K42: UND | L42: 2.06 | M42: 4590 | O42: =L42*M42 -> 9455.4
C43: Alambre No 10 AWG THHN | K43: ML | L43: 17.5 | M43: 5400 | O43: =L43*M43 -> 94500
C44: Alambre No 14 AWG desnudo | K44: ML | L44: 9.27 | M44: 2340 | O44: =L44*M44 -> 21691.8
O45: =L45*M45 -> 0
O46: =L46*M46 -> 0
C48: SUBTOTAL $ | O48: =SUM(O37:O47) -> 196357.16
C49: III. TRANSPORTES
C52: MATERIAL | J52: VOL. o PESO | K52: DISTANCIA | L52: M3 o Ton/Km | M52: TARIFA | O52: Vr. UNITARIO
C55: SUBTOTAL $ | O55: =SUM(O53:O54) -> 0
C56: IV. MANO DE OBRA
C59: TRABAJADOR | J59: JORNAL | K59: PRESTACIONES | L59: JORNAL TOTAL | M59: RENDIMIENTO | O59: Vr. UNITARIO
C60: OFICIAL ESPECIALIZADO ELECTRICO | J60: 195313 | K60: 1.13 | L60: =J60*K60 -> 220703.69 | M60: 6.4 | O60: =IF(M60>0,L60/M60,0) -> 34484.952
C61: AYUDANTE ESPECIALIZADO ELECTRICO | J61: 117188 | K61: =+K60 -> 1.13 | L61: =J61*K61 -> 132422.44 | M61: 6.4 | O61: =IF(M61>0,L61/M61,0) -> 20691.006
C64: SUBTOTAL $ | O64: =SUM(O60:O63) -> 55175.958
C66: TOTAL COSTO DIRECTO $ | O66: =ROUND(O32+O48+O55+O64,0) -> 254292
C67: V. COSTOS INDIRECTOS
C70: Descripción | L70: Porcentaje | M70: Valor Total
C71: ADMINISTRACION | L71: 0.3 | M71: =O66 -> 254292 | O71: =ROUNDDOWN(L71*M71,0) -> 76287
C72: UTILIDAD | L72: 0.05 | M72: =O66 -> 254292 | O72: =ROUND(L72*M72,0) -> 12715
C73: SUBTOTAL $ | O73: =SUM(O71:O72) -> 89002
C75: Precio Unitario Total Aproximado al peso $ | O75: =ROUND(O66+O73,2) -> 343294
H78: Firma
H79: Nombre:
H80: Representante Legal del Contratista o su Apoderado
H81: Matricula No. :
C83: OBSERVACIONES INTERVENTORÍA
C85: APROBACIÓN POR INTERVENTORÍA
C86: Nota 1: Cuando se trate de Análisis de precios unitarios correspondientes a ítems de la propuesta económica aprobada, el Interventor aprueba el desglose de los componentes manteniendo el mismo precio unitario de cada ítem, cumpliendo con las especificaciones de construcción vigentes para el proyecto.
C88: Nota 2: Cuando se trate de Análisis de precios unitarios de ítems no previstos, el Interventor aprueba el desglose y precio unitario de cada ítem no previsto, exigiendo la aplicación de los costos correspondientes a insumos y tarifas de la propuesta económica inicial cuando estén contemplados, cumpliendo con las especificaciones de construcción vigente para el proyecto.
H91: Firma
H92: Nombre:
H93: Representante Legal del Interventor o su Apoderado
H94: Matricula No. :

Sheet ITEM DE PAGO 6,04
B1: Formulario 1 - Propuesta económica - Documento tipo de selección abreviada de menor cuantía
B2: Versión: 1 del 21 de agosto de 2025
C5: [La entidad podrá utilizar este formato para la presentación de los análisis de precios unitarios el contratista en la oportunidad prevista en el numeral 8.2. del Documento Base]
D8: ALCALDIA DE VILLA DEL ROSARIO
L9: VERSIÓN
D10: PROYECTO SALÓN COMUNAL GRAN COLOMBIA
L11: PÁGINA | M11: 1 | N11: DE | O11: 1
D13: ANALISIS DE PRECIOS UNITARIOS
L15: FECHA | M15: DD | N15: MM | O15: AA
C21: DATOS ESPECÍFICOS
C23: ITEM | D23: DESCRIPCIÓN | M23: UNIDAD | O23: CANTIDAD
C24: 6.04 | D24: =VLOOKUP(C24,'PRESUPUESTO OFICIAL (Entidad)'!$C$15:$I$106,5,FALSE()) -> SALIDA LUMINARIAS | M24: =VLOOKUP(C24,'PRESUPUESTO OFICIAL (Entidad)'!$C$15:$I$106,6,FALSE()) -> UND | O24: =VLOOKUP(C24,'PRESUPUESTO OFICIAL (Entidad)'!$C$15:$I$106,7,FALSE()) -> 22
C25: I. EQUIPO
C28: DESCRIPCIÓN | H28: MARCA | J28: TIPO | L28: TARIFA/HORA | M28: RENDIMIENTO | O28: Vr. UNITARIO
C31: HERRAMIENTA MENOR 5% | M31: 0.05 | O31: =O62*M31 -> 2207.0383
C32: SUBTOTAL $ | O32: =SUM(O29:O31) -> 2207.0383
C33: II. MATERIALES
C36: DESCRIPCIÓN | K36: UNIDAD | L36: CANTIDAD | M36: PRECIO UNIT. | O36: Vr. UNITARIO
C37: Curva 45 cxe condu1t 1/2" | K37: UND | L37: 2.06 | M37: 1508 | O37: =L37*M37 -> 3106.48
C38: Enchufe ET | K38: UND | L38: 2.06 | M38: 20210 | O38: =L38*M38 -> 41632.6
C39: Suplemento | K39: UND | L39: 2.09 | M39: 10500 | O39: =L39*M39 -> 21945
C40: Tomacorriente polo/tierra 15 APM | K40: UND | L40: 1.03 | M40: 23808 | O40: =L40*M40 -> 24522.24
C41: Tubo PVC Conduit de 1/2 " | K41: ML | L41: 5.16 | M41: 1500 | O41: =L41*M41 -> 7740
C42: Terminal PCV 1/2" | K42: UND | L42: 3.09 | M42: 500 | O42: =L42*M42 -> 1545
C43: Cable Aislado No 12 AWG Cobre THHN | K43: ML | L43: 11.33 | M43: 3250 | O43: =L43*M43 -> 36822.5
C44: Cable Aislado No 14 AWG Cobre THHN | K44: ML | L44: 6.18 | M44: 3250 | O44: =L44*M44 -> 20085
C45: Caja galvanizada | K45: UND | L45: 2.06 | M45: 2900 | O45: =L45*M45 -> 5974
C46: SUBTOTAL $ | O46: =SUM(O37:O45) -> 163372.82
C47: III. TRANSPORTES
C50: MATERIAL | J50: VOL. o PESO | K50: DISTANCIA | L50: M3 o Ton/Km | M50: TARIFA | O50: Vr. UNITARIO
C53: SUBTOTAL $ | O53: =SUM(O51:O52) -> 0
C54: IV. MANO DE OBRA
C57: TRABAJADOR | J57: JORNAL | K57: PRESTACIONES | L57: JORNAL TOTAL | M57: RENDIMIENTO | O57: Vr. UNITARIO
C58: OFICIAL ESPECIALIZADO ELECTRICO | J58: 195313 | K58: 1.13 | L58: =J58*K58 -> 220703.69 | M58: 8 | O58: =IF(M58>0,L58/M58,0) -> 27587.961
C59: AYUDANTE ESPECIALIZADO ELECTRICO | J59: 117188 | K59: =+K58 -> 1.13 | L59: =J59*K59 -> 132422.44 | M59: 8 | O59: =IF(M59>0,L59/M59,0) -> 16552.805
C62: SUBTOTAL $ | O62: =SUM(O58:O61) -> 44140.766
C64: TOTAL COSTO DIRECTO $ | O64: =ROUND(O32+O46+O53+O62,0) -> 209721
C65: V. COSTOS INDIRECTOS
C68: Descripción | L68: Porcentaje | M68: Valor Total
C69: ADMINISTRACION | L69: 0.3 | M69: =O64 -> 209721 | O69: =ROUND(L69*M69,0) -> 62916
C70: UTILIDAD | L70: 0.05 | M70: =O64 -> 209721 | O70: =ROUND(L70*M70,0) -> 10486
C71: SUBTOTAL $ | O71: =SUM(O69:O70) -> 73402
C73: Precio Unitario Total Aproximado al peso $ | O73: =ROUND(O64+O71,2) -> 283123
H76: Firma
H77: Nombre:
H78: Representante Legal del Contratista o su Apoderado
H79: Matricula No. :
C81: OBSERVACIONES INTERVENTORÍA
C83: APROBACIÓN POR INTERVENTORÍA
C84: Nota 1: Cuando se trate de Análisis de precios unitarios correspondientes a ítems de la propuesta económica aprobada, el Interventor aprueba el desglose de los componentes manteniendo el mismo precio unitario de cada ítem, cumpliendo con las especificaciones de construcción vigentes para el proyecto.
C86: Nota 2: Cuando se trate de Análisis de precios unitarios de ítems no previstos, el Interventor aprueba el desglose y precio unitario de cada ítem no previsto, exigiendo la aplicación de los costos correspondientes a insumos y tarifas de la propuesta económica inicial cuando estén contemplados, cumpliendo con las especificaciones de construcción vigente para el proyecto.
H89: Firma
H90: Nombre:
H91: Representante Legal del Interventor o su Apoderado
H92: Matricula No. :

Sheet ITEM DE PAGO 6,05
B1: Formulario 1 - Propuesta económica - Documento tipo de selección abreviada de menor cuantía
B2: Versión: 1 del 21 de agosto de 2025
C5: [La entidad podrá utilizar este formato para la presentación de los análisis de precios unitarios el contratista en la oportunidad prevista en el numeral 8.2. del Documento Base]
D8: ALCALDIA DE VILLA DEL ROSARIO
L9: VERSIÓN
D10: PROYECTO SALÓN COMUNAL GRAN COLOMBIA
L11: PÁGINA | M11: 1 | N11: DE | O11: 1
D13: ANALISIS DE PRECIOS UNITARIOS
L15: FECHA | M15: DD | N15: MM | O15: AA
C21: DATOS ESPECÍFICOS
C23: ITEM | D23: DESCRIPCIÓN | M23: UNIDAD | O23: CANTIDAD
C24: 6.05 | D24: =VLOOKUP(C24,'PRESUPUESTO OFICIAL (Entidad)'!$C$15:$I$106,5,FALSE()) -> SUMINISTRO E INSTALACION PANEL LED 30CM x 120CM 40W 3200 LM | M24: =VLOOKUP(C24,'PRESUPUESTO OFICIAL (Entidad)'!$C$15:$I$106,6,FALSE()) -> UND | O24: =VLOOKUP(C24,'PRESUPUESTO OFICIAL (Entidad)'!$C$15:$I$106,7,FALSE()) -> 12
C25: I. EQUIPO
C28: DESCRIPCIÓN | H28: MARCA | J28: TIPO | L28: TARIFA/HORA | M28: RENDIMIENTO | O28: Vr. UNITARIO
C31: HERRAMIENTA MENOR 5% | M31: 0.05 | O31: =O58*M31 -> 3531.2613
C32: SUBTOTAL $ | O32: =SUM(O29:O31) -> 3531.2613
C33: II. MATERIALES
C36: DESCRIPCIÓN | K36: UNIDAD | L36: CANTIDAD | M36: PRECIO UNIT. | O36: Vr. UNITARIO
C37: PANEL LED 30X120 CM 40W | K37: UND | L37: 180000 | M37: 1 | O37: =L37*M37 -> 180000
C42: SUBTOTAL $ | O42: =SUM(O37:O41) -> 180000
C43: III. TRANSPORTES
C46: MATERIAL | J46: VOL. o PESO | K46: DISTANCIA | L46: M3 o Ton/Km | M46: TARIFA | O46: Vr. UNITARIO
C49: SUBTOTAL $ | O49: =SUM(O47:O48) -> 0
C50: IV. MANO DE OBRA
C53: TRABAJADOR | J53: JORNAL | K53: PRESTACIONES | L53: JORNAL TOTAL | M53: RENDIMIENTO | O53: Vr. UNITARIO
C54: OFICIAL ESPECIALIZADO ELECTRICO | J54: 195313 | K54: 1.13 | L54: =J54*K54 -> 220703.69 | M54: 5 | O54: =IF(M54>0,L54/M54,0) -> 44140.738
C55: AYUDANTE ESPECIALIZADO ELECTRICO | J55: 117188 | K55: =+K54 -> 1.13 | L55: =J55*K55 -> 132422.44 | M55: 5 | O55: =IF(M55>0,L55/M55,0) -> 26484.488
C58: SUBTOTAL $ | O58: =SUM(O54:O57) -> 70625.226
C60: TOTAL COSTO DIRECTO $ | O60: =ROUND(O32+O42+O49+O58,0) -> 254156
C61: V. COSTOS INDIRECTOS
C64: Descripción | L64: Porcentaje | M64: Valor Total
C65: ADMINISTRACION | L65: 0.3 | M65: =O60 -> 254156 | O65: =ROUND(L65*M65,0) -> 76247
C66: UTILIDAD | L66: 0.05 | M66: =O60 -> 254156 | O66: =ROUND(L66*M66,0) -> 12708
C67: SUBTOTAL $ | O67: =SUM(O65:O66) -> 88955
C69: Precio Unitario Total Aproximado al peso $ | O69: =ROUND(O60+O67,2) -> 343111
H72: Firma
H73: Nombre:
H74: Representante Legal del Contratista o su Apoderado
H75: Matricula No. :
C77: OBSERVACIONES INTERVENTORÍA
C79: APROBACIÓN POR INTERVENTORÍA
C80: Nota 1: Cuando se trate de Análisis de precios unitarios correspondientes a ítems de la propuesta económica aprobada, el Interventor aprueba el desglose de los componentes manteniendo el mismo precio unitario de cada ítem, cumpliendo con las especificaciones de construcción vigentes para el proyecto.
C82: Nota 2: Cuando se trate de Análisis de precios unitarios de ítems no previstos, el Interventor aprueba el desglose y precio unitario de cada ítem no previsto, exigiendo la aplicación de los costos correspondientes a insumos y tarifas de la propuesta económica inicial cuando estén contemplados, cumpliendo con las especificaciones de construcción vigente para el proyecto.
H85: Firma
H86: Nombre:
H87: Representante Legal del Interventor o su Apoderado
H88: Matricula No. :

Sheet ITEM DE PAGO 6,06
B1: Formulario 1 - Propuesta económica - Documento tipo de selección abreviada de menor cuantía
B2: Versión: 1 del 21 de agosto de 2025
C5: [La entidad podrá utilizar este formato para la presentación de los análisis de precios unitarios el contratista en la oportunidad prevista en el numeral 8.2. del Documento Base]
D8: ALCALDIA DE VILLA DEL ROSARIO
L9: VERSIÓN
D10: PROYECTO SALÓN COMUNAL GRAN COLOMBIA
L11: PÁGINA | M11: 1 | N11: DE | O11: 1
D13: ANALISIS DE PRECIOS UNITARIOS
L15: FECHA | M15: DD | N15: MM | O15: AA
C21: DATOS ESPECÍFICOS
C23: ITEM | D23: DESCRIPCIÓN | M23: UNIDAD | O23: CANTIDAD
C24: 6.06 | D24: =VLOOKUP(C24,'PRESUPUESTO OFICIAL (Entidad)'!$C$15:$I$106,5,FALSE()) -> SUMINISTRO E INSTALACION PANEL LED 30CM x 30CM 24W | M24: =VLOOKUP(C24,'PRESUPUESTO OFICIAL (Entidad)'!$C$15:$I$106,6,FALSE()) -> UND | O24: =VLOOKUP(C24,'PRESUPUESTO OFICIAL (Entidad)'!$C$15:$I$106,7,FALSE()) -> 8
C25: I. EQUIPO
C28: DESCRIPCIÓN | H28: MARCA | J28: TIPO | L28: TARIFA/HORA | M28: RENDIMIENTO | O28: Vr. UNITARIO
C31: HERRAMIENTA MENOR 5% | M31: 0.05 | O31: =O58*M31 -> 3531.2613
C32: SUBTOTAL $ | O32: =SUM(O29:O31) -> 3531.2613
C33: II. MATERIALES
C36: DESCRIPCIÓN | K36: UNIDAD | L36: CANTIDAD | M36: PRECIO UNIT. | O36: Vr. UNITARIO
C37: PANLE LED 30X30 | K37: UND | L37: 1 | M37: 90000 | O37: =L37*M37 -> 90000
O38: =L38*M38 -> 0
O39: =L39*M39 -> 0
O40: =L40*M40 -> 0
C42: SUBTOTAL $ | O42: =SUM(O37:O41) -> 90000
C43: III. TRANSPORTES
C46: MATERIAL | J46: VOL. o PESO | K46: DISTANCIA | L46: M3 o Ton/Km | M46: TARIFA | O46: Vr. UNITARIO
C49: SUBTOTAL $ | O49: =SUM(O47:O48) -> 0
C50: IV. MANO DE OBRA
C53: TRABAJADOR | J53: JORNAL | K53: PRESTACIONES | L53: JORNAL TOTAL | M53: RENDIMIENTO | O53: Vr. UNITARIO
C54: OFICIAL ESPECIALIZADO ELECTRICO | J54: 195313 | K54: 1.13 | L54: =J54*K54 -> 220703.69 | M54: 5 | O54: =IF(M54>0,L54/M54,0) -> 44140.738
C55: AYUDANTE ESPECIALIZADO ELECTRICO | J55: 117188 | K55: =+K54 -> 1.13 | L55: =J55*K55 -> 132422.44 | M55: 5 | O55: =IF(M55>0,L55/M55,0) -> 26484.488
C58: SUBTOTAL $ | O58: =SUM(O54:O57) -> 70625.226
C60: TOTAL COSTO DIRECTO $ | O60: =ROUND(O32+O42+O49+O58,0) -> 164156
C61: V. COSTOS INDIRECTOS
C64: Descripción | L64: Porcentaje | M64: Valor Total
C65: ADMINISTRACION | L65: 0.3 | M65: =O60 -> 164156 | O65: =ROUND(L65*M65,0) -> 49247
C66: UTILIDAD | L66: 0.05 | M66: =O60 -> 164156 | O66: =ROUND(L66*M66,0) -> 8208
C67: SUBTOTAL $ | O67: =SUM(O65:O66) -> 57455
C69: Precio Unitario Total Aproximado al peso $ | O69: =ROUND(O60+O67,2) -> 221611
H72: Firma
H73: Nombre:
H74: Representante Legal del Contratista o su Apoderado
H75: Matricula No. :
C77: OBSERVACIONES INTERVENTORÍA
C79: APROBACIÓN POR INTERVENTORÍA
C80: Nota 1: Cuando se trate de Análisis de precios unitarios correspondientes a ítems de la propuesta económica aprobada, el Interventor aprueba el desglose de los componentes manteniendo el mismo precio unitario de cada ítem, cumpliendo con las especificaciones de construcción vigentes para el proyecto.
C82: Nota 2: Cuando se trate de Análisis de precios unitarios de ítems no previstos, el Interventor aprueba el desglose y precio unitario de cada ítem no previsto, exigiendo la aplicación de los costos correspondientes a insumos y tarifas de la propuesta económica inicial cuando estén contemplados, cumpliendo con las especificaciones de construcción vigente para el proyecto.
H85: Firma
H86: Nombre:
H87: Representante Legal del Interventor o su Apoderado
H88: Matricula No. :

Sheet ITEM DE PAGO 6,07
B1: Formulario 1 - Propuesta económica - Documento tipo de selección abreviada de menor cuantía
B2: Versión: 1 del 21 de agosto de 2025
C5: [La entidad podrá utilizar este formato para la presentación de los análisis de precios unitarios el contratista en la oportunidad prevista en el numeral 8.2. del Documento Base]
D8: ALCALDIA DE VILLA DEL ROSARIO
L9: VERSIÓN
D10: PROYECTO SALÓN COMUNAL GRAN COLOMBIA
L11: PÁGINA | M11: 1 | N11: DE | O11: 1
D13: ANALISIS DE PRECIOS UNITARIOS
